Workbook

Sheet Hoja1
A1: Localización | B1: EEUU | D1: =VLOOKUP(B1,'Tablas de Selección'!C9:D11,2,0) -> EEUU | J1: La lista que aparecerá en cada menú dependerá de las opciones seleccionadas en los menús anteriores
A2: Servicio Militar | B2: Infante de marina | D2: =VLOOKUP(B2,'Tablas de Selección'!C14:D38,2,0) -> Infante de marina
A3: Agencia | B3: Oficina Federal de Investigación (FBI) | D3: =VLOOKUP(B3,'Tablas de Selección'!C41:D55,2,0) -> Oficina Federal de Investigación (FBI) | J3: Seleccionar la opción deseada en cada menú y pulsar F9 antes de seleccionar la del siguiente menú
A4: Trasfondo | B4: Agente especial del FBI | D4: =VLOOKUP(B4,'Tablas de Selección'!C103:D164,2,0) -> Agente especial del FBI
A5: Vinculos | B5: Random | D5: =VLOOKUP(B5,'Tablas de Selección'!$C$2:$F$5,2,0) -> 1 | J5: Se pueden seleccionar en cualquier momento y se aplicaran al generar el siguiente Agente
A6: Perfil | B6: Random | D6: =VLOOKUP(B6,'Tablas de Selección'!$C$167:$D$172,2,0) -> Mañoso
A7: Puntos de Construcción para Investigación | B7: 20 | D7: =B7+'Tablas de Selección'!E2 -> 24 | J7: Pulsar F9 para Generar el nuevo Agente
A8: Puntos de Construcción Capacidades Generales | B8: 65 | D8: =B8+'Tablas de Selección'!F2 -> 65
A9: Motivación | B9: Random | D9: =VLOOKUP(B9,'Tablas de Selección'!$C$175:$D$183,2,0) -> Venganza
A10: Revelación | B10: Random | D10: =VLOOKUP(B10,'Tablas de Selección'!$C$187:$D$192,2,0) -> Cosas que la humanidad no debería saber
A11: Estabilidad Max | B11: 15
A12: Cordura Max | B12: 15
A13: Salud Max | B13: 15
A14: Estabilidad Min | B14: 8
A15: Cordura Min | B15: 8
A16: Salud Min | B16: 8
A17: Generar Nombre Aleatorio | B17: Si
A18: Genero | B18: Masculino | D18: =IF(D2="Capellan","Masculino",IF(D2="Capellan en servicio activo","Masculino",VLOOKUP(B18,'Tablas de Selección'!$C$196:$D$198,2,0))) -> Masculino
D21: DETALLES DEL AGENTE | U21: VINCULOS
D22: Nombre del Jugador: | L22: Hoja de Servicio | U22: Vinculos | W22: Vinculos en Delta Green
D23: Nombre del Agente: | K23: =IF(B17="Si",IF(D18="Masculino",Hoja3!C1&" "&Hoja3!H1,Hoja3!D1&" "&Hoja3!H1),"") -> Preston Howard | L23: Servicio militar: | T23: =IF(K27="Servicio activo",'Rango Militar'!B23,D2) -> Infante de marina | V23: =IF(D5>0,MAX(N45,N56,N60,N50)+1,"") -> 2
D24: Edad y fecha de nac: | L24: Entrenamiento Especial (Habilidad): | V24: =IF(D5>1,MAX(N45,N56,N60,N50)+1,"")
D25: Nacionalidad: | L25: Entrenamiento Especial (Arma): | V25: =IF(D5>2,MAX(N45,N56,N60,N50)+1,"")
D26: Rama/Departamento: | K26: =D3 -> Oficina Federal de Investigación (FBI) | L26: Hipergeometría | V26: =IF(D5>3,MAX(N45,N56,N60,N50)+1,"")
D27: Profesión/Rango: | K27: =D4 -> Agente especial del FBI | L27: Potencial: | Q27: Valor: | U27: CONTACTOS
D28: Educación: | L28: Adaptado a: | U28: Nombre | W28: Notas
D29: Motivación: | K29: =D9 -> Venganza | L29: Violencia | N29: =IF(Revelación!$C$71=3,"X","") | O29: =IF(Revelación!$C$71=3,"X","") | P29: =IF(Revelación!$C$71=3,"X","") | Q29: Impotencia | R29: =IF(Revelación!$C$72=3,"X","") | S29: =IF(Revelación!$C$72=3,"X","") | T29: =IF(Revelación!$C$72=3,"X","")
D30: HOJA DE REGISTRO | H30: HOJA DE SERVICIO/BIOGRAFÍA
D31: DEL AGENTE
H35: EVENTO INCITADOR: | J35: =IF(D10="Ninguna","",D10) -> Cosas que la humanidad no debería saber
D37: Habilidades Generales | H37: ESTABILIDAD | K37: =VLOOKUP(H37,'H Generales'!$E$5:$Z$27,22,0) -> 8 | L37: CORDURA | P37: =VLOOKUP(L37,'H Generales'!$E$5:$Z$27,22,0) -> 7 | Q37: SALUD | T37: =VLOOKUP(Q37,'H Generales'!$E$5:$Z$27,22,0) -> 8 | U37: Reserva de Contactos sin gastar: | X37: =VLOOKUP("Contactos",'H Generales'!$E$5:$Z$27,22,0) -> 2
D38: Armas cuerpo a cuerpo | E38: =VLOOKUP(D38,'H Generales'!$E$5:$Z$27,22,0) -> 2 | U38: TASTORNOS
D39: Armas de fuego | E39: =VLOOKUP(D39,'H Generales'!$E$5:$Z$27,22,0) -> 7 | X39: Dif+
D40: Armas pesadas | E40: =VLOOKUP(D40,'H Generales'!$E$5:$Z$27,22,0) -> 1 | U40: =IF(Revelación!C74=0,"",Revelación!C74) -> Pesadillas | X40: =IF(U40<>"",4,"") -> 4
D41: Atletismo | E41: =VLOOKUP(D41,'H Generales'!$E$5:$Z$27,22,0) -> 8
D42: Birlar | E42: =VLOOKUP(D42,'H Generales'!$E$5:$Z$27,22,0)
D43: Burocracia | E43: =VLOOKUP(D43,'H Generales'!$E$5:$Z$27,22,0) -> 8 | H43: CAPACIDADES DE INVESTIGACIÓN
D44: Combate sin armas | E44: =VLOOKUP(D44,'H Generales'!$E$5:$Z$27,22,0) -> 6 | H44: Capacidades Académicas | L44: Capacidades Interpersonales | Q44: Capacidades Técnicas
D45: Conducir | E45: =VLOOKUP(D45,'H Generales'!$E$5:$Z$27,22,0) -> 7 | H45: Antropología | J45: =VLOOKUP(H45,'H Investigación'!$C$3:$K$44,9,0) -> 1 | L45: Adulación | N45: =VLOOKUP(L45,'H Investigación'!$C$3:$K$44,9,0) -> 0 | Q45: Análisis de tráfico | R45: =VLOOKUP(Q45,'H Investigación'!$C$3:$K$44,9,0) -> 0 | U45: EQUIPO/ARMAS
H46: Arqueología | J46: =VLOOKUP(H46,'H Investigación'!$C$3:$K$44,9,0) -> 0 | L46: Agencia | N46: =VLOOKUP(L46,'H Investigación'!$C$3:$K$44,9,0) -> 3 | Q46: Arquitectura | R46: =VLOOKUP(Q46,'H Investigación'!$C$3:$K$44,9,0) -> 0
H47: Astronomía | J47: =VLOOKUP(H47,'H Investigación'!$C$3:$K$44,9,0) -> 0 | Q47: Arte | R47: =VLOOKUP(Q47,'H Investigación'!$C$3:$K$44,9,0) -> 2
D48: Demoliciones | E48: =VLOOKUP(D48,'H Generales'!$E$5:$Z$27,22,0) | H48: Biología | J48: =VLOOKUP(H48,'H Investigación'!$C$3:$K$44,9,0) -> 1
D49: Disfraz | E49: =VLOOKUP(D49,'H Generales'!$E$5:$Z$27,22,0) | H49: Ciencia militar | J49: =VLOOKUP(H49,'H Investigación'!$C$3:$K$44,9,0) -> 1 | L49: Bajos fondos | N49: =VLOOKUP(L49,'H Investigación'!$C$3:$K$44,9,0) -> 0
D50: Mecánica | E50: =VLOOKUP(D50,'H Generales'!$E$5:$Z$27,22,0) | H50: Ciencias Ocultas | J50: =VLOOKUP(H50,'H Investigación'!$C$3:$K$44,9,0) -> 0 | L50: Confortar | N50: =VLOOKUP(L50,'H Investigación'!$C$3:$K$44,9,0) -> 0 | Q50: Ciencia alternativa | R50: =VLOOKUP(Q50,'H Investigación'!$C$3:$K$44,9,0) -> 1
D51: Montar | E51: =VLOOKUP(D51,'H Generales'!$E$5:$Z$27,22,0) -> 1 | H51: Contabilidad | J51: =VLOOKUP(H51,'H Investigación'!$C$3:$K$44,9,0) -> 2 | L51: Espionaje | N51: =VLOOKUP(L51,'H Investigación'!$C$3:$K$44,9,0) -> 0 | Q51: Criptografía | R51: =VLOOKUP(Q51,'H Investigación'!$C$3:$K$44,9,0) -> 0
D52: Ocultar | E52: =VLOOKUP(D52,'H Generales'!$E$5:$Z$27,22,0) -> 4 | H52: Criminología | J52: =VLOOKUP(H52,'H Investigación'!$C$3:$K$44,9,0) -> 2 | Q52: Farmacología | R52: =VLOOKUP(Q52,'H Investigación'!$C$3:$K$44,9,0) -> 0
D53: Pilotar | E53: =VLOOKUP(D53,'H Generales'!$E$5:$Z$27,22,0) | H53: Derecho | J53: =VLOOKUP(H53,'H Investigación'!$C$3:$K$44,9,0) -> 2 | Q53: Física | R53: =VLOOKUP(Q53,'H Investigación'!$C$3:$K$44,9,0) -> 0
H54: Historia | J54: =VLOOKUP(H54,'H Investigación'!$C$3:$K$44,9,0) -> 0 | Q54: Fotografía | R54: =VLOOKUP(Q54,'H Investigación'!$C$3:$K$44,9,0) -> 0
H55: Lengua Extranjera | J55: =VLOOKUP(H55,'H Investigación'!$C$3:$K$44,9,0) -> 0 | L55: HUMINT | N55: =VLOOKUP(L55,'H Investigación'!$C$3:$K$44,9,0) -> 1 | Q55: Medicina forense | R55: =VLOOKUP(Q55,'H Investigación'!$C$3:$K$44,9,0) -> 1
D56: Preparación | E56: =VLOOKUP(D56,'H Generales'!$E$5:$Z$27,22,0) | L56: Inspiración | N56: =VLOOKUP(L56,'H Investigación'!$C$3:$K$44,9,0) -> 1 | Q56: Observación | R56: =VLOOKUP(Q56,'H Investigación'!$C$3:$K$44,9,0) -> 1
D57: Primeros auxilios | E57: =VLOOKUP(D57,'H Generales'!$E$5:$Z$27,22,0) -> 1 | L57: Interrogatorio | N57: =VLOOKUP(L57,'H Investigación'!$C$3:$K$44,9,0) -> 2 | Q57: Química | R57: =VLOOKUP(Q57,'H Investigación'!$C$3:$K$44,9,0) -> 0
D58: Psicoterapia | E58: =VLOOKUP(D58,'H Generales'!$E$5:$Z$27,22,0) | L58: Intimidación | N58: =VLOOKUP(L58,'H Investigación'!$C$3:$K$44,9,0) -> 3 | Q58: Recuperación de datos | R58: =VLOOKUP(Q58,'H Investigación'!$C$3:$K$44,9,0) -> 1
D59: Sentir el peligro | E59: =VLOOKUP(D59,'H Generales'!$E$5:$Z$27,22,0) -> 11 | H59: Lo antinatural | J59: =VLOOKUP(H59,'H Investigación'!$C$3:$K$44,9,0) -> 1 | L59: Jerga policial | N59: =VLOOKUP(L59,'H Investigación'!$C$3:$K$44,9,0) -> 0 | Q59: SIGINT | R59: =VLOOKUP(Q59,'H Investigación'!$C$3:$K$44,9,0) -> 0
D60: Sigilo | E60: =VLOOKUP(D60,'H Generales'!$E$5:$Z$27,22,0) -> 6 | H60: Medicina | J60: =VLOOKUP(H60,'H Investigación'!$C$3:$K$44,9,0) -> 0 | L60: Negociar | N60: =VLOOKUP(L60,'H Investigación'!$C$3:$K$44,9,0) -> 0 | Q60: Supervivencia | R60: =VLOOKUP(Q60,'H Investigación'!$C$3:$K$44,9,0) -> 1
D62: Total H Generales | E62: =SUM(E38:E60,K37,P37,T37) -> 85 | Q62: Total Investigación | R62: =SUM(J45:J60,N45:N60,R45:R60) -> 27

Sheet Hoja2
M3: Nombre del Jugador: | S3: Hoja de Servicio
M4: Nombre del Agente: | S4: Servicio militar:
M5: Edad y fecha de nac: | S5: Entrenamiento Especial (Habilidad):
H6: 0 | M6: Nacionalidad: | S6: Entrenamiento Especial (Arma):
F7: 1 | G7: 2 | H7: 3 | M7: Rama/Departamento: | S7: Hipergeometría
F8: 4 | G8: 5 | H8: 6 | M8: Profesión/Rango: | S8: Potencial: | W8: Valor:
F9: 7 | G9: 8 | H9: 9 | M9: Educación: | S9: Adaptado a:
F10: 10 | G10: 11 | H10: 12 | M10: Motivación: | S10: Violencia | W10: Impotencia
F11: 13 | G11: 14 | H11: 15
F14: 14 | G14: 13 | H14: 12
F15: 11 | G15: 10 | H15: 9
F16: 8 | G16: 7 | H16: 6
F17: 5 | G17: 4 | H17: 3
F18: 2 | G18: 1 | H18: 0
A20: Estabilidad | F20: Salud
A21: -12 | B21: -11 | C21: -10 | D21: -9 | F21: -12 | G21: -11 | H21: -10 | I21: -9
A22: -8 | B22: -7 | C22: -6 | D22: -5 | F22: -8 | G22: -7 | H22: -6 | I22: -5
A23: -4 | B23: -3 | C23: -2 | D23: -1 | F23: -4 | G23: -3 | H23: -2 | I23: -1
A24: 0 | B24: 1 | C24: 2 | D24: 3 | F24: 0 | G24: 1 | H24: 2 | I24: 3
A25: 4 | B25: 5 | C25: 6 | D25: 7 | F25: 4 | G25: 5 | H25: 6 | I25: 7
A26: 8 | B26: 9 | C26: 10 | D26: 11 | F26: 8 | G26: 9 | H26: 10 | I26: 11
A27: 12 | B27: 13 | C27: 14 | D27: 15 | F27: 12 | G27: 13 | H27: 14 | I27: 15

Sheet Tablas de Selección
E1: ptos Investigacion | F1: ptos Generales
C2: Random | D2: =RANDBETWEEN(1,3) -> 1 | E2: =VLOOKUP(D2,D3:F5,2,0) -> 4 | F2: =VLOOKUP(D2,D3:F5,3,0) -> 0
C3: 1 | D3: 1 | E3: =RANDBETWEEN(0,4) -> 4 | F3: =(4-E3)*3 -> 0
C4: 2 | D4: 2 | E4: =RANDBETWEEN(0,2) -> 1 | F4: =(2-E4)*3 -> 3
C5: 3 | D5: 3 | E5: 0 | F5: 0
C9: Random | D9: =IF(RANDBETWEEN(1,2)=1,"EEUU","MUNDO") -> EEUU
C10: EEUU | D10: EEUU
C11: MUNDO | D11: MUNDO
C14: Random | D14: =VLOOKUP(RANDBETWEEN(1,23),B15:D37,3,0) -> Psiquiatra
B15: 1 | C15: Sin servicio | D15: Sin servicio
B16: 2 | C16: Alistamiento en tiemposde paz | D16: Alistamiento en tiemposde paz
B17: 3 | C17: Capellan | D17: Capellan
A18: 1 | B18: 4 | C18: Capellan en servicio activo | D18: Capellan en servicio activo | E18: 1
B19: 5 | C19: Médico | D19: Médico
A20: 1 | B20: 6 | C20: Médico en servicio activo | D20: Médico en servicio activo | E20: 1
A21: 1 | B21: 7 | C21: Cuerpo médico del ejército | D21: Cuerpo médico del ejército | E21: 1
A22: 1 | B22: 8 | C22: Psiquiatra | D22: Psiquiatra | E22: 1
B23: 9 | C23: Marinero | D23: Marinero
A24: 1 | B24: 10 | C24: Marinero en servicio activo | D24: Marinero en servicio activo | E24: 1
B25: 11 | C25: Piloto | D25: Piloto
A26: 1 | B26: 12 | C26: Piloto en servicio activo | D26: Piloto en servicio activo | E26: 1
B27: 13 | C27: Guardia costera | D27: Guardia costera
A28: 1 | B28: 14 | C28: Guardia costera en servicio activo | D28: Guardia costera en servicio activo | E28: 1
A29: 1 | B29: 15 | C29: Operador en USAFSS Big Eye | D29: Operador en USAFSS Big Eye | E29: 1
B30: 16 | C30: Soldado | D30: Soldado
A31: 1 | B31: 17 | C31: Soldado en servicio activo | D31: Soldado en servicio activo | E31: 1
B32: 18 | C32: Infante de marina | D32: Infante de marina
A33: 1 | B33: 19 | C33: Infante de marina en servicio activo | D33: Infante de marina en servicio activo | E33: 1
B34: 20 | C34: Grupo de Operaciones Psicológicas (Ejercito de los EEUU) | D34: Grupo de Operaciones Psicológicas (Ejercito de los EEUU)
A35: 1 | B35: 21 | C35: Grupo de Operaciones Psicológicas en servicio activo (Ejercito de los EEUU) | D35: Grupo de Operaciones Psicológicas en servicio activo (Ejercito de los EEUU) | E35: 1
B36: 22 | C36: Especialista en Inteligencia Urbana de USAIC | D36: Especialista en Inteligencia Urbana de USAIC
A37: 1 | B37: 23 | C37: Fuerzas especiales | D37: ='Rango Militar'!T24 -> SEAL | E37: 1
C41: Random | D41: =IFERROR(VLOOKUP(RANDBETWEEN(1,MAX(B42:B100)),B42:D100,3,0),"") -> Agencia de Seguridad Nacional (NSA)
A42: 1 | B42: =IF(C42<>"",A42,"") -> 1 | C42: ='Tabla de posibilidad Pos Ag'!C34 -> Agencia de proyectos de investigación avanzada (ARPA) | D42: ='Tabla de posibilidad Pos Ag'!C34 -> Agencia de proyectos de investigación avanzada (ARPA)
A43: 2 | B43: =IF(C43="","",IF(C43=C42,B42,B42+1)) -> 2 | C43: ='Tabla de posibilidad Pos Ag'!D34 -> Comisión dela Energía Atómica (AEC) | D43: ='Tabla de posibilidad Pos Ag'!D34 -> Comisión dela Energía Atómica (AEC)
A44: 3 | B44: =IF(C44="","",IF(C44=C43,B43,B43+1)) -> 3 | C44: ='Tabla de posibilidad Pos Ag'!E34 -> Agencia Central de Inteligencia (CIA) | D44: ='Tabla de posibilidad Pos Ag'!E34 -> Agencia Central de Inteligencia (CIA)
A45: 4 | B45: =IF(C45="","",IF(C45=C44,B44,B44+1)) -> 3 | C45: ='Tabla de posibilidad Pos Ag'!F34 -> Agencia Central de Inteligencia (CIA) | D45: ='Tabla de posibilidad Pos Ag'!F34 -> Agencia Central de Inteligencia (CIA)
A46: 5 | B46: =IF(C46="","",IF(C46=C45,B45,B45+1)) -> 3 | C46: ='Tabla de posibilidad Pos Ag'!G34 -> Agencia Central de Inteligencia (CIA) | D46: ='Tabla de posibilidad Pos Ag'!G34 -> Agencia Central de Inteligencia (CIA)
A47: 6 | B47: =IF(C47="","",IF(C47=C46,B46,B46+1)) -> 3 | C47: ='Tabla de posibilidad Pos Ag'!H34 -> Agencia Central de Inteligencia (CIA) | D47: ='Tabla de posibilidad Pos Ag'!H34 -> Agencia Central de Inteligencia (CIA)
A48: 7 | B48: =IF(C48="","",IF(C48=C47,B47,B47+1)) -> 3 | C48: ='Tabla de posibilidad Pos Ag'!I34 -> Agencia Central de Inteligencia (CIA) | D48: ='Tabla de posibilidad Pos Ag'!I34 -> Agencia Central de Inteligencia (CIA)
A49: 8 | B49: =IF(C49="","",IF(C49=C48,B48,B48+1)) -> 3 | C49: ='Tabla de posibilidad Pos Ag'!J34 -> Agencia Central de Inteligencia (CIA) | D49: ='Tabla de posibilidad Pos Ag'!J34 -> Agencia Central de Inteligencia (CIA)
A50: 9 | B50: =IF(C50="","",IF(C50=C49,B49,B49+1)) -> 3 | C50: ='Tabla de posibilidad Pos Ag'!K34 -> Agencia Central de Inteligencia (CIA) | D50: ='Tabla de posibilidad Pos Ag'!K34 -> Agencia Central de Inteligencia (CIA)
A51: 10 | B51: =IF(C51="","",IF(C51=C50,B50,B50+1)) -> 4 | C51: ='Tabla de posibilidad Pos Ag'!L34 -> Centro de Enfermedades Contagiosas (CDC) | D51: ='Tabla de posibilidad Pos Ag'!L34 -> Centro de Enfermedades Contagiosas (CDC)
A52: 11 | B52: =IF(C52="","",IF(C52=C51,B51,B51+1)) -> 5 | C52: ='Tabla de posibilidad Pos Ag'!M34 -> Agenciade Inteligencia de Defensa (DIA) | D52: ='Tabla de posibilidad Pos Ag'!M34 -> Agenciade Inteligencia de Defensa (DIA)
A53: 12 | B53: =IF(C53="","",IF(C53=C52,B52,B52+1)) -> 5 | C53: ='Tabla de posibilidad Pos Ag'!N34 -> Agenciade Inteligencia de Defensa (DIA) | D53: ='Tabla de posibilidad Pos Ag'!N34 -> Agenciade Inteligencia de Defensa (DIA)
A54: 13 | B54: =IF(C54="","",IF(C54=C53,B53,B53+1)) -> 6 | C54: ='Tabla de posibilidad Pos Ag'!O34 -> División de Investigación de Defensa (DRD), Biblioteca del Congreso (LoC) | D54: ='Tabla de posibilidad Pos Ag'!O34 -> División de Investigación de Defensa (DRD), Biblioteca del Congreso (LoC)
A55: 14 | B55: =IF(C55="","",IF(C55=C54,B54,B54+1)) -> 7 | C55: ='Tabla de posibilidad Pos Ag'!P34 -> Oficina Federal de Investigación (FBI) | D55: ='Tabla de posibilidad Pos Ag'!P34 -> Oficina Federal de Investigación (FBI)
A56: 15 | B56: =IF(C56="","",IF(C56=C55,B55,B55+1)) -> 7 | C56: ='Tabla de posibilidad Pos Ag'!Q34 -> Oficina Federal de Investigación (FBI) | D56: ='Tabla de posibilidad Pos Ag'!Q34 -> Oficina Federal de Investigación (FBI)
A57: 16 | B57: =IF(C57="","",IF(C57=C56,B56,B56+1)) -> 7 | C57: ='Tabla de posibilidad Pos Ag'!R34 -> Oficina Federal de Investigación (FBI) | D57: ='Tabla de posibilidad Pos Ag'!R34 -> Oficina Federal de Investigación (FBI)
A58: 17 | B58: =IF(C58="","",IF(C58=C57,B57,B57+1)) -> 7 | C58: ='Tabla de posibilidad Pos Ag'!S34 -> Oficina Federal de Investigación (FBI) | D58: ='Tabla de posibilidad Pos Ag'!S34 -> Oficina Federal de Investigación (FBI)
A59: 18 | B59: =IF(C59="","",IF(C59=C58,B58,B58+1)) -> 7 | C59: ='Tabla de posibilidad Pos Ag'!T34 -> Oficina Federal de Investigación (FBI) | D59: ='Tabla de posibilidad Pos Ag'!T34 -> Oficina Federal de Investigación (FBI)
A60: 19 | B60: =IF(C60="","",IF(C60=C59,B59,B59+1)) -> 8 | C60: ='Tabla de posibilidad Pos Ag'!U34 -> Oficina Federal de Narcóticos (FBN) | D60: ='Tabla de posibilidad Pos Ag'!U34 -> Oficina Federal de Narcóticos (FBN)
A61: 20 | B61: =IF(C61="","",IF(C61=C60,B60,B60+1)) -> 9 | C61: ='Tabla de posibilidad Pos Ag'!V34 -> Administración Nacional del Aire y del Espacio (NASA) | D61: ='Tabla de posibilidad Pos Ag'!V34 -> Administración Nacional del Aire y del Espacio (NASA)
A62: 21 | B62: =IF(C62="","",IF(C62=C61,B61,B61+1)) -> 10 | C62: ='Tabla de posibilidad Pos Ag'!W34 -> Oficina Nacional de Reconocimiento (NRO) | D62: ='Tabla de posibilidad Pos Ag'!W34 -> Oficina Nacional de Reconocimiento (NRO)
A63: 22 | B63: =IF(C63="","",IF(C63=C62,B62,B62+1)) -> 11 | C63: ='Tabla de posibilidad Pos Ag'!X34 -> Agencia de Seguridad Nacional (NSA) | D63: ='Tabla de posibilidad Pos Ag'!X34 -> Agencia de Seguridad Nacional (NSA)
A64: 23 | B64: =IF(C64="","",IF(C64=C63,B63,B63+1)) -> 11 | C64: ='Tabla de posibilidad Pos Ag'!Y34 -> Agencia de Seguridad Nacional (NSA) | D64: ='Tabla de posibilidad Pos Ag'!Y34 -> Agencia de Seguridad Nacional (NSA)
A65: 24 | B65: =IF(C65="","",IF(C65=C64,B64,B64+1)) -> 12 | C65: ='Tabla de posibilidad Pos Ag'!Z34 -> Departamento de Estado | D65: ='Tabla de posibilidad Pos Ag'!Z34 -> Departamento de Estado
A66: 25 | B66: =IF(C66="","",IF(C66=C65,B65,B65+1)) -> 12 | C66: ='Tabla de posibilidad Pos Ag'!AA34 -> Departamento de Estado | D66: ='Tabla de posibilidad Pos Ag'!AA34 -> Departamento de Estado
A67: 26 | B67: =IF(C67="","",IF(C67=C66,B66,B66+1)) -> 12 | C67: ='Tabla de posibilidad Pos Ag'!AB34 -> Departamento de Estado | D67: ='Tabla de posibilidad Pos Ag'!AB34 -> Departamento de Estado
A68: 27 | B68: =IF(C68="","",IF(C68=C67,B67,B67+1)) -> 13 | C68: ='Tabla de posibilidad Pos Ag'!AC34 -> Servicio de Marshals de los Estados Unidos | D68: ='Tabla de posibilidad Pos Ag'!AC34 -> Servicio de Marshals de los Estados Unidos
A69: 28 | B69: =IF(C69="","",IF(C69=C68,B68,B68+1)) -> 14 | C69: ='Tabla de posibilidad Pos Ag'!AD34 -> No Gubernamental | D69: ='Tabla de posibilidad Pos Ag'!AD34 -> No Gubernamental
A70: 29 | B70: =IF(C70="","",IF(C70=C69,B69,B69+1)) -> 14 | C70: ='Tabla de posibilidad Pos Ag'!AE34 -> No Gubernamental | D70: ='Tabla de posibilidad Pos Ag'!AE34 -> No Gubernamental
A71: 30 | B71: =IF(C71="","",IF(C71=C70,B70,B70+1)) -> 14 | C71: ='Tabla de posibilidad Pos Ag'!AF34 -> No Gubernamental | D71: ='Tabla de posibilidad Pos Ag'!AF34 -> No Gubernamental
A72: 31 | B72: =IF(C72="","",IF(C72=C71,B71,B71+1)) -> 14 | C72: ='Tabla de posibilidad Pos Ag'!AG34 -> No Gubernamental | D72: ='Tabla de posibilidad Pos Ag'!AG34 -> No Gubernamental
A73: 32 | B73: =IF(C73="","",IF(C73=C72,B72,B72+1)) -> 14 | C73: ='Tabla de posibilidad Pos Ag'!AH34 -> No Gubernamental | D73: ='Tabla de posibilidad Pos Ag'!AH34 -> No Gubernamental
A74: 33 | B74: =IF(C74="","",IF(C74=C73,B73,B73+1)) -> 14 | C74: ='Tabla de posibilidad Pos Ag'!AI34 -> No Gubernamental | D74: ='Tabla de posibilidad Pos Ag'!AI34 -> No Gubernamental
A75: 34 | B75: =IF(C75="","",IF(C75=C74,B74,B74+1)) -> 14 | C75: ='Tabla de posibilidad Pos Ag'!AJ34 -> No Gubernamental | D75: ='Tabla de posibilidad Pos Ag'!AJ34 -> No Gubernamental
A76: 35 | B76: =IF(C76="","",IF(C76=C75,B75,B75+1)) -> 14 | C76: ='Tabla de posibilidad Pos Ag'!AK34 -> No Gubernamental | D76: ='Tabla de posibilidad Pos Ag'!AK34 -> No Gubernamental
A77: 36 | B77: =IF(C77="","",IF(C77=C76,B76,B76+1)) -> 14 | C77: ='Tabla de posibilidad Pos Ag'!AL34 -> No Gubernamental | D77: ='Tabla de posibilidad Pos Ag'!AL34 -> No Gubernamental
A78: 37 | B78: =IF(C78="","",IF(C78=C77,B77,B77+1)) -> 14 | C78: ='Tabla de posibilidad Pos Ag'!AM34 -> No Gubernamental | D78: ='Tabla de posibilidad Pos Ag'!AM34 -> No Gubernamental
A79: 38 | B79: =IF(C79="","",IF(C79=C78,B78,B78+1)) -> 14 | C79: ='Tabla de posibilidad Pos Ag'!AN34 -> No Gubernamental | D79: ='Tabla de posibilidad Pos Ag'!AN34 -> No Gubernamental
A80: 39 | B80: =IF(C80="","",IF(C80=C79,B79,B79+1)) -> 14 | C80: ='Tabla de posibilidad Pos Ag'!AO34 -> No Gubernamental | D80: ='Tabla de posibilidad Pos Ag'!AO34 -> No Gubernamental
A81: 40 | B81: =IF(C81="","",IF(C81=C80,B80,B80+1)) -> 14 | C81: ='Tabla de posibilidad Pos Ag'!AP34 -> No Gubernamental | D81: ='Tabla de posibilidad Pos Ag'!AP34 -> No Gubernamental
A82: 41 | B82: =IF(C82="","",IF(C82=C81,B81,B81+1)) -> 14 | C82: ='Tabla de posibilidad Pos Ag'!AQ34 -> No Gubernamental | D82: ='Tabla de posibilidad Pos Ag'!AQ34 -> No Gubernamental
A83: 42 | B83: =IF(C83="","",IF(C83=C82,B82,B82+1)) -> 14 | C83: ='Tabla de posibilidad Pos Ag'!AR34 -> No Gubernamental | D83: ='Tabla de posibilidad Pos Ag'!AR34 -> No Gubernamental
A84: 43 | B84: =IF(C84="","",IF(C84=C83,B83,B83+1)) -> 14 | C84: ='Tabla de posibilidad Pos Ag'!AS34 -> No Gubernamental | D84: ='Tabla de posibilidad Pos Ag'!AS34 -> No Gubernamental
A85: 44 | B85: =IF(C85="","",IF(C85=C84,B84,B84+1)) -> 14 | C85: ='Tabla de posibilidad Pos Ag'!AT34 -> No Gubernamental | D85: ='Tabla de posibilidad Pos Ag'!AT34 -> No Gubernamental
A86: 45 | B86: =IF(C86="","",IF(C86=C85,B85,B85+1)) | C86: ='Tabla de posibilidad Pos Ag'!AU34 | D86: ='Tabla de posibilidad Pos Ag'!AU34
A87: 46 | B87: =IF(C87="","",IF(C87=C86,B86,B86+1)) | C87: ='Tabla de posibilidad Pos Ag'!AV34 | D87: ='Tabla de posibilidad Pos Ag'!AV34
A88: 47 | B88: =IF(C88="","",IF(C88=C87,B87,B87+1)) | C88: ='Tabla de posibilidad Pos Ag'!AW34 | D88: ='Tabla de posibilidad Pos Ag'!AW34
A89: 48 | B89: =IF(C89="","",IF(C89=C88,B88,B88+1)) | C89: ='Tabla de posibilidad Pos Ag'!AX34 | D89: ='Tabla de posibilidad Pos Ag'!AX34
A90: 49 | B90: =IF(C90="","",IF(C90=C89,B89,B89+1)) | C90: ='Tabla de posibilidad Pos Ag'!AY34 | D90: ='Tabla de posibilidad Pos Ag'!AY34
A91: 50 | B91: =IF(C91="","",IF(C91=C90,B90,B90+1)) | C91: ='Tabla de posibilidad Pos Ag'!AZ34 | D91: ='Tabla de posibilidad Pos Ag'!AZ34
A92: 51 | B92: =IF(C92="","",IF(C92=C91,B91,B91+1)) | C92: ='Tabla de posibilidad Pos Ag'!BA34 | D92: ='Tabla de posibilidad Pos Ag'!BA34
A93: 52 | B93: =IF(C93="","",IF(C93=C92,B92,B92+1)) | C93: ='Tabla de posibilidad Pos Ag'!BB34 | D93: ='Tabla de posibilidad Pos Ag'!BB34
A94: 53 | B94: =IF(C94="","",IF(C94=C93,B93,B93+1)) | C94: ='Tabla de posibilidad Pos Ag'!BC34 | D94: ='Tabla de posibilidad Pos Ag'!BC34
A95: 54 | B95: =IF(C95="","",IF(C95=C94,B94,B94+1)) | C95: ='Tabla de posibilidad Pos Ag'!BD34 | D95: ='Tabla de posibilidad Pos Ag'!BD34
A96: 55 | B96: =IF(C96="","",IF(C96=C95,B95,B95+1)) | C96: ='Tabla de posibilidad Pos Ag'!BE34 | D96: ='Tabla de posibilidad Pos Ag'!BE34
A97: 56 | B97: =IF(C97="","",IF(C97=C96,B96,B96+1)) | C97: ='Tabla de posibilidad Pos Ag'!BF34 | D97: ='Tabla de posibilidad Pos Ag'!BF34
A98: 57 | B98: =IF(C98="","",IF(C98=C97,B97,B97+1)) | C98: ='Tabla de posibilidad Pos Ag'!BG34 | D98: ='Tabla de posibilidad Pos Ag'!BG34
A99: 58 | B99: =IF(C99="","",IF(C99=C98,B98,B98+1)) | C99: ='Tabla de posibilidad Pos Ag'!BH34 | D99: ='Tabla de posibilidad Pos Ag'!BH34
A100: 59 | B100: =IF(C100="","",IF(C100=C99,B99,B99+1)) | C100: ='Tabla de posibilidad Pos Ag'!BI34 | D100: ='Tabla de posibilidad Pos Ag'!BI34
C103: Random | D103: =IFERROR(VLOOKUP(RANDBETWEEN(1,MAX(B104:B164)),B104:D164,3,0),"Servicio activo") -> División de Inteligencia Nacional (operaciones encubiertas) (FBI)
A104: 1 | B104: =IF(C104<>"",A104,"") -> 1 | C104: ='Tabla de posibilidad Posicion'!C35 -> Investigador de laboratorio del FBI | D104: ='Tabla de posibilidad Posicion'!C35 -> Investigador de laboratorio del FBI
A105: 2 | B105: =IF(C105="","",IF(C105=C104,B104,B104+1)) -> 2 | C105: ='Tabla de posibilidad Posicion'!D35 -> Agente especial del FBI | D105: ='Tabla de posibilidad Posicion'!D35 -> Agente especial del FBI
A106: 3 | B106: =IF(C106="","",IF(C106=C105,B105,B105+1)) -> 3 | C106: ='Tabla de posibilidad Posicion'!E35 -> Agente encubierto del FBI | D106: ='Tabla de posibilidad Posicion'!E35 -> Agente encubierto del FBI
A107: 4 | B107: =IF(C107="","",IF(C107=C106,B106,B106+1)) -> 4 | C107: ='Tabla de posibilidad Posicion'!F35 -> División de Inteligencia Nacional (operaciones encubiertas) (FBI) | D107: ='Tabla de posibilidad Posicion'!F35 -> División de Inteligencia Nacional (operaciones encubiertas) (FBI)
A108: 5 | B108: =IF(C108="","",IF(C108=C107,B107,B107+1)) -> 5 | C108: ='Tabla de posibilidad Posicion'!G35 -> División de Seguridad Nacional | D108: ='Tabla de posibilidad Posicion'!G35 -> División de Seguridad Nacional
A109: 6 | B109: =IF(C109="","",IF(C109=C108,B108,B108+1)) | C109: ='Tabla de posibilidad Posicion'!H35 | D109: ='Tabla de posibilidad Posicion'!H35
A110: 7 | B110: =IF(C110="","",IF(C110=C109,B109,B109+1)) | C110: ='Tabla de posibilidad Posicion'!I35 | D110: ='Tabla de posibilidad Posicion'!I35
...

Sheet Rango Militar
T1: =VLOOKUP($U$1,$U$2:$X$24,4,0) -> Psiquiatra | U1: ='Tablas de Selección'!D14 -> Psiquiatra | W1: {=_xlfn.UNIQUE(W2:W24,0,1)} -> Both | Y1: =RANDBETWEEN(1,2) -> 2 | Z1: =IF(W1="Both",VLOOKUP(Y1,Y2:Z3,2,0),W1) -> Mar
C2: Cabo | D2: Cabo | E2: Suboficial | F2: Suboficial | G2: Sargento primero | H2: Contramaestre en Jefe | I2: Alferez | J2: Alferez de fragata | K2: Teniente | L2: Alferez de Navío | M2: Capitán | N2: Teniente de navío | O2: Comandante | P2: Teniente Coronel | Q2: Comandante | R2: Teniente Coronel | T2: Sin servicio | U2: Sin servicio | V2: No | W2: =IF(U2=$U$1,V2,"") | X2: =T2 -> Sin servicio | Y2: =RANDBETWEEN(1,2) -> 1 | Z2: Tierra
C3: Tierra | D3: Mar | E3: Tierra | F3: Mar | G3: Tierra | H3: Mar | I3: Tierra | J3: Mar | K3: Tierra | L3: Mar | M3: Tierra | N3: Mar | O3: Tierra | P3: Tierra | Q3: Mar | R3: Mar | T3: Alistamiento en tiemposde paz | U3: Alistamiento en tiemposde paz | V3: No | W3: =IF(U3=$U$1,V3,"") | X3: =T3 -> Alistamiento en tiemposde paz | Y3: =IF(Y2=1,2,1) -> 2 | Z3: Mar
A4: =Hoja1!N58 -> 3 | B4: Intimidación | E4: 1 | F4: 1 | G4: 2 | H4: 2 | T4: Capellan | U4: Capellan | V4: No | W4: =IF(U4=$U$1,V4,"") | X4: =T4 -> Capellan
A5: =Hoja1!J49 -> 1 | B5: Ciencia militar | E5: 1 | F5: 1 | G5: 2 | H5: 2 | I5: 1 | J5: 1 | K5: 2 | L5: 2 | M5: 2 | N5: 2 | O5: 2 | P5: 2 | Q5: 2 | R5: 2 | T5: Capellan | U5: Capellan en servicio activo | V5: Both | W5: =IF(U5=$U$1,V5,"") | X5: =T5 -> Capellan
A6: =Hoja1!N56 -> 1 | B6: Inspiración | G6: 1 | H6: 1 | K6: 1 | L6: 1 | M6: 1 | N6: 1 | O6: 1 | P6: 1 | Q6: 1 | R6: 1 | T6: Médico | U6: Médico | V6: No | W6: =IF(U6=$U$1,V6,"") | X6: =T6 -> Médico
A7: =Hoja1!N46 -> 3 | B7: Agencia | M7: 1 | N7: 1 | O7: 3 | P7: 3 | Q7: 3 | R7: 3 | T7: Médico | U7: Médico en servicio activo | V7: Both | W7: =IF(U7=$U$1,V7,"") | X7: =T7 -> Médico
T8: Cuerpo médico del ejército | U8: Cuerpo médico del ejército | V8: Tierra | W8: =IF(U8=$U$1,V8,"") | X8: =T8 -> Cuerpo médico del ejército
A9: =Hoja1!K37 -> 8 | B9: Estabilidad | G9: 6 | H9: 6 | M9: 5 | N9: 5 | O9: 6 | P9: 6 | Q9: 6 | R9: 6 | T9: Psiquiatra | U9: Psiquiatra | V9: Both | W9: =IF(U9=$U$1,V9,"") -> Both | X9: =T9 -> Psiquiatra
A10: =Hoja1!E43 -> 8 | B10: Burocracia | O10: 5 | P10: 5 | Q10: 5 | R10: 5 | T10: Marinero | U10: Marinero | V10: No | W10: =IF(U10=$U$1,V10,"") | X10: =T10 -> Marinero
T11: Marinero | U11: Marinero en servicio activo | V11: Mar | W11: =IF(U11=$U$1,V11,"") | X11: =T11 -> Marinero
T12: Piloto | U12: Piloto | V12: No | W12: =IF(U12=$U$1,V12,"") | X12: =T12 -> Piloto
C13: =IF(C3=$Z$1,0,1) -> 1 | D13: =IF(D3=$Z$1,0,1) -> 0 | E13: =IF(E3=$Z$1,0,1) -> 1 | F13: =IF(F3=$Z$1,0,1) -> 0 | G13: =IF(G3=$Z$1,0,1) -> 1 | H13: =IF(H3=$Z$1,0,1) -> 0 | I13: =IF(I3=$Z$1,0,1) -> 1 | J13: =IF(J3=$Z$1,0,1) -> 0 | ... R13: =IF(R3=$Z$1,0,1) -> 0 | T13: Piloto | U13: Piloto en servicio activo | V13: Both | W13: =IF(U13=$U$1,V13,"") | X13: =T13 -> Piloto
B14: Intimidación | C14: =IF(C4<=$A4,0,1) -> 0 | D14: =IF(D4<=$A4,0,1) -> 0 | E14: =IF(E4<=$A4,0,1) -> 0 | F14: =IF(F4<=$A4,0,1) -> 0 | G14: =IF(G4<=$A4,0,1) -> 0 | H14: =IF(H4<=$A4,0,1) -> 0 | I14: =IF(I4<=$A4,0,1) -> 0 | J14: =IF(J4<=$A4,0,1) -> 0 | ... R14: =IF(R4<=$A4,0,1) -> 0 | T14: Guardia costera | U14: Guardia costera | V14: No | W14: =IF(U14=$U$1,V14,"") | X14: =T14 -> Guardia costera
B15: Ciencia militar | C15: =IF(C5<=$A5,0,1) -> 0 | D15: =IF(D5<=$A5,0,1) -> 0 | E15: =IF(E5<=$A5,0,1) -> 0 | F15: =IF(F5<=$A5,0,1) -> 0 | G15: =IF(G5<=$A5,0,1) -> 1 | H15: =IF(H5<=$A5,0,1) -> 1 | I15: =IF(I5<=$A5,0,1) -> 0 | J15: =IF(J5<=$A5,0,1) -> 0 | ... R15: =IF(R5<=$A5,0,1) -> 1 | T15: Guardia costera | U15: Guardia costera en servicio activo | V15: Mar | W15: =IF(U15=$U$1,V15,"") | X15: =T15 -> Guardia costera
B16: Inspiración | C16: =IF(C6<=$A6,0,1) -> 0 | D16: =IF(D6<=$A6,0,1) -> 0 | E16: =IF(E6<=$A6,0,1) -> 0 | F16: =IF(F6<=$A6,0,1) -> 0 | G16: =IF(G6<=$A6,0,1) -> 0 | H16: =IF(H6<=$A6,0,1) -> 0 | I16: =IF(I6<=$A6,0,1) -> 0 | J16: =IF(J6<=$A6,0,1) -> 0 | ... R16: =IF(R6<=$A6,0,1) -> 0 | T16: Operador en USAFSS Big Eye | U16: Operador en USAFSS Big Eye | V16: Both | W16: =IF(U16=$U$1,V16,"") | X16: =T16 -> Operador en USAFSS Big Eye
B17: Agencia | C17: =IF(C7<=$A7,0,1) -> 0 | D17: =IF(D7<=$A7,0,1) -> 0 | E17: =IF(E7<=$A7,0,1) -> 0 | F17: =IF(F7<=$A7,0,1) -> 0 | G17: =IF(G7<=$A7,0,1) -> 0 | H17: =IF(H7<=$A7,0,1) -> 0 | I17: =IF(I7<=$A7,0,1) -> 0 | J17: =IF(J7<=$A7,0,1) -> 0 | ... R17: =IF(R7<=$A7,0,1) -> 0 | T17: Soldado | U17: Soldado | V17: No | W17: =IF(U17=$U$1,V17,"") | X17: =T17 -> Soldado
T18: Soldado | U18: Soldado en servicio activo | V18: Tierra | W18: =IF(U18=$U$1,V18,"") | X18: =T18 -> Soldado
B19: Estabilidad | C19: =IF(C9<=$A9,0,1) -> 0 | D19: =IF(D9<=$A9,0,1) -> 0 | E19: =IF(E9<=$A9,0,1) -> 0 | F19: =IF(F9<=$A9,0,1) -> 0 | G19: =IF(G9<=$A9,0,1) -> 0 | H19: =IF(H9<=$A9,0,1) -> 0 | I19: =IF(I9<=$A9,0,1) -> 0 | J19: =IF(J9<=$A9,0,1) -> 0 | ... R19: =IF(R9<=$A9,0,1) -> 0 | T19: Infante de marina | U19: Infante de marina | V19: No | W19: =IF(U19=$U$1,V19,"") | X19: =T19 -> Infante de marina
B20: Burocracia | C20: =IF(C10<=$A10,0,1) -> 0 | D20: =IF(D10<=$A10,0,1) -> 0 | E20: =IF(E10<=$A10,0,1) -> 0 | F20: =IF(F10<=$A10,0,1) -> 0 | G20: =IF(G10<=$A10,0,1) -> 0 | H20: =IF(H10<=$A10,0,1) -> 0 | I20: =IF(I10<=$A10,0,1) -> 0 | J20: =IF(J10<=$A10,0,1) -> 0 | ... R20: =IF(R10<=$A10,0,1) -> 0 | T20: Infante de marina | U20: Infante de marina en servicio activo | V20: Mar | W20: =IF(U20=$U$1,V20,"") | X20: =T20 -> Infante de marina
C21: =IF(SUM(C13:C20)=0,C2,"") | D21: =IF(SUM(D13:D20)=0,D2,"") -> Cabo | E21: =IF(SUM(E13:E20)=0,E2,"") | F21: =IF(SUM(F13:F20)=0,F2,"") -> Suboficial | G21: =IF(SUM(G13:G20)=0,G2,"") | H21: =IF(SUM(H13:H20)=0,H2,"") | I21: =IF(SUM(I13:I20)=0,I2,"") | J21: =IF(SUM(J13:J20)=0,J2,"") -> Alferez de fragata | ... R21: =IF(SUM(R13:R20)=0,R2,"") | T21: Grupo de Operaciones Psicológicas (Ejercito de los EEUU) | U21: Grupo de Operaciones Psicológicas (Ejercito de los EEUU) | V21: Tierra | W21: =IF(U21=$U$1,V21,"") | X21: =T21 -> Grupo de Operaciones Psicológicas (Ejercito de los EEUU)
B22: =RANDBETWEEN(1,MAX(C22:R22)) -> 2 | C22: =IF(C21<>"",1,"") | D22: =IF(D21="","",MAX($C$22:C22)+1) -> 1 | E22: =IF(E21="","",MAX($C$22:D22)+1) | F22: =IF(F21="","",MAX($C$22:E22)+1) -> 2 | G22: =IF(G21="","",MAX($C$22:F22)+1) | H22: =IF(H21="","",MAX($C$22:G22)+1) | I22: =IF(I21="","",MAX($C$22:H22)+1) | J22: =IF(J21="","",MAX($C$22:I22)+1) -> 3 | K22: =IF(K21="","",MAX($C$22:J22)+1) | ... R22: =IF(R21="","",MAX($C$22:Q22)+1) | T22: Grupo de Operaciones Psicológicas (Ejercito de los EEUU) | U22: Grupo de Operaciones Psicológicas en servicio activo (Ejercito de los EEUU) | V22: Tierra | W22: =IF(U22=$U$1,V22,"") | X22: =T22 -> Grupo de Operaciones Psicológicas (Ejercito de los EEUU)
B23: =IFERROR(HLOOKUP(B22,C22:R23,2,0),"") -> Psiquiatra (Suboficial) | C23: =$T$1&" ("&C21&")" -> Psiquiatra () | D23: =$T$1&" ("&D21&")" -> Psiquiatra (Cabo) | E23: =$T$1&" ("&E21&")" -> Psiquiatra () | F23: =$T$1&" ("&F21&")" -> Psiquiatra (Suboficial) | G23: =$T$1&" ("&G21&")" -> Psiquiatra () | H23: =$T$1&" ("&H21&")" -> Psiquiatra () | I23: =$T$1&" ("&I21&")" -> Psiquiatra () | J23: =$T$1&" ("&J21&")" -> Psiquiatra (Alferez de fragata) | ... R23: =$T$1&" ("&R21&")" -> Psiquiatra () | T23: Especialista en Inteligencia Urbana de USAIC | U23: Especialista en Inteligencia Urbana de USAIC | V23: Tierra | W23: =IF(U23=$U$1,V23,"") | X23: =T23 -> Especialista en Inteligencia Urbana de USAIC
T24: =IF(Z1="Mar","SEAL","Ranger") -> SEAL | U24: Fuerzas especiales | V24: Both | W24: =IF(U24=$U$1,V24,"") | X24: =T24 -> SEAL

Sheet Tabla de posibilidad Posicion
C1: EEUU | D1: EEUU | E1: EEUU | F1: EEUU | G1: EEUU | H1: MUNDO | I1: MUNDO | J1: EEUU | K1: MUNDO | L1: MUNDO | M1: MUNDO | N1: MUNDO | O1: MUNDO | P1: EEUU | Q1: EEUU | R1: MUNDO | S1: MUNDO | T1: MUNDO | U1: MUNDO | V1: MUNDO | W1: MUNDO | X1: MUNDO | Y1: MUNDO | Z1: EEUU | AA1: EEUU | AB1: EEUU | AC1: EEUU | AD1: EEUU | AE1: EEUU | AF1: MUNDO | AG1: EEUU | AH1: EEUU | AI1: EEUU | AJ1: EEUU | AK1: EEUU | AL1: EEUU | AM1: EEUU | AN1: EEUU | AO1: EEUU | AP1: EEUU | AQ1: MUNDO | AR1: EEUU | AS1: MUNDO | AT1: MUNDO | AU1: MUNDO | AV1: MUNDO | AW1: MUNDO | AX1: MUNDO | AY1: MUNDO | AZ1: MUNDO | BA1: MUNDO | BB1: MUNDO | BC1: MUNDO | BD1: MUNDO | BE1: MUNDO | BF1: MUNDO | BG1: MUNDO | BH1: MUNDO | BI1: MUNDO
C2: Agencia de proyectos de investigación avanzada (ARPA) | D2: Oficina de Investigaciones Especiales de la Fuerza Aérea (AFOSI) | E2: Oficina de Investigaciones Especiales de la Fuerza Aérea (AFOSI) | F2: Comisión dela Energía Atómica (AEC) | G2: Agencia Central de Inteligencia (CIA) | H2: Agencia Central de Inteligencia (CIA) | I2: Agencia Central de Inteligencia (CIA) | J2: Agencia Central de Inteligencia (CIA) | K2: Agencia Central de Inteligencia (CIA) | L2: Agencia Central de Inteligencia (CIA) | M2: Agencia Central de Inteligencia (CIA) | N2: Agencia Central de Inteligencia (CIA) | O2: Agencia Central de Inteligencia (CIA) | P2: Centro de Enfermedades Contagiosas (CDC) | Q2: Agenciade Inteligencia de Defensa (DIA) | R2: Agenciade Inteligencia de Defensa (DIA) | S2: Agenciade Inteligencia de Defensa (DIA) | T2: Agenciade Inteligencia de Defensa (DIA) | U2: Agenciade Inteligencia de Defensa (DIA) | V2: Agenciade Inteligencia de Defensa (DIA) | W2: Agenciade Inteligencia de Defensa (DIA) | X2: Agenciade Inteligencia de Defensa (DIA) | Y2: Agenciade Inteligencia de Defensa (DIA) | Z2: División de Investigación de Defensa (DRD), Biblioteca del Congreso (LoC) | AA2: Oficina Federal de Investigación (FBI) | AB2: Oficina Federal de Investigación (FBI) | AC2: Oficina Federal de Investigación (FBI) | AD2: Oficina Federal de Investigación (FBI) | AE2: Oficina Federal de Investigación (FBI) | AF2: Oficina Federal de Narcóticos (FBN) | AG2: Administración Nacional del Aire y del Espacio (NASA) | AH2: Oficina Nacional de Reconocimiento (NRO) | AI2: Agencia de Seguridad Nacional (NSA) | AJ2: Agencia de Seguridad Nacional (NSA) | AK2: Oficina de Inteligencia Naval (ONI) | AL2: Oficina de Inteligencia Naval (ONI) | AM2: Oficina de Inteligencia Naval (ONI) | AN2: Oficina de Inteligencia Naval (ONI) | AO2: Departamento de Estado | AP2: Departamento de Estado | AQ2: Departamento de Estado | AR2: Servicio de Marshals de los Estados Unidos | AS2: No Gubernamental | AT2: No Gubernamental | AU2: No Gubernamental | AV2: No Gubernamental | AW2: No Gubernamental | AX2: No Gubernamental | AY2: No Gubernamental | AZ2: No Gubernamental | BA2: No Gubernamental | BB2: No Gubernamental | BC2: No Gubernamental | BD2: No Gubernamental | BE2: No Gubernamental | BF2: No Gubernamental | BG2: No Gubernamental | BH2: No Gubernamental | BI2: No Gubernamental
C3: Investigador ARPA | D3: Investigador AFOSI | E3: Investigador AFOSI | F3: Investigador AEC | G3: Dirección de Inteligencia analítica (CIA) | H3: Supervisor de dirección de planes (CIA) | I3: Operativo de dirección de planes (CIA) | J3: Especialista en la oficina de investigación y desarrollo (ORD) (CIA) | K3: Oficial de la división de acción política (PAD) (CIA) | L3: Agente dela división de operaciones especiales (SOD) (CIA) | M3: Agente dela división de operaciones especiales (SOD) (CIA) | N3: Especialista en allanamiento clandestino (CIA) | O3: Diseñador de la división de Servicios Técnicos (TSD) (CIA) | P3: Investigador del CDC | Q3: Analista de la DIA | R3: Agregado militar (DIA) | S3: Agregado militar (DIA) | T3: Agregado militar (DIA) | U3: Agregado militar (DIA) | V3: Agregado militar (DIA) | W3: Agregado militar (DIA) | X3: Agregado militar (DIA) | Y3: Agregado militar (DIA) | Z3: Investigador del DRD en la LoC | AA3: Investigador de laboratorio del FBI | AB3: Agente especial del FBI | AC3: Agente encubierto del FBI | AD3: División de Inteligencia Nacional (operaciones encubiertas) (FBI) | AE3: División de Seguridad Nacional | AF3: Agente de la FBN | AG3: Ingeniero de la NASA | AH3: Ingeniero de sistemas NRO | AI3: Analista de la NSA | AJ3: Especialista de seguridad de la NSA | AK3: Analista de la ONI | AL3: Analista de la ONI | AM3: Supervisor del TF157 (ONI) | AN3: Supervisor del TF157 (ONI) | AO3: Funcionario del Ministerio de Exteriores (Departamento de Estado) | AP3: Analista del INR (Departamento de Estado) | AQ3: Agente especial de la SY (Departamento de Estado) | AR3: Marshal de los EEUU | AS3: Activista | AT3: Arqueólogo | AU3: Ingeniero | AV3: Técnico | AW3: Gánster | AX3: Médico | AY3: Psiquiatra | AZ3: Piloto | BA3: Académico Químico | BB3: Académico Biólogo | BC3: Académico Físico | BD3: Académico Arquitecto | BE3: Académico Historiador | BF3: Académico Arte | BG3: Académico Matemático | BH3: Académico Economista | BI3: Guerrero Tribal
D4: Piloto | E4: Piloto en servicio activo | L4: Soldado en servicio activo | M4: Fuerzas especiales | R4: Soldado | S4: Soldado en servicio activo | T4: Infante de marina | U4: Infante de marina en servicio activo | V4: Marinero | W4: Marinero en servicio activo | X4: Piloto | Y4: Piloto en servicio activo | AK4: Marinero | AL4: Marinero en servicio activo | AM4: Marinero | AN4: Marinero en servicio activo
C5: 1 | D5: 2 | E5: 3 | F5: 4 | G5: 5 | H5: 6 | I5: 7 | J5: 8 | K5: 9 | L5: 10 | M5: 11 | N5: 12 | O5: 13 | P5: 14 | Q5: 15 | R5: 16 | S5: 17 | T5: 18 | U5: 19 | V5: 20 | W5: 21 | X5: 22 | Y5: 23 | Z5: 24 | AA5: 25 | AB5: 26 | AC5: 27 | AD5: 28 | AE5: 29 | AF5: 30 | AG5: 31 | AH5: 32 | AI5: 33 | AJ5: 34 | AK5: 35 | AL5: 36 | AM5: 37 | AN5: 38 | AO5: 39 | AP5: 40 | AQ5: 41 | AR5: 42 | AS5: 43 | AT5: 44 | AU5: 45 | AV5: 46 | AW5: 47 | AX5: 48 | AY5: 49 | AZ5: 50 | BA5: 51 | BB5: 52 | BC5: 53 | BD5: 54 | BE5: 55 | BF5: 56 | BG5: 57 | BH5: 58 | BI5: 59
A6: Sin servicio | C6: =IF('Tabla de posibilidad'!C6=1,1,".") -> . | D6: =IF('Tabla de posibilidad'!D6=1,SUM('Tabla de posibilidad'!$C6:D6),".") -> . | E6: =IF('Tabla de posibilidad'!E6=1,SUM('Tabla de posibilidad'!$C6:E6),".") -> . | F6: =IF('Tabla de posibilidad'!F6=1,SUM('Tabla de posibilidad'!$C6:F6),".") -> . | G6: =IF('Tabla de posibilidad'!G6=1,SUM('Tabla de posibilidad'!$C6:G6),".") -> . | H6: =IF('Tabla de posibilidad'!H6=1,SUM('Tabla de posibilidad'!$C6:H6),".") -> . | I6: =IF('Tabla de posibilidad'!I6=1,SUM('Tabla de posibilidad'!$C6:I6),".") -> . | J6: =IF('Tabla de posibilidad'!J6=1,SUM('Tabla de posibilidad'!$C6:J6),".") -> . | K6: =IF('Tabla de posibilidad'!K6=1,SUM('Tabla de posibilidad'!$C6:K6),".") -> . | ... BI6: =IF('Tabla de posibilidad'!BI6=1,SUM('Tabla de posibilidad'!$C6:BI6),".") -> .
A7: Alistamiento en tiemposde paz | C7: =IF('Tabla de posibilidad'!C7=1,1,".") -> . | D7: =IF('Tabla de posibilidad'!D7=1,SUM('Tabla de posibilidad'!$C7:D7),".") -> . | E7: =IF('Tabla de posibilidad'!E7=1,SUM('Tabla de posibilidad'!$C7:E7),".") -> . | F7: =IF('Tabla de posibilidad'!F7=1,SUM('Tabla de posibilidad'!$C7:F7),".") -> . | G7: =IF('Tabla de posibilidad'!G7=1,SUM('Tabla de posibilidad'!$C7:G7),".") -> . | H7: =IF('Tabla de posibilidad'!H7=1,SUM('Tabla de posibilidad'!$C7:H7),".") -> . | I7: =IF('Tabla de posibilidad'!I7=1,SUM('Tabla de posibilidad'!$C7:I7),".") -> . | J7: =IF('Tabla de posibilidad'!J7=1,SUM('Tabla de posibilidad'!$C7:J7),".") -> . | K7: =IF('Tabla de posibilidad'!K7=1,SUM('Tabla de posibilidad'!$C7:K7),".") -> . | ... BI7: =IF('Tabla de posibilidad'!BI7=1,SUM('Tabla de posibilidad'!$C7:BI7),".") -> .
A8: Capellan | C8: =IF('Tabla de posibilidad'!C8=1,1,".") -> . | D8: =IF('Tabla de posibilidad'!D8=1,SUM('Tabla de posibilidad'!$C8:D8),".") -> . | E8: =IF('Tabla de posibilidad'!E8=1,SUM('Tabla de posibilidad'!$C8:E8),".") -> . | F8: =IF('Tabla de posibilidad'!F8=1,SUM('Tabla de posibilidad'!$C8:F8),".") -> . | G8: =IF('Tabla de posibilidad'!G8=1,SUM('Tabla de posibilidad'!$C8:G8),".") -> . | H8: =IF('Tabla de posibilidad'!H8=1,SUM('Tabla de posibilidad'!$C8:H8),".") -> . | I8: =IF('Tabla de posibilidad'!I8=1,SUM('Tabla de posibilidad'!$C8:I8),".") -> . | J8: =IF('Tabla de posibilidad'!J8=1,SUM('Tabla de posibilidad'!$C8:J8),".") -> . | K8: =IF('Tabla de posibilidad'!K8=1,SUM('Tabla de posibilidad'!$C8:K8),".") -> . | ... BI8: =IF('Tabla de posibilidad'!BI8=1,SUM('Tabla de posibilidad'!$C8:BI8),".") -> .
A9: Capellan en servicio activo | C9: =IF('Tabla de posibilidad'!C9=1,1,".") -> . | D9: =IF('Tabla de posibilidad'!D9=1,SUM('Tabla de posibilidad'!$C9:D9),".") -> . | E9: =IF('Tabla de posibilidad'!E9=1,SUM('Tabla de posibilidad'!$C9:E9),".") -> . | F9: =IF('Tabla de posibilidad'!F9=1,SUM('Tabla de posibilidad'!$C9:F9),".") -> . | G9: =IF('Tabla de posibilidad'!G9=1,SUM('Tabla de posibilidad'!$C9:G9),".") -> . | H9: =IF('Tabla de posibilidad'!H9=1,SUM('Tabla de posibilidad'!$C9:H9),".") -> . | I9: =IF('Tabla de posibilidad'!I9=1,SUM('Tabla de posibilidad'!$C9:I9),".") -> . | J9: =IF('Tabla de posibilidad'!J9=1,SUM('Tabla de posibilidad'!$C9:J9),".") -> . | K9: =IF('Tabla de posibilidad'!K9=1,SUM('Tabla de posibilidad'!$C9:K9),".") -> . | ... BI9: =IF('Tabla de posibilidad'!BI9=1,SUM('Tabla de posibilidad'!$C9:BI9),".") -> .
A10: Médico | C10: =IF('Tabla de posibilidad'!C10=1,1,".") -> . | D10: =IF('Tabla de posibilidad'!D10=1,SUM('Tabla de posibilidad'!$C10:D10),".") -> . | E10: =IF('Tabla de posibilidad'!E10=1,SUM('Tabla de posibilidad'!$C10:E10),".") -> . | F10: =IF('Tabla de posibilidad'!F10=1,SUM('Tabla de posibilidad'!$C10:F10),".") -> . | G10: =IF('Tabla de posibilidad'!G10=1,SUM('Tabla de posibilidad'!$C10:G10),".") -> . | H10: =IF('Tabla de posibilidad'!H10=1,SUM('Tabla de posibilidad'!$C10:H10),".") -> . | I10: =IF('Tabla de posibilidad'!I10=1,SUM('Tabla de posibilidad'!$C10:I10),".") -> . | J10: =IF('Tabla de posibilidad'!J10=1,SUM('Tabla de posibilidad'!$C10:J10),".") -> . | K10: =IF('Tabla de posibilidad'!K10=1,SUM('Tabla de posibilidad'!$C10:K10),".") -> . | ... BI10: =IF('Tabla de posibilidad'!BI10=1,SUM('Tabla de posibilidad'!$C10:BI10),".") -> .
A11: Médico en servicio activo | C11: =IF('Tabla de posibilidad'!C11=1,1,".") -> . | D11: =IF('Tabla de posibilidad'!D11=1,SUM('Tabla de posibilidad'!$C11:D11),".") -> . | E11: =IF('Tabla de posibilidad'!E11=1,SUM('Tabla de posibilidad'!$C11:E11),".") -> . | F11: =IF('Tabla de posibilidad'!F11=1,SUM('Tabla de posibilidad'!$C11:F11),".") -> . | G11: =IF('Tabla de posibilidad'!G11=1,SUM('Tabla de posibilidad'!$C11:G11),".") -> . | H11: =IF('Tabla de posibilidad'!H11=1,SUM('Tabla de posibilidad'!$C11:H11),".") -> . | I11: =IF('Tabla de posibilidad'!I11=1,SUM('Tabla de posibilidad'!$C11:I11),".") -> . | J11: =IF('Tabla de posibilidad'!J11=1,SUM('Tabla de posibilidad'!$C11:J11),".") -> . | K11: =IF('Tabla de posibilidad'!K11=1,SUM('Tabla de posibilidad'!$C11:K11),".") -> . | ... BI11: =IF('Tabla de posibilidad'!BI11=1,SUM('Tabla de posibilidad'!$C11:BI11),".") -> .
A12: Cuerpo médico del ejército | C12: =IF('Tabla de posibilidad'!C12=1,1,".") -> . | D12: =IF('Tabla de posibilidad'!D12=1,SUM('Tabla de posibilidad'!$C12:D12),".") -> . | E12: =IF('Tabla de posibilidad'!E12=1,SUM('Tabla de posibilidad'!$C12:E12),".") -> . | F12: =IF('Tabla de posibilidad'!F12=1,SUM('Tabla de posibilidad'!$C12:F12),".") -> . | G12: =IF('Tabla de posibilidad'!G12=1,SUM('Tabla de posibilidad'!$C12:G12),".") -> . | H12: =IF('Tabla de posibilidad'!H12=1,SUM('Tabla de posibilidad'!$C12:H12),".") -> . | I12: =IF('Tabla de posibilidad'!I12=1,SUM('Tabla de posibilidad'!$C12:I12),".") -> . | J12: =IF('Tabla de posibilidad'!J12=1,SUM('Tabla de posibilidad'!$C12:J12),".") -> . | K12: =IF('Tabla de posibilidad'!K12=1,SUM('Tabla de posibilidad'!$C12:K12),".") -> . | ... BI12: =IF('Tabla de posibilidad'!BI12=1,SUM('Tabla de posibilidad'!$C12:BI12),".") -> .
A13: Psiquiatra | C13: =IF('Tabla de posibilidad'!C13=1,1,".") -> . | D13: =IF('Tabla de posibilidad'!D13=1,SUM('Tabla de posibilidad'!$C13:D13),".") -> . | E13: =IF('Tabla de posibilidad'!E13=1,SUM('Tabla de posibilidad'!$C13:E13),".") -> . | F13: =IF('Tabla de posibilidad'!F13=1,SUM('Tabla de posibilidad'!$C13:F13),".") -> . | G13: =IF('Tabla de posibilidad'!G13=1,SUM('Tabla de posibilidad'!$C13:G13),".") -> . | H13: =IF('Tabla de posibilidad'!H13=1,SUM('Tabla de posibilidad'!$C13:H13),".") -> . | I13: =IF('Tabla de posibilidad'!I13=1,SUM('Tabla de posibilidad'!$C13:I13),".") -> . | J13: =IF('Tabla de posibilidad'!J13=1,SUM('Tabla de posibilidad'!$C13:J13),".") -> . | K13: =IF('Tabla de posibilidad'!K13=1,SUM('Tabla de posibilidad'!$C13:K13),".") -> . | ... BI13: =IF('Tabla de posibilidad'!BI13=1,SUM('Tabla de posibilidad'!$C13:BI13),".") -> .
A14: Marinero | C14: =IF('Tabla de posibilidad'!C14=1,1,".") -> . | D14: =IF('Tabla de posibilidad'!D14=1,SUM('Tabla de posibilidad'!$C14:D14),".") -> . | E14: =IF('Tabla de posibilidad'!E14=1,SUM('Tabla de posibilidad'!$C14:E14),".") -> . | F14: =IF('Tabla de posibilidad'!F14=1,SUM('Tabla de posibilidad'!$C14:F14),".") -> . | G14: =IF('Tabla de posibilidad'!G14=1,SUM('Tabla de posibilidad'!$C14:G14),".") -> . | H14: =IF('Tabla de posibilidad'!H14=1,SUM('Tabla de posibilidad'!$C14:H14),".") -> . | I14: =IF('Tabla de posibilidad'!I14=1,SUM('Tabla de posibilidad'!$C14:I14),".") -> . | J14: =IF('Tabla de posibilidad'!J14=1,SUM('Tabla de posibilidad'!$C14:J14),".") -> . | K14: =IF('Tabla de posibilidad'!K14=1,SUM('Tabla de posibilidad'!$C14:K14),".") -> . | ... BI14: =IF('Tabla de posibilidad'!BI14=1,SUM('Tabla de posibilidad'!$C14:BI14),".") -> .
A15: Marinero en servicio activo | C15: =IF('Tabla de posibilidad'!C15=1,1,".") -> . | D15: =IF('Tabla de posibilidad'!D15=1,SUM('Tabla de posibilidad'!$C15:D15),".") -> . | E15: =IF('Tabla de posibilidad'!E15=1,SUM('Tabla de posibilidad'!$C15:E15),".") -> . | F15: =IF('Tabla de posibilidad'!F15=1,SUM('Tabla de posibilidad'!$C15:F15),".") -> . | G15: =IF('Tabla de posibilidad'!G15=1,SUM('Tabla de posibilidad'!$C15:G15),".") -> . | H15: =IF('Tabla de posibilidad'!H15=1,SUM('Tabla de posibilidad'!$C15:H15),".") -> . | I15: =IF('Tabla de posibilidad'!I15=1,SUM('Tabla de posibilidad'!$C15:I15),".") -> . | J15: =IF('Tabla de posibilidad'!J15=1,SUM('Tabla de posibilidad'!$C15:J15),".") -> . | K15: =IF('Tabla de posibilidad'!K15=1,SUM('Tabla de posibilidad'!$C15:K15),".") -> . | ... BI15: =IF('Tabla de posibilidad'!BI15=1,SUM('Tabla de posibilidad'!$C15:BI15),".") -> .
A16: Piloto | C16: =IF('Tabla de posibilidad'!C16=1,1,".") -> . | D16: =IF('Tabla de posibilidad'!D16=1,SUM('Tabla de posibilidad'!$C16:D16),".") -> . | E16: =IF('Tabla de posibilidad'!E16=1,SUM('Tabla de posibilidad'!$C16:E16),".") -> . | F16: =IF('Tabla de posibilidad'!F16=1,SUM('Tabla de posibilidad'!$C16:F16),".") -> . | G16: =IF('Tabla de posibilidad'!G16=1,SUM('Tabla de posibilidad'!$C16:G16),".") -> . | H16: =IF('Tabla de posibilidad'!H16=1,SUM('Tabla de posibilidad'!$C16:H16),".") -> . | I16: =IF('Tabla de posibilidad'!I16=1,SUM('Tabla de posibilidad'!$C16:I16),".") -> . | J16: =IF('Tabla de posibilidad'!J16=1,SUM('Tabla de posibilidad'!$C16:J16),".") -> . | K16: =IF('Tabla de posibilidad'!K16=1,SUM('Tabla de posibilidad'!$C16:K16),".") -> . | ... BI16: =IF('Tabla de posibilidad'!BI16=1,SUM('Tabla de posibilidad'!$C16:BI16),".") -> .
A17: Piloto en servicio activo | C17: =IF('Tabla de posibilidad'!C17=1,1,".") -> . | D17: =IF('Tabla de posibilidad'!D17=1,SUM('Tabla de posibilidad'!$C17:D17),".") -> . | E17: =IF('Tabla de posibilidad'!E17=1,SUM('Tabla de posibilidad'!$C17:E17),".") -> . | F17: =IF('Tabla de posibilidad'!F17=1,SUM('Tabla de posibilidad'!$C17:F17),".") -> . | G17: =IF('Tabla de posibilidad'!G17=1,SUM('Tabla de posibilidad'!$C17:G17),".") -> . | H17: =IF('Tabla de posibilidad'!H17=1,SUM('Tabla de posibilidad'!$C17:H17),".") -> . | I17: =IF('Tabla de posibilidad'!I17=1,SUM('Tabla de posibilidad'!$C17:I17),".") -> . | J17: =IF('Tabla de posibilidad'!J17=1,SUM('Tabla de posibilidad'!$C17:J17),".") -> . | K17: =IF('Tabla de posibilidad'!K17=1,SUM('Tabla de posibilidad'!$C17:K17),".") -> . | ... BI17: =IF('Tabla de posibilidad'!BI17=1,SUM('Tabla de posibilidad'!$C17:BI17),".") -> .
... A28: Fuerzas especiales | C28: =IF('Tabla de posibilidad'!C28=1,1,".") -> . | D28: =IF('Tabla de posibilidad'!D28=1,SUM('Tabla de posibilidad'!$C28:D28),".") -> . | E28: =IF('Tabla de posibilidad'!E28=1,SUM('Tabla de posibilidad'!$C28:E28),".") -> . | F28: =IF('Tabla de posibilidad'!F28=1,SUM('Tabla de posibilidad'!$C28:F28),".") -> . | G28: =IF('Tabla de posibilidad'!G28=1,SUM('Tabla de posibilidad'!$C28:G28),".") -> . | H28: =IF('Tabla de posibilidad'!H28=1,SUM('Tabla de posibilidad'!$C28:H28),".") -> . | I28: =IF('Tabla de posibilidad'!I28=1,SUM('Tabla de posibilidad'!$C28:I28),".") -> . | J28: =IF('Tabla de posibilidad'!J28=1,SUM('Tabla de posibilidad'!$C28:J28),".") -> . | K28: =IF('Tabla de posibilidad'!K28=1,SUM('Tabla de posibilidad'!$C28:K28),".") -> . | ... BI28: =IF('Tabla de posibilidad'!BI28=1,SUM('Tabla de posibilidad'!$C28:BI28),".") -> .
A31: =Hoja1!D2 -> Infante de marina | B31: =IFERROR(SUM(C31:BI31)/SUM(C31:BI31),0) -> 1 | C31: =VLOOKUP($A$31,$A$6:$BI$28,C5+2,0) -> . | D31: =VLOOKUP($A$31,$A$6:$BI$28,D5+2,0) -> . | E31: =VLOOKUP($A$31,$A$6:$BI$28,E5+2,0) -> . | F31: =VLOOKUP($A$31,$A$6:$BI$28,F5+2,0) -> . | G31: =VLOOKUP($A$31,$A$6:$BI$28,G5+2,0) -> . | H31: =VLOOKUP($A$31,$A$6:$BI$28,H5+2,0) -> . | I31: =VLOOKUP($A$31,$A$6:$BI$28,I5+2,0) -> . | J31: =VLOOKUP($A$31,$A$6:$BI$28,J5+2,0) -> . | ... BI31: =VLOOKUP($A$31,$A$6:$BI$28,BI5+2,0) -> .
C33: =IF(C31<>".",C3,".") -> . | D33: =IF(D31<>".",D3,".") -> . | E33: =IF(E31<>".",E3,".") -> . | F33: =IF(F31<>".",F3,".") -> . | G33: =IF(G31<>".",G3,".") -> . | H33: =IF(H31<>".",H3,".") -> . | I33: =IF(I31<>".",I3,".") -> . | J33: =IF(J31<>".",J3,".") -> . | ... BI33: =IF(BI31<>".",BI3,".") -> .
C35: =IFERROR(HLOOKUP(C5,$C$31:$BI$33,3,0),"") -> Investigador de laboratorio del FBI | D35: =IFERROR(HLOOKUP(D5,$C$31:$BI$33,3,0),"") -> Agente especial del FBI | E35: =IFERROR(HLOOKUP(E5,$C$31:$BI$33,3,0),"") -> Agente encubierto del FBI | F35: =IFERROR(HLOOKUP(F5,$C$31:$BI$33,3,0),"") -> División de Inteligencia Nacional (operaciones encubiertas) (FBI) | G35: =IFERROR(HLOOKUP(G5,$C$31:$BI$33,3,0),"") -> División de Seguridad Nacional | H35: =IFERROR(HLOOKUP(H5,$C$31:$BI$33,3,0),"") | I35: =IFERROR(HLOOKUP(I5,$C$31:$BI$33,3,0),"") | J35: =IFERROR(HLOOKUP(J5,$C$31:$BI$33,3,0),"") | ... BI35: =IFERROR(HLOOKUP(BI5,$C$31:$BI$33,3,0),"")

Sheet Tabla de posibilidad Pos Ag
C1: EEUU | D1: EEUU | E1: EEUU | F1: EEUU | G1: EEUU | H1: MUNDO | I1: MUNDO | J1: EEUU | K1: MUNDO | L1: MUNDO | M1: MUNDO | N1: MUNDO | O1: MUNDO | P1: EEUU | Q1: EEUU | R1: MUNDO | S1: MUNDO | T1: MUNDO | U1: MUNDO | V1: MUNDO | W1: MUNDO | X1: MUNDO | Y1: MUNDO | Z1: EEUU | AA1: EEUU | AB1: EEUU | AC1: EEUU | AD1: EEUU | AE1: EEUU | AF1: MUNDO | AG1: EEUU | AH1: EEUU | AI1: EEUU | AJ1: EEUU | AK1: EEUU | AL1: EEUU | AM1: EEUU | AN1: EEUU | AO1: EEUU | AP1: EEUU | AQ1: MUNDO | AR1: EEUU | AS1: MUNDO | AT1: MUNDO | AU1: MUNDO | AV1: MUNDO | AW1: MUNDO | AX1: MUNDO | AY1: MUNDO | AZ1: MUNDO | BA1: MUNDO | BB1: MUNDO | BC1: MUNDO | BD1: MUNDO | BE1: MUNDO | BF1: MUNDO | BG1: MUNDO | BH1: MUNDO | BI1: MUNDO
C2: Agencia de proyectos de investigación avanzada (ARPA) | D2: Oficina de Investigaciones Especiales de la Fuerza Aérea (AFOSI) | E2: Oficina de Investigaciones Especiales de la Fuerza Aérea (AFOSI) | F2: Comisión dela Energía Atómica (AEC) | G2: Agencia Central de Inteligencia (CIA) | H2: Agencia Central de Inteligencia (CIA) | I2: Agencia Central de Inteligencia (CIA) | J2: Agencia Central de Inteligencia (CIA) | K2: Agencia Central de Inteligencia (CIA) | L2: Agencia Central de Inteligencia (CIA) | M2: Agencia Central de Inteligencia (CIA) | N2: Agencia Central de Inteligencia (CIA) | O2: Agencia Central de Inteligencia (CIA) | P2: Centro de Enfermedades Contagiosas (CDC) | Q2: Agenciade Inteligencia de Defensa (DIA) | R2: Agenciade Inteligencia de Defensa (DIA) | S2: Agenciade Inteligencia de Defensa (DIA) | T2: Agenciade Inteligencia de Defensa (DIA) | U2: Agenciade Inteligencia de Defensa (DIA) | V2: Agenciade Inteligencia de Defensa (DIA) | W2: Agenciade Inteligencia de Defensa (DIA) | X2: Agenciade Inteligencia de Defensa (DIA) | Y2: Agenciade Inteligencia de Defensa (DIA) | Z2: División de Investigación de Defensa (DRD), Biblioteca del Congreso (LoC) | AA2: Oficina Federal de Investigación (FBI) | AB2: Oficina Federal de Investigación (FBI) | AC2: Oficina Federal de Investigación (FBI) | AD2: Oficina Federal de Investigación (FBI) | AE2: Oficina Federal de Investigación (FBI) | AF2: Oficina Federal de Narcóticos (FBN) | AG2: Administración Nacional del Aire y del Espacio (NASA) | AH2: Oficina Nacional de Reconocimiento (NRO) | AI2: Agencia de Seguridad Nacional (NSA) | AJ2: Agencia de Seguridad Nacional (NSA) | AK2: Oficina de Inteligencia Naval (ONI) | AL2: Oficina de Inteligencia Naval (ONI) | AM2: Oficina de Inteligencia Naval (ONI) | AN2: Oficina de Inteligencia Naval (ONI) | AO2: Departamento de Estado | AP2: Departamento de Estado | AQ2: Departamento de Estado | AR2: Servicio de Marshals de los Estados Unidos | AS2: No Gubernamental | AT2: No Gubernamental | AU2: No Gubernamental | AV2: No Gubernamental | AW2: No Gubernamental | AX2: No Gubernamental | AY2: No Gubernamental | AZ2: No Gubernamental | BA2: No Gubernamental | BB2: No Gubernamental | BC2: No Gubernamental | BD2: No Gubernamental | BE2: No Gubernamental | BF2: No Gubernamental | BG2: No Gubernamental | BH2: No Gubernamental | BI2: No Gubernamental
C3: Investigador ARPA | D3: Investigador AFOSI | E3: Investigador AFOSI | F3: Investigador AEC | G3: Dirección de Inteligencia analítica (CIA) | H3: Supervisor de dirección de planes (CIA) | I3: Operativo de dirección de planes (CIA) | J3: Especialista en la oficina de investigación y desarrollo (ORD) (CIA) | K3: Oficial de la división de acción política (PAD) (CIA) | L3: Agente dela división de operaciones especiales (SOD) (CIA) | M3: Agente dela división de operaciones especiales (SOD) (CIA) | N3: Especialista en allanamiento clandestino (CIA) | O3: Diseñador de la división de Servicios Técnicos (TSD) (CIA) | P3: Investigador del CDC | Q3: Analista de la DIA | R3: Agregado militar (DIA) | S3: Agregado militar (DIA) | T3: Agregado militar (DIA) | U3: Agregado militar (DIA) | V3: Agregado militar (DIA) | W3: Agregado militar (DIA) | X3: Agregado militar (DIA) | Y3: Agregado militar (DIA) | Z3: Investigador del DRD en la LoC | AA3: Investigador de laboratorio del FBI | AB3: Agente especial del FBI | AC3: Agente encubierto del FBI | AD3: División de Inteligencia Nacional (operaciones encubiertas) (FBI) | AE3: División de Seguridad Nacional | AF3: Agente de la FBN | AG3: Ingeniero de la NASA | AH3: Ingeniero de sistemas NRO | AI3: Analista de la NSA | AJ3: Especialista de seguridad de la NSA | AK3: Analista de la ONI | AL3: Analista de la ONI | AM3: Supervisor del TF157 (ONI) | AN3: Supervisor del TF157 (ONI) | AO3: Funcionario del Ministerio de Exteriores (Departamento de Estado) | AP3: Analista del INR (Departamento de Estado) | AQ3: Agente especial de la SY (Departamento de Estado) | AR3: Marshal de los EEUU | AS3: Activista | AT3: Arqueólogo | AU3: Ingeniero | AV3: Técnico | AW3: Gánster | AX3: Médico | AY3: Psiquiatra | AZ3: Piloto | BA3: Académico Químico | BB3: Académico Biólogo | BC3: Académico Físico | BD3: Académico Arquitecto | BE3: Académico Historiador | BF3: Académico Arte | BG3: Académico Matemático | BH3: Académico Economista | BI3: Guerrero Tribal
D4: Piloto | E4: Piloto en servicio activo | L4: Soldado en servicio activo | M4: Fuerzas especiales | R4: Soldado | S4: Soldado en servicio activo | T4: Infante de marina | U4: Infante de marina en servicio activo | V4: Marinero | W4: Marinero en servicio activo | X4: Piloto | Y4: Piloto en servicio activo | AK4: Marinero | AL4: Marinero en servicio activo | AM4: Marinero | AN4: Marinero en servicio activo
C5: 1 | D5: 2 | E5: 3 | F5: 4 | G5: 5 | H5: 6 | I5: 7 | J5: 8 | K5: 9 | L5: 10 | M5: 11 | N5: 12 | O5: 13 | P5: 14 | Q5: 15 | R5: 16 | S5: 17 | T5: 18 | U5: 19 | V5: 20 | W5: 21 | X5: 22 | Y5: 23 | Z5: 24 | AA5: 25 | AB5: 26 | AC5: 27 | AD5: 28 | AE5: 29 | AF5: 30 | AG5: 31 | AH5: 32 | AI5: 33 | AJ5: 34 | AK5: 35 | AL5: 36 | AM5: 37 | AN5: 38 | AO5: 39 | AP5: 40 | AQ5: 41 | AR5: 42 | AS5: 43 | AT5: 44 | AU5: 45 | AV5: 46 | AW5: 47 | AX5: 48 | AY5: 49 | AZ5: 50 | BA5: 51 | BB5: 52 | BC5: 53 | BD5: 54 | BE5: 55 | BF5: 56 | BG5: 57 | BH5: 58 | BI5: 59
A6: Sin servicio | C6: =IF('Tabla de posibilidad HG'!C6<=Hoja1!$D$8,IF('Tabla de posibilidad HI'!C6<=Hoja1!$D$7,IF('Tabla de posibilidad Requisitos'!C6=1,IF('Tabla de posibilidad Localizaci'!C6=1,1,"."),"."),"."),".") -> 1 | D6: =IF('Tabla de posibilidad HG'!D6<=Hoja1!$D$8,IF('Tabla de posibilidad HI'!D6<=Hoja1!$D$7,IF('Tabla de posibilidad Requisitos'!D6=1,IF('Tabla de posibilidad Localizaci'!D6=1,1+$C6,"."),"."),"."),".") -> . | E6: =IF('Tabla de posibilidad HG'!E6<=Hoja1!$D$8,IF('Tabla de posibilidad HI'!E6<=Hoja1!$D$7,IF('Tabla de posibilidad Requisitos'!E6=1,IF('Tabla de posibilidad Localizaci'!E6=1,1+MAX($C6:D6),"."),"."),"."),".") -> . | F6: =IF('Tabla de posibilidad HG'!F6<=Hoja1!$D$8,IF('Tabla de posibilidad HI'!F6<=Hoja1!$D$7,IF('Tabla de posibilidad Requisitos'!F6=1,IF('Tabla de posibilidad Localizaci'!F6=1,1+MAX($C6:E6),"."),"."),"."),".") -> 2 | G6: =IF('Tabla de posibilidad HG'!G6<=Hoja1!$D$8,IF('Tabla de posibilidad HI'!G6<=Hoja1!$D$7,IF('Tabla de posibilidad Requisitos'!G6=1,IF('Tabla de posibilidad Localizaci'!G6=1,1+MAX($C6:F6),"."),"."),"."),".") -> 3 | H6: =IF('Tabla de posibilidad HG'!H6<=Hoja1!$D$8,IF('Tabla de posibilidad HI'!H6<=Hoja1!$D$7,IF('Tabla de posibilidad Requisitos'!H6=1,IF('Tabla de posibilidad Localizaci'!H6=1,1+MAX($C6:G6),"."),"."),"."),".") -> 4 | I6: =IF('Tabla de posibilidad HG'!I6<=Hoja1!$D$8,IF('Tabla de posibilidad HI'!I6<=Hoja1!$D$7,IF('Tabla de posibilidad Requisitos'!I6=1,IF('Tabla de posibilidad Localizaci'!I6=1,1+MAX($C6:H6),"."),"."),"."),".") -> 5 | J6: =IF('Tabla de posibilidad HG'!J6<=Hoja1!$D$8,IF('Tabla de posibilidad HI'!J6<=Hoja1!$D$7,IF('Tabla de posibilidad Requisitos'!J6=1,IF('Tabla de posibilidad Localizaci'!J6=1,1+MAX($C6:I6),"."),"."),"."),".") -> 6 | K6: =IF('Tabla de posibilidad HG'!K6<=Hoja1!$D$8,IF('Tabla de posibilidad HI'!K6<=Hoja1!$D$7,IF('Tabla de posibilidad Requisitos'!K6=1,IF('Tabla de posibilidad Localizaci'!K6=1,1+MAX($C6:J6),"."),"."),"."),".") -> 7 | L6: =IF('Tabla de posibilidad HG'!L6<=Hoja1!$D$8,IF('Tabla de posibilidad HI'!L6<=Hoja1!$D$7,IF('Tabla de posibilidad Requisitos'!L6=1,IF('Tabla de posibilidad Localizaci'!L6=1,1+MAX($C6:K6),"."),"."),"."),".") -> . | ... BI6: =IF('Tabla de posibilidad HG'!BI6<=Hoja1!$D$8,IF('Tabla de posibilidad HI'!BI6<=Hoja1!$D$7,IF('Tabla de posibilidad Requisitos'!BI6=1,IF('Tabla de posibilidad Localizaci'!BI6=1,1+MAX($C6:BH6),"."),"."),"."),".") -> 43
A7: Alistamiento en tiemposde paz | C7: =IF('Tabla de posibilidad HG'!C7<=Hoja1!$D$8,IF('Tabla de posibilidad HI'!C7<=Hoja1!$D$7,IF('Tabla de posibilidad Requisitos'!C7=1,IF('Tabla de posibilidad Localizaci'!C7=1,1,"."),"."),"."),".") -> 1 | D7: =IF('Tabla de posibilidad HG'!D7<=Hoja1!$D$8,IF('Tabla de posibilidad HI'!D7<=Hoja1!$D$7,IF('Tabla de posibilidad Requisitos'!D7=1,IF('Tabla de posibilidad Localizaci'!D7=1,1+$C7,"."),"."),"."),".") -> . | E7: =IF('Tabla de posibilidad HG'!E7<=Hoja1!$D$8,IF('Tabla de posibilidad HI'!E7<=Hoja1!$D$7,IF('Tabla de posibilidad Requisitos'!E7=1,IF('Tabla de posibilidad Localizaci'!E7=1,1+MAX($C7:D7),"."),"."),"."),".") -> . | F7: =IF('Tabla de posibilidad HG'!F7<=Hoja1!$D$8,IF('Tabla de posibilidad HI'!F7<=Hoja1!$D$7,IF('Tabla de posibilidad Requisitos'!F7=1,IF('Tabla de posibilidad Localizaci'!F7=1,1+MAX($C7:E7),"."),"."),"."),".") -> 2 | G7: =IF('Tabla de posibilidad HG'!G7<=Hoja1!$D$8,IF('Tabla de posibilidad HI'!G7<=Hoja1!$D$7,IF('Tabla de posibilidad Requisitos'!G7=1,IF('Tabla de posibilidad Localizaci'!G7=1,1+MAX($C7:F7),"."),"."),"."),".") -> 3 | H7: =IF('Tabla de posibilidad HG'!H7<=Hoja1!$D$8,IF('Tabla de posibilidad HI'!H7<=Hoja1!$D$7,IF('Tabla de posibilidad Requisitos'!H7=1,IF('Tabla de posibilidad Localizaci'!H7=1,1+MAX($C7:G7),"."),"."),"."),".") -> 4 | I7: =IF('Tabla de posibilidad HG'!I7<=Hoja1!$D$8,IF('Tabla de posibilidad HI'!I7<=Hoja1!$D$7,IF('Tabla de posibilidad Requisitos'!I7=1,IF('Tabla de posibilidad Localizaci'!I7=1,1+MAX($C7:H7),"."),"."),"."),".") -> 5 | J7: =IF('Tabla de posibilidad HG'!J7<=Hoja1!$D$8,IF('Tabla de posibilidad HI'!J7<=Hoja1!$D$7,IF('Tabla de posibilidad Requisitos'!J7=1,IF('Tabla de posibilidad Localizaci'!J7=1,1+MAX($C7:I7),"."),"."),"."),".") -> 6 | K7: =IF('Tabla de posibilidad HG'!K7<=Hoja1!$D$8,IF('Tabla de posibilidad HI'!K7<=Hoja1!$D$7,IF('Tabla de posibilidad Requisitos'!K7=1,IF('Tabla de posibilidad Localizaci'!K7=1,1+MAX($C7:J7),"."),"."),"."),".") -> 7 | L7: =IF('Tabla de posibilidad HG'!L7<=Hoja1!$D$8,IF('Tabla de posibilidad HI'!L7<=Hoja1!$D$7,IF('Tabla de posibilidad Requisitos'!L7=1,IF('Tabla de posibilidad Localizaci'!L7=1,1+MAX($C7:K7),"."),"."),"."),".") -> . | ... BI7: =IF('Tabla de posibilidad HG'!BI7<=Hoja1!$D$8,IF('Tabla de posibilidad HI'!BI7<=Hoja1!$D$7,IF('Tabla de posibilidad Requisitos'!BI7=1,IF('Tabla de posibilidad Localizaci'!BI7=1,1+MAX($C7:BH7),"."),"."),"."),".") -> 43
A8: Capellan | C8: =IF('Tabla de posibilidad HG'!C8<=Hoja1!$D$8,IF('Tabla de posibilidad HI'!C8<=Hoja1!$D$7,IF('Tabla de posibilidad Requisitos'!C8=1,IF('Tabla de posibilidad Localizaci'!C8=1,1,"."),"."),"."),".") -> 1 | D8: =IF('Tabla de posibilidad HG'!D8<=Hoja1!$D$8,IF('Tabla de posibilidad HI'!D8<=Hoja1!$D$7,IF('Tabla de posibilidad Requisitos'!D8=1,IF('Tabla de posibilidad Localizaci'!D8=1,1+$C8,"."),"."),"."),".") -> . | E8: =IF('Tabla de posibilidad HG'!E8<=Hoja1!$D$8,IF('Tabla de posibilidad HI'!E8<=Hoja1!$D$7,IF('Tabla de posibilidad Requisitos'!E8=1,IF('Tabla de posibilidad Localizaci'!E8=1,1+MAX($C8:D8),"."),"."),"."),".") -> . | F8: =IF('Tabla de posibilidad HG'!F8<=Hoja1!$D$8,IF('Tabla de posibilidad HI'!F8<=Hoja1!$D$7,IF('Tabla de posibilidad Requisitos'!F8=1,IF('Tabla de posibilidad Localizaci'!F8=1,1+MAX($C8:E8),"."),"."),"."),".") -> 2 | G8: =IF('Tabla de posibilidad HG'!G8<=Hoja1!$D$8,IF('Tabla de posibilidad HI'!G8<=Hoja1!$D$7,IF('Tabla de posibilidad Requisitos'!G8=1,IF('Tabla de posibilidad Localizaci'!G8=1,1+MAX($C8:F8),"."),"."),"."),".") -> 3 | H8: =IF('Tabla de posibilidad HG'!H8<=Hoja1!$D$8,IF('Tabla de posibilidad HI'!H8<=Hoja1!$D$7,IF('Tabla de posibilidad Requisitos'!H8=1,IF('Tabla de posibilidad Localizaci'!H8=1,1+MAX($C8:G8),"."),"."),"."),".") -> 4 | I8: =IF('Tabla de posibilidad HG'!I8<=Hoja1!$D$8,IF('Tabla de posibilidad HI'!I8<=Hoja1!$D$7,IF('Tabla de posibilidad Requisitos'!I8=1,IF('Tabla de posibilidad Localizaci'!I8=1,1+MAX($C8:H8),"."),"."),"."),".") -> 5 | J8: =IF('Tabla de posibilidad HG'!J8<=Hoja1!$D$8,IF('Tabla de posibilidad HI'!J8<=Hoja1!$D$7,IF('Tabla de posibilidad Requisitos'!J8=1,IF('Tabla de posibilidad Localizaci'!J8=1,1+MAX($C8:I8),"."),"."),"."),".") -> 6 | K8: =IF('Tabla de posibilidad HG'!K8<=Hoja1!$D$8,IF('Tabla de posibilidad HI'!K8<=Hoja1!$D$7,IF('Tabla de posibilidad Requisitos'!K8=1,IF('Tabla de posibilidad Localizaci'!K8=1,1+MAX($C8:J8),"."),"."),"."),".") -> 7 | L8: =IF('Tabla de posibilidad HG'!L8<=Hoja1!$D$8,IF('Tabla de posibilidad HI'!L8<=Hoja1!$D$7,IF('Tabla de posibilidad Requisitos'!L8=1,IF('Tabla de posibilidad Localizaci'!L8=1,1+MAX($C8:K8),"."),"."),"."),".") -> . | ... BI8: =IF('Tabla de posibilidad HG'!BI8<=Hoja1!$D$8,IF('Tabla de posibilidad HI'!BI8<=Hoja1!$D$7,IF('Tabla de posibilidad Requisitos'!BI8=1,IF('Tabla de posibilidad Localizaci'!BI8=1,1+MAX($C8:BH8),"."),"."),"."),".") -> 43
A9: Capellan en servicio activo | C9: =IF('Tabla de posibilidad HG'!C9<=Hoja1!$D$8,IF('Tabla de posibilidad HI'!C9<=Hoja1!$D$7,IF('Tabla de posibilidad Requisitos'!C9=1,IF('Tabla de posibilidad Localizaci'!C9=1,1,"."),"."),"."),".") -> . | D9: =IF('Tabla de posibilidad HG'!D9<=Hoja1!$D$8,IF('Tabla de posibilidad HI'!D9<=Hoja1!$D$7,IF('Tabla de posibilidad Requisitos'!D9=1,IF('Tabla de posibilidad Localizaci'!D9=1,1+$C9,"."),"."),"."),".") -> . | E9: =IF('Tabla de posibilidad HG'!E9<=Hoja1!$D$8,IF('Tabla de posibilidad HI'!E9<=Hoja1!$D$7,IF('Tabla de posibilidad Requisitos'!E9=1,IF('Tabla de posibilidad Localizaci'!E9=1,1+MAX($C9:D9),"."),"."),"."),".") -> . | F9: =IF('Tabla de posibilidad HG'!F9<=Hoja1!$D$8,IF('Tabla de posibilidad HI'!F9<=Hoja1!$D$7,IF('Tabla de posibilidad Requisitos'!F9=1,IF('Tabla de posibilidad Localizaci'!F9=1,1+MAX($C9:E9),"."),"."),"."),".") -> . | G9: =IF('Tabla de posibilidad HG'!G9<=Hoja1!$D$8,IF('Tabla de posibilidad HI'!G9<=Hoja1!$D$7,IF('Tabla de posibilidad Requisitos'!G9=1,IF('Tabla de posibilidad Localizaci'!G9=1,1+MAX($C9:F9),"."),"."),"."),".") -> . | H9: =IF('Tabla de posibilidad HG'!H9<=Hoja1!$D$8,IF('Tabla de posibilidad HI'!H9<=Hoja1!$D$7,IF('Tabla de posibilidad Requisitos'!H9=1,IF('Tabla de posibilidad Localizaci'!H9=1,1+MAX($C9:G9),"."),"."),"."),".") -> . | I9: =IF('Tabla de posibilidad HG'!I9<=Hoja1!$D$8,IF('Tabla de posibilidad HI'!I9<=Hoja1!$D$7,IF('Tabla de posibilidad Requisitos'!I9=1,IF('Tabla de posibilidad Localizaci'!I9=1,1+MAX($C9:H9),"."),"."),"."),".") -> . | J9: =IF('Tabla de posibilidad HG'!J9<=Hoja1!$D$8,IF('Tabla de posibilidad HI'!J9<=Hoja1!$D$7,IF('Tabla de posibilidad Requisitos'!J9=1,IF('Tabla de posibilidad Localizaci'!J9=1,1+MAX($C9:I9),"."),"."),"."),".") -> . | K9: =IF('Tabla de posibilidad HG'!K9<=Hoja1!$D$8,IF('Tabla de posibilidad HI'!K9<=Hoja1!$D$7,IF('Tabla de posibilidad Requisitos'!K9=1,IF('Tabla de posibilidad Localizaci'!K9=1,1+MAX($C9:J9),"."),"."),"."),".") -> . | L9: =IF('Tabla de posibilidad HG'!L9<=Hoja1!$D$8,IF('Tabla de posibilidad HI'!L9<=Hoja1!$D$7,IF('Tabla de posibilidad Requisitos'!L9=1,IF('Tabla de posibilidad Localizaci'!L9=1,1+MAX($C9:K9),"."),"."),"."),".") -> . | ... BI9: =IF('Tabla de posibilidad HG'!BI9<=Hoja1!$D$8,IF('Tabla de posibilidad HI'!BI9<=Hoja1!$D$7,IF('Tabla de posibilidad Requisitos'!BI9=1,IF('Tabla de posibilidad Localizaci'!BI9=1,1+MAX($C9:BH9),"."),"."),"."),".") -> .
A10: Médico | C10: =IF('Tabla de posibilidad HG'!C10<=Hoja1!$D$8,IF('Tabla de posibilidad HI'!C10<=Hoja1!$D$7,IF('Tabla de posibilidad Requisitos'!C10=1,IF('Tabla de posibilidad Localizaci'!C10=1,1,"."),"."),"."),".") -> 1 | D10: =IF('Tabla de posibilidad HG'!D10<=Hoja1!$D$8,IF('Tabla de posibilidad HI'!D10<=Hoja1!$D$7,IF('Tabla de posibilidad Requisitos'!D10=1,IF('Tabla de posibilidad Localizaci'!D10=1,1+$C10,"."),"."),"."),".") -> . | E10: =IF('Tabla de posibilidad HG'!E10<=Hoja1!$D$8,IF('Tabla de posibilidad HI'!E10<=Hoja1!$D$7,IF('Tabla de posibilidad Requisitos'!E10=1,IF('Tabla de posibilidad Localizaci'!E10=1,1+MAX($C10:D10),"."),"."),"."),".") -> . | F10: =IF('Tabla de posibilidad HG'!F10<=Hoja1!$D$8,IF('Tabla de posibilidad HI'!F10<=Hoja1!$D$7,IF('Tabla de posibilidad Requisitos'!F10=1,IF('Tabla de posibilidad Localizaci'!F10=1,1+MAX($C10:E10),"."),"."),"."),".") -> 2 | G10: =IF('Tabla de posibilidad HG'!G10<=Hoja1!$D$8,IF('Tabla de posibilidad HI'!G10<=Hoja1!$D$7,IF('Tabla de posibilidad Requisitos'!G10=1,IF('Tabla de posibilidad Localizaci'!G10=1,1+MAX($C10:F10),"."),"."),"."),".") -> 3 | H10: =IF('Tabla de posibilidad HG'!H10<=Hoja1!$D$8,IF('Tabla de posibilidad HI'!H10<=Hoja1!$D$7,IF('Tabla de posibilidad Requisitos'!H10=1,IF('Tabla de posibilidad Localizaci'!H10=1,1+MAX($C10:G10),"."),"."),"."),".") -> 4 | I10: =IF('Tabla de posibilidad HG'!I10<=Hoja1!$D$8,IF('Tabla de posibilidad HI'!I10<=Hoja1!$D$7,IF('Tabla de posibilidad Requisitos'!I10=1,IF('Tabla de posibilidad Localizaci'!I10=1,1+MAX($C10:H10),"."),"."),"."),".") -> 5 | J10: =IF('Tabla de posibilidad HG'!J10<=Hoja1!$D$8,IF('Tabla de posibilidad HI'!J10<=Hoja1!$D$7,IF('Tabla de posibilidad Requisitos'!J10=1,IF('Tabla de posibilidad Localizaci'!J10=1,1+MAX($C10:I10),"."),"."),"."),".") -> 6 | K10: =IF('Tabla de posibilidad HG'!K10<=Hoja1!$D$8,IF('Tabla de posibilidad HI'!K10<=Hoja1!$D$7,IF('Tabla de posibilidad Requisitos'!K10=1,IF('Tabla de posibilidad Localizaci'!K10=1,1+MAX($C10:J10),"."),"."),"."),".") -> 7 | L10: =IF('Tabla de posibilidad HG'!L10<=Hoja1!$D$8,IF('Tabla de posibilidad HI'!L10<=Hoja1!$D$7,IF('Tabla de posibilidad Requisitos'!L10=1,IF('Tabla de posibilidad Localizaci'!L10=1,1+MAX($C10:K10),"."),"."),"."),".") -> . | ... BI10: =IF('Tabla de posibilidad HG'!BI10<=Hoja1!$D$8,IF('Tabla de posibilidad HI'!BI10<=Hoja1!$D$7,IF('Tabla de posibilidad Requisitos'!BI10=1,IF('Tabla de posibilidad Localizaci'!BI10=1,1+MAX($C10:BH10),"."),"."),"."),".") -> 43
A11: Médico en servicio activo | C11: =IF('Tabla de posibilidad HG'!C11<=Hoja1!$D$8,IF('Tabla de posibilidad HI'!C11<=Hoja1!$D$7,IF('Tabla de posibilidad Requisitos'!C11=1,IF('Tabla de posibilidad Localizaci'!C11=1,1,"."),"."),"."),".") -> . | D11: =IF('Tabla de posibilidad HG'!D11<=Hoja1!$D$8,IF('Tabla de posibilidad HI'!D11<=Hoja1!$D$7,IF('Tabla de posibilidad Requisitos'!D11=1,IF('Tabla de posibilidad Localizaci'!D11=1,1+$C11,"."),"."),"."),".") -> . | E11: =IF('Tabla de posibilidad HG'!E11<=Hoja1!$D$8,IF('Tabla de posibilidad HI'!E11<=Hoja1!$D$7,IF('Tabla de posibilidad Requisitos'!E11=1,IF('Tabla de posibilidad Localizaci'!E11=1,1+MAX($C11:D11),"."),"."),"."),".") -> . | F11: =IF('Tabla de posibilidad HG'!F11<=Hoja1!$D$8,IF('Tabla de posibilidad HI'!F11<=Hoja1!$D$7,IF('Tabla de posibilidad Requisitos'!F11=1,IF('Tabla de posibilidad Localizaci'!F11=1,1+MAX($C11:E11),"."),"."),"."),".") -> . | G11: =IF('Tabla de posibilidad HG'!G11<=Hoja1!$D$8,IF('Tabla de posibilidad HI'!G11<=Hoja1!$D$7,IF('Tabla de posibilidad Requisitos'!G11=1,IF('Tabla de posibilidad Localizaci'!G11=1,1+MAX($C11:F11),"."),"."),"."),".") -> . | H11: =IF('Tabla de posibilidad HG'!H11<=Hoja1!$D$8,IF('Tabla de posibilidad HI'!H11<=Hoja1!$D$7,IF('Tabla de posibilidad Requisitos'!H11=1,IF('Tabla de posibilidad Localizaci'!H11=1,1+MAX($C11:G11),"."),"."),"."),".") -> . | I11: =IF('Tabla de posibilidad HG'!I11<=Hoja1!$D$8,IF('Tabla de posibilidad HI'!I11<=Hoja1!$D$7,IF('Tabla de posibilidad Requisitos'!I11=1,IF('Tabla de posibilidad Localizaci'!I11=1,1+MAX($C11:H11),"."),"."),"."),".") -> . | J11: =IF('Tabla de posibilidad HG'!J11<=Hoja1!$D$8,IF('Tabla de posibilidad HI'!J11<=Hoja1!$D$7,IF('Tabla de posibilidad Requisitos'!J11=1,IF('Tabla de posibilidad Localizaci'!J11=1,1+MAX($C11:I11),"."),"."),"."),".") -> . | K11: =IF('Tabla de posibilidad HG'!K11<=Hoja1!$D$8,IF('Tabla de posibilidad HI'!K11<=Hoja1!$D$7,IF('Tabla de posibilidad Requisitos'!K11=1,IF('Tabla de posibilidad Localizaci'!K11=1,1+MAX($C11:J11),"."),"."),"."),".") -> . | L11: =IF('Tabla de posibilidad HG'!L11<=Hoja1!$D$8,IF('Tabla de posibilidad HI'!L11<=Hoja1!$D$7,IF('Tabla de posibilidad Requisitos'!L11=1,IF('Tabla de posibilidad Localizaci'!L11=1,1+MAX($C11:K11),"."),"."),"."),".") -> . | ... BI11: =IF('Tabla de posibilidad HG'!BI11<=Hoja1!$D$8,IF('Tabla de posibilidad HI'!BI11<=Hoja1!$D$7,IF('Tabla de posibilidad Requisitos'!BI11=1,IF('Tabla de posibilidad Localizaci'!BI11=1,1+MAX($C11:BH11),"."),"."),"."),".") -> .
A12: Cuerpo médico del ejército | C12: =IF('Tabla de posibilidad HG'!C12<=Hoja1!$D$8,IF('Tabla de posibilidad HI'!C12<=Hoja1!$D$7,IF('Tabla de posibilidad Requisitos'!C12=1,IF('Tabla de posibilidad Localizaci'!C12=1,1,"."),"."),"."),".") -> . | D12: =IF('Tabla de posibilidad HG'!D12<=Hoja1!$D$8,IF('Tabla de posibilidad HI'!D12<=Hoja1!$D$7,IF('Tabla de posibilidad Requisitos'!D12=1,IF('Tabla de posibilidad Localizaci'!D12=1,1+$C12,"."),"."),"."),".") -> . | E12: =IF('Tabla de posibilidad HG'!E12<=Hoja1!$D$8,IF('Tabla de posibilidad HI'!E12<=Hoja1!$D$7,IF('Tabla de posibilidad Requisitos'!E12=1,IF('Tabla de posibilidad Localizaci'!E12=1,1+MAX($C12:D12),"."),"."),"."),".") -> . | F12: =IF('Tabla de posibilidad HG'!F12<=Hoja1!$D$8,IF('Tabla de posibilidad HI'!F12<=Hoja1!$D$7,IF('Tabla de posibilidad Requisitos'!F12=1,IF('Tabla de posibilidad Localizaci'!F12=1,1+MAX($C12:E12),"."),"."),"."),".") -> . | G12: =IF('Tabla de posibilidad HG'!G12<=Hoja1!$D$8,IF('Tabla de posibilidad HI'!G12<=Hoja1!$D$7,IF('Tabla de posibilidad Requisitos'!G12=1,IF('Tabla de posibilidad Localizaci'!G12=1,1+MAX($C12:F12),"."),"."),"."),".") -> . | H12: =IF('Tabla de posibilidad HG'!H12<=Hoja1!$D$8,IF('Tabla de posibilidad HI'!H12<=Hoja1!$D$7,IF('Tabla de posibilidad Requisitos'!H12=1,IF('Tabla de posibilidad Localizaci'!H12=1,1+MAX($C12:G12),"."),"."),"."),".") -> . | I12: =IF('Tabla de posibilidad HG'!I12<=Hoja1!$D$8,IF('Tabla de posibilidad HI'!I12<=Hoja1!$D$7,IF('Tabla de posibilidad Requisitos'!I12=1,IF('Tabla de posibilidad Localizaci'!I12=1,1+MAX($C12:H12),"."),"."),"."),".") -> . | J12: =IF('Tabla de posibilidad HG'!J12<=Hoja1!$D$8,IF('Tabla de posibilidad HI'!J12<=Hoja1!$D$7,IF('Tabla de posibilidad Requisitos'!J12=1,IF('Tabla de posibilidad Localizaci'!J12=1,1+MAX($C12:I12),"."),"."),"."),".") -> . | K12: =IF('Tabla de posibilidad HG'!K12<=Hoja1!$D$8,IF('Tabla de posibilidad HI'!K12<=Hoja1!$D$7,IF('Tabla de posibilidad Requisitos'!K12=1,IF('Tabla de posibilidad Localizaci'!K12=1,1+MAX($C12:J12),"."),"."),"."),".") -> . | L12: =IF('Tabla de posibilidad HG'!L12<=Hoja1!$D$8,IF('Tabla de posibilidad HI'!L12<=Hoja1!$D$7,IF('Tabla de posibilidad Requisitos'!L12=1,IF('Tabla de posibilidad Localizaci'!L12=1,1+MAX($C12:K12),"."),"."),"."),".") -> . | ... BI12: =IF('Tabla de posibilidad HG'!BI12<=Hoja1!$D$8,IF('Tabla de posibilidad HI'!BI12<=Hoja1!$D$7,IF('Tabla de posibilidad Requisitos'!BI12=1,IF('Tabla de posibilidad Localizaci'!BI12=1,1+MAX($C12:BH12),"."),"."),"."),".") -> .
A13: Psiquiatra | C13: =IF('Tabla de posibilidad HG'!C13<=Hoja1!$D$8,IF('Tabla de posibilidad HI'!C13<=Hoja1!$D$7,IF('Tabla de posibilidad Requisitos'!C13=1,IF('Tabla de posibilidad Localizaci'!C13=1,1,"."),"."),"."),".") -> . | D13: =IF('Tabla de posibilidad HG'!D13<=Hoja1!$D$8,IF('Tabla de posibilidad HI'!D13<=Hoja1!$D$7,IF('Tabla de posibilidad Requisitos'!D13=1,IF('Tabla de posibilidad Localizaci'!D13=1,1+$C13,"."),"."),"."),".") -> . | E13: =IF('Tabla de posibilidad HG'!E13<=Hoja1!$D$8,IF('Tabla de posibilidad HI'!E13<=Hoja1!$D$7,IF('Tabla de posibilidad Requisitos'!E13=1,IF('Tabla de posibilidad Localizaci'!E13=1,1+MAX($C13:D13),"."),"."),"."),".") -> . | F13: =IF('Tabla de posibilidad HG'!F13<=Hoja1!$D$8,IF('Tabla de posibilidad HI'!F13<=Hoja1!$D$7,IF('Tabla de posibilidad Requisitos'!F13=1,IF('Tabla de posibilidad Localizaci'!F13=1,1+MAX($C13:E13),"."),"."),"."),".") -> . | G13: =IF('Tabla de posibilidad HG'!G13<=Hoja1!$D$8,IF('Tabla de posibilidad HI'!G13<=Hoja1!$D$7,IF('Tabla de posibilidad Requisitos'!G13=1,IF('Tabla de posibilidad Localizaci'!G13=1,1+MAX($C13:F13),"."),"."),"."),".") -> . | H13: =IF('Tabla de posibilidad HG'!H13<=Hoja1!$D$8,IF('Tabla de posibilidad HI'!H13<=Hoja1!$D$7,IF('Tabla de posibilidad Requisitos'!H13=1,IF('Tabla de posibilidad Localizaci'!H13=1,1+MAX($C13:G13),"."),"."),"."),".") -> . | I13: =IF('Tabla de posibilidad HG'!I13<=Hoja1!$D$8,IF('Tabla de posibilidad HI'!I13<=Hoja1!$D$7,IF('Tabla de posibilidad Requisitos'!I13=1,IF('Tabla de posibilidad Localizaci'!I13=1,1+MAX($C13:H13),"."),"."),"."),".") -> . | J13: =IF('Tabla de posibilidad HG'!J13<=Hoja1!$D$8,IF('Tabla de posibilidad HI'!J13<=Hoja1!$D$7,IF('Tabla de posibilidad Requisitos'!J13=1,IF('Tabla de posibilidad Localizaci'!J13=1,1+MAX($C13:I13),"."),"."),"."),".") -> . | K13: =IF('Tabla de posibilidad HG'!K13<=Hoja1!$D$8,IF('Tabla de posibilidad HI'!K13<=Hoja1!$D$7,IF('Tabla de posibilidad Requisitos'!K13=1,IF('Tabla de posibilidad Localizaci'!K13=1,1+MAX($C13:J13),"."),"."),"."),".") -> . | L13: =IF('Tabla de posibilidad HG'!L13<=Hoja1!$D$8,IF('Tabla de posibilidad HI'!L13<=Hoja1!$D$7,IF('Tabla de posibilidad Requisitos'!L13=1,IF('Tabla de posibilidad Localizaci'!L13=1,1+MAX($C13:K13),"."),"."),"."),".") -> . | ... BI13: =IF('Tabla de posibilidad HG'!BI13<=Hoja1!$D$8,IF('Tabla de posibilidad HI'!BI13<=Hoja1!$D$7,IF('Tabla de posibilidad Requisitos'!BI13=1,IF('Tabla de posibilidad Localizaci'!BI13=1,1+MAX($C13:BH13),"."),"."),"."),".") -> .
A14: Marinero | C14: =IF('Tabla de posibilidad HG'!C14<=Hoja1!$D$8,IF('Tabla de posibilidad HI'!C14<=Hoja1!$D$7,IF('Tabla de posibilidad Requisitos'!C14=1,IF('Tabla de posibilidad Localizaci'!C14=1,1,"."),"."),"."),".") -> 1 | D14: =IF('Tabla de posibilidad HG'!D14<=Hoja1!$D$8,IF('Tabla de posibilidad HI'!D14<=Hoja1!$D$7,IF('Tabla de posibilidad Requisitos'!D14=1,IF('Tabla de posibilidad Localizaci'!D14=1,1+$C14,"."),"."),"."),".") -> . | E14: =IF('Tabla de posibilidad HG'!E14<=Hoja1!$D$8,IF('Tabla de posibilidad HI'!E14<=Hoja1!$D$7,IF('Tabla de posibilidad Requisitos'!E14=1,IF('Tabla de posibilidad Localizaci'!E14=1,1+MAX($C14:D14),"."),"."),"."),".") -> . | F14: =IF('Tabla de posibilidad HG'!F14<=Hoja1!$D$8,IF('Tabla de posibilidad HI'!F14<=Hoja1!$D$7,IF('Tabla de posibilidad Requisitos'!F14=1,IF('Tabla de posibilidad Localizaci'!F14=1,1+MAX($C14:E14),"."),"."),"."),".") -> 2 | G14: =IF('Tabla de posibilidad HG'!G14<=Hoja1!$D$8,IF('Tabla de posibilidad HI'!G14<=Hoja1!$D$7,IF('Tabla de posibilidad Requisitos'!G14=1,IF('Tabla de posibilidad Localizaci'!G14=1,1+MAX($C14:F14),"."),"."),"."),".") -> 3 | H14: =IF('Tabla de posibilidad HG'!H14<=Hoja1!$D$8,IF('Tabla de posibilidad HI'!H14<=Hoja1!$D$7,IF('Tabla de posibilidad Requisitos'!H14=1,IF('Tabla de posibilidad Localizaci'!H14=1,1+MAX($C14:G14),"."),"."),"."),".") -> 4 | I14: =IF('Tabla de posibilidad HG'!I14<=Hoja1!$D$8,IF('Tabla de posibilidad HI'!I14<=Hoja1!$D$7,IF('Tabla de posibilidad Requisitos'!I14=1,IF('Tabla de posibilidad Localizaci'!I14=1,1+MAX($C14:H14),"."),"."),"."),".") -> 5 | J14: =IF('Tabla de posibilidad HG'!J14<=Hoja1!$D$8,IF('Tabla de posibilidad HI'!J14<=Hoja1!$D$7,IF('Tabla de posibilidad Requisitos'!J14=1,IF('Tabla de posibilidad Localizaci'!J14=1,1+MAX($C14:I14),"."),"."),"."),".") -> 6 | K14: =IF('Tabla de posibilidad HG'!K14<=Hoja1!$D$8,IF('Tabla de posibilidad HI'!K14<=Hoja1!$D$7,IF('Tabla de posibilidad Requisitos'!K14=1,IF('Tabla de posibilidad Localizaci'!K14=1,1+MAX($C14:J14),"."),"."),"."),".") -> 7 | L14: =IF('Tabla de posibilidad HG'!L14<=Hoja1!$D$8,IF('Tabla de posibilidad HI'!L14<=Hoja1!$D$7,IF('Tabla de posibilidad Requisitos'!L14=1,IF('Tabla de posibilidad Localizaci'!L14=1,1+MAX($C14:K14),"."),"."),"."),".") -> . | ... BI14: =IF('Tabla de posibilidad HG'!BI14<=Hoja1!$D$8,IF('Tabla de posibilidad HI'!BI14<=Hoja1!$D$7,IF('Tabla de posibilidad Requisitos'!BI14=1,IF('Tabla de posibilidad Localizaci'!BI14=1,1+MAX($C14:BH14),"."),"."),"."),".") -> 46
A15: Marinero en servicio activo | C15: =IF('Tabla de posibilidad HG'!C15<=Hoja1!$D$8,IF('Tabla de posibilidad HI'!C15<=Hoja1!$D$7,IF('Tabla de posibilidad Requisitos'!C15=1,IF('Tabla de posibilidad Localizaci'!C15=1,1,"."),"."),"."),".") -> . | D15: =IF('Tabla de posibilidad HG'!D15<=Hoja1!$D$8,IF('Tabla de posibilidad HI'!D15<=Hoja1!$D$7,IF('Tabla de posibilidad Requisitos'!D15=1,IF('Tabla de posibilidad Localizaci'!D15=1,1+$C15,"."),"."),"."),".") -> . | E15: =IF('Tabla de posibilidad HG'!E15<=Hoja1!$D$8,IF('Tabla de posibilidad HI'!E15<=Hoja1!$D$7,IF('Tabla de posibilidad Requisitos'!E15=1,IF('Tabla de posibilidad Localizaci'!E15=1,1+MAX($C15:D15),"."),"."),"."),".") -> . | F15: =IF('Tabla de posibilidad HG'!F15<=Hoja1!$D$8,IF('Tabla de posibilidad HI'!F15<=Hoja1!$D$7,IF('Tabla de posibilidad Requisitos'!F15=1,IF('Tabla de posibilidad Localizaci'!F15=1,1+MAX($C15:E15),"."),"."),"."),".") -> . | G15: =IF('Tabla de posibilidad HG'!G15<=Hoja1!$D$8,IF('Tabla de posibilidad HI'!G15<=Hoja1!$D$7,IF('Tabla de posibilidad Requisitos'!G15=1,IF('Tabla de posibilidad Localizaci'!G15=1,1+MAX($C15:F15),"."),"."),"."),".") -> . | H15: =IF('Tabla de posibilidad HG'!H15<=Hoja1!$D$8,IF('Tabla de posibilidad HI'!H15<=Hoja1!$D$7,IF('Tabla de posibilidad Requisitos'!H15=1,IF('Tabla de posibilidad Localizaci'!H15=1,1+MAX($C15:G15),"."),"."),"."),".") -> . | I15: =IF('Tabla de posibilidad HG'!I15<=Hoja1!$D$8,IF('Tabla de posibilidad HI'!I15<=Hoja1!$D$7,IF('Tabla de posibilidad Requisitos'!I15=1,IF('Tabla de posibilidad Localizaci'!I15=1,1+MAX($C15:H15),"."),"."),"."),".") -> . | J15: =IF('Tabla de posibilidad HG'!J15<=Hoja1!$D$8,IF('Tabla de posibilidad HI'!J15<=Hoja1!$D$7,IF('Tabla de posibilidad Requisitos'!J15=1,IF('Tabla de posibilidad Localizaci'!J15=1,1+MAX($C15:I15),"."),"."),"."),".") -> . | K15: =IF('Tabla de posibilidad HG'!K15<=Hoja1!$D$8,IF('Tabla de posibilidad HI'!K15<=Hoja1!$D$7,IF('Tabla de posibilidad Requisitos'!K15=1,IF('Tabla de posibilidad Localizaci'!K15=1,1+MAX($C15:J15),"."),"."),"."),".") -> . | L15: =IF('Tabla de posibilidad HG'!L15<=Hoja1!$D$8,IF('Tabla de posibilidad HI'!L15<=Hoja1!$D$7,IF('Tabla de posibilidad Requisitos'!L15=1,IF('Tabla de posibilidad Localizaci'!L15=1,1+MAX($C15:K15),"."),"."),"."),".") -> . | ... BI15: =IF('Tabla de posibilidad HG'!BI15<=Hoja1!$D$8,IF('Tabla de posibilidad HI'!BI15<=Hoja1!$D$7,IF('Tabla de posibilidad Requisitos'!BI15=1,IF('Tabla de posibilidad Localizaci'!BI15=1,1+MAX($C15:BH15),"."),"."),"."),".") -> .
A16: Piloto | C16: =IF('Tabla de posibilidad HG'!C16<=Hoja1!$D$8,IF('Tabla de posibilidad HI'!C16<=Hoja1!$D$7,IF('Tabla de posibilidad Requisitos'!C16=1,IF('Tabla de posibilidad Localizaci'!C16=1,1,"."),"."),"."),".") -> 1 | D16: =IF('Tabla de posibilidad HG'!D16<=Hoja1!$D$8,IF('Tabla de posibilidad HI'!D16<=Hoja1!$D$7,IF('Tabla de posibilidad Requisitos'!D16=1,IF('Tabla de posibilidad Localizaci'!D16=1,1+$C16,"."),"."),"."),".") -> 2 | E16: =IF('Tabla de posibilidad HG'!E16<=Hoja1!$D$8,IF('Tabla de posibilidad HI'!E16<=Hoja1!$D$7,IF('Tabla de posibilidad Requisitos'!E16=1,IF('Tabla de posibilidad Localizaci'!E16=1,1+MAX($C16:D16),"."),"."),"."),".") -> . | F16: =IF('Tabla de posibilidad HG'!F16<=Hoja1!$D$8,IF('Tabla de posibilidad HI'!F16<=Hoja1!$D$7,IF('Tabla de posibilidad Requisitos'!F16=1,IF('Tabla de posibilidad Localizaci'!F16=1,1+MAX($C16:E16),"."),"."),"."),".") -> 3 | G16: =IF('Tabla de posibilidad HG'!G16<=Hoja1!$D$8,IF('Tabla de posibilidad HI'!G16<=Hoja1!$D$7,IF('Tabla de posibilidad Requisitos'!G16=1,IF('Tabla de posibilidad Localizaci'!G16=1,1+MAX($C16:F16),"."),"."),"."),".") -> 4 | H16: =IF('Tabla de posibilidad HG'!H16<=Hoja1!$D$8,IF('Tabla de posibilidad HI'!H16<=Hoja1!$D$7,IF('Tabla de posibilidad Requisitos'!H16=1,IF('Tabla de posibilidad Localizaci'!H16=1,1+MAX($C16:G16),"."),"."),"."),".") -> 5 | I16: =IF('Tabla de posibilidad HG'!I16<=Hoja1!$D$8,IF('Tabla de posibilidad HI'!I16<=Hoja1!$D$7,IF('Tabla de posibilidad Requisitos'!I16=1,IF('Tabla de posibilidad Localizaci'!I16=1,1+MAX($C16:H16),"."),"."),"."),".") -> 6 | J16: =IF('Tabla de posibilidad HG'!J16<=Hoja1!$D$8,IF('Tabla de posibilidad HI'!J16<=Hoja1!$D$7,IF('Tabla de posibilidad Requisitos'!J16=1,IF('Tabla de posibilidad Localizaci'!J16=1,1+MAX($C16:I16),"."),"."),"."),".") -> 7 | K16: =IF('Tabla de posibilidad HG'!K16<=Hoja1!$D$8,IF('Tabla de posibilidad HI'!K16<=Hoja1!$D$7,IF('Tabla de posibilidad Requisitos'!K16=1,IF('Tabla de posibilidad Localizaci'!K16=1,1+MAX($C16:J16),"."),"."),"."),".") -> 8 | L16: =IF('Tabla de posibilidad HG'!L16<=Hoja1!$D$8,IF('Tabla de posibilidad HI'!L16<=Hoja1!$D$7,IF('Tabla de posibilidad Requisitos'!L16=1,IF('Tabla de posibilidad Localizaci'!L16=1,1+MAX($C16:K16),"."),"."),"."),".") -> . | ... BI16: =IF('Tabla de posibilidad HG'!BI16<=Hoja1!$D$8,IF('Tabla de posibilidad HI'!BI16<=Hoja1!$D$7,IF('Tabla de posibilidad Requisitos'!BI16=1,IF('Tabla de posibilidad Localizaci'!BI16=1,1+MAX($C16:BH16),"."),"."),"."),".") -> 45
A17: Piloto en servicio activo | C17: =IF('Tabla de posibilidad HG'!C17<=Hoja1!$D$8,IF('Tabla de posibilidad HI'!C17<=Hoja1!$D$7,IF('Tabla de posibilidad Requisitos'!C17=1,IF('Tabla de posibilidad Localizaci'!C17=1,1,"."),"."),"."),".") -> . | D17: =IF('Tabla de posibilidad HG'!D17<=Hoja1!$D$8,IF('Tabla de posibilidad HI'!D17<=Hoja1!$D$7,IF('Tabla de posibilidad Requisitos'!D17=1,IF('Tabla de posibilidad Localizaci'!D17=1,1+$C17,"."),"."),"."),".") -> . | E17: =IF('Tabla de posibilidad HG'!E17<=Hoja1!$D$8,IF('Tabla de posibilidad HI'!E17<=Hoja1!$D$7,IF('Tabla de posibilidad Requisitos'!E17=1,IF('Tabla de posibilidad Localizaci'!E17=1,1+MAX($C17:D17),"."),"."),"."),".") -> 1 | F17: =IF('Tabla de posibilidad HG'!F17<=Hoja1!$D$8,IF('Tabla de posibilidad HI'!F17<=Hoja1!$D$7,IF('Tabla de posibilidad Requisitos'!F17=1,IF('Tabla de posibilidad Localizaci'!F17=1,1+MAX($C17:E17),"."),"."),"."),".") -> . | G17: =IF('Tabla de posibilidad HG'!G17<=Hoja1!$D$8,IF('Tabla de posibilidad HI'!G17<=Hoja1!$D$7,IF('Tabla de posibilidad Requisitos'!G17=1,IF('Tabla de posibilidad Localizaci'!G17=1,1+MAX($C17:F17),"."),"."),"."),".") -> . | H17: =IF('Tabla de posibilidad HG'!H17<=Hoja1!$D$8,IF('Tabla de posibilidad HI'!H17<=Hoja1!$D$7,IF('Tabla de posibilidad Requisitos'!H17=1,IF('Tabla de posibilidad Localizaci'!H17=1,1+MAX($C17:G17),"."),"."),"."),".") -> . | I17: =IF('Tabla de posibilidad HG'!I17<=Hoja1!$D$8,IF('Tabla de posibilidad HI'!I17<=Hoja1!$D$7,IF('Tabla de posibilidad Requisitos'!I17=1,IF('Tabla de posibilidad Localizaci'!I17=1,1+MAX($C17:H17),"."),"."),"."),".") -> . | J17: =IF('Tabla de posibilidad HG'!J17<=Hoja1!$D$8,IF('Tabla de posibilidad HI'!J17<=Hoja1!$D$7,IF('Tabla de posibilidad Requisitos'!J17=1,IF('Tabla de posibilidad Localizaci'!J17=1,1+MAX($C17:I17),"."),"."),"."),".") -> . | K17: =IF('Tabla de posibilidad HG'!K17<=Hoja1!$D$8,IF('Tabla de posibilidad HI'!K17<=Hoja1!$D$7,IF('Tabla de posibilidad Requisitos'!K17=1,IF('Tabla de posibilidad Localizaci'!K17=1,1+MAX($C17:J17),"."),"."),"."),".") -> . | L17: =IF('Tabla de posibilidad HG'!L17<=Hoja1!$D$8,IF('Tabla de posibilidad HI'!L17<=Hoja1!$D$7,IF('Tabla de posibilidad Requisitos'!L17=1,IF('Tabla de posibilidad Localizaci'!L17=1,1+MAX($C17:K17),"."),"."),"."),".") -> . | ... BI17: =IF('Tabla de posibilidad HG'!BI17<=Hoja1!$D$8,IF('Tabla de posibilidad HI'!BI17<=Hoja1!$D$7,IF('Tabla de posibilidad Requisitos'!BI17=1,IF('Tabla de posibilidad Localizaci'!BI17=1,1+MAX($C17:BH17),"."),"."),"."),".") -> .
... A28: Fuerzas especiales | C28: =IF('Tabla de posibilidad HG'!C28<=Hoja1!$D$8,IF('Tabla de posibilidad HI'!C28<=Hoja1!$D$7,IF('Tabla de posibilidad Requisitos'!C28=1,IF('Tabla de posibilidad Localizaci'!C28=1,1,"."),"."),"."),".") -> . | D28: =IF('Tabla de posibilidad HG'!D28<=Hoja1!$D$8,IF('Tabla de posibilidad HI'!D28<=Hoja1!$D$7,IF('Tabla de posibilidad Requisitos'!D28=1,IF('Tabla de posibilidad Localizaci'!D28=1,1+$C28,"."),"."),"."),".") -> . | E28: =IF('Tabla de posibilidad HG'!E28<=Hoja1!$D$8,IF('Tabla de posibilidad HI'!E28<=Hoja1!$D$7,IF('Tabla de posibilidad Requisitos'!E28=1,IF('Tabla de posibilidad Localizaci'!E28=1,1+MAX($C28:D28),"."),"."),"."),".") -> . | F28: =IF('Tabla de posibilidad HG'!F28<=Hoja1!$D$8,IF('Tabla de posibilidad HI'!F28<=Hoja1!$D$7,IF('Tabla de posibilidad Requisitos'!F28=1,IF('Tabla de posibilidad Localizaci'!F28=1,1+MAX($C28:E28),"."),"."),"."),".") -> . | G28: =IF('Tabla de posibilidad HG'!G28<=Hoja1!$D$8,IF('Tabla de posibilidad HI'!G28<=Hoja1!$D$7,IF('Tabla de posibilidad Requisitos'!G28=1,IF('Tabla de posibilidad Localizaci'!G28=1,1+MAX($C28:F28),"."),"."),"."),".") -> . | H28: =IF('Tabla de posibilidad HG'!H28<=Hoja1!$D$8,IF('Tabla de posibilidad HI'!H28<=Hoja1!$D$7,IF('Tabla de posibilidad Requisitos'!H28=1,IF('Tabla de posibilidad Localizaci'!H28=1,1+MAX($C28:G28),"."),"."),"."),".") -> . | I28: =IF('Tabla de posibilidad HG'!I28<=Hoja1!$D$8,IF('Tabla de posibilidad HI'!I28<=Hoja1!$D$7,IF('Tabla de posibilidad Requisitos'!I28=1,IF('Tabla de posibilidad Localizaci'!I28=1,1+MAX($C28:H28),"."),"."),"."),".") -> . | J28: =IF('Tabla de posibilidad HG'!J28<=Hoja1!$D$8,IF('Tabla de posibilidad HI'!J28<=Hoja1!$D$7,IF('Tabla de posibilidad Requisitos'!J28=1,IF('Tabla de posibilidad Localizaci'!J28=1,1+MAX($C28:I28),"."),"."),"."),".") -> . | K28: =IF('Tabla de posibilidad HG'!K28<=Hoja1!$D$8,IF('Tabla de posibilidad HI'!K28<=Hoja1!$D$7,IF('Tabla de posibilidad Requisitos'!K28=1,IF('Tabla de posibilidad Localizaci'!K28=1,1+MAX($C28:J28),"."),"."),"."),".") -> . | L28: =IF('Tabla de posibilidad HG'!L28<=Hoja1!$D$8,IF('Tabla de posibilidad HI'!L28<=Hoja1!$D$7,IF('Tabla de posibilidad Requisitos'!L28=1,IF('Tabla de posibilidad Localizaci'!L28=1,1+MAX($C28:K28),"."),"."),"."),".") -> . | ... BI28: =IF('Tabla de posibilidad HG'!BI28<=Hoja1!$D$8,IF('Tabla de posibilidad HI'!BI28<=Hoja1!$D$7,IF('Tabla de posibilidad Requisitos'!BI28=1,IF('Tabla de posibilidad Localizaci'!BI28=1,1+MAX($C28:BH28),"."),"."),"."),".") -> .
A30: =Hoja1!D2 -> Infante de marina | B30: =IFERROR(SUM(C30:BI30)/SUM(C30:BI30),0) -> 1 | C30: =VLOOKUP($A$30,$A$6:$BI$28,C5+2,0) -> 1 | D30: =VLOOKUP($A$30,$A$6:$BI$28,D5+2,0) -> . | E30: =VLOOKUP($A$30,$A$6:$BI$28,E5+2,0) -> . | F30: =VLOOKUP($A$30,$A$6:$BI$28,F5+2,0) -> 2 | G30: =VLOOKUP($A$30,$A$6:$BI$28,G5+2,0) -> 3 | H30: =VLOOKUP($A$30,$A$6:$BI$28,H5+2,0) -> 4 | I30: =VLOOKUP($A$30,$A$6:$BI$28,I5+2,0) -> 5 | J30: =VLOOKUP($A$30,$A$6:$BI$28,J5+2,0) -> 6 | ... BI30: =VLOOKUP($A$30,$A$6:$BI$28,BI5+2,0) -> 44
C32: =IF(C30<>".",C2,".") -> Agencia de proyectos de investigación avanzada (ARPA) | D32: =IF(D30<>".",D2,".") -> . | E32: =IF(E30<>".",E2,".") -> . | F32: =IF(F30<>".",F2,".") -> Comisión dela Energía Atómica (AEC) | G32: =IF(G30<>".",G2,".") -> Agencia Central de Inteligencia (CIA) | H32: =IF(H30<>".",H2,".") -> Agencia Central de Inteligencia (CIA) | I32: =IF(I30<>".",I2,".") -> Agencia Central de Inteligencia (CIA) | J32: =IF(J30<>".",J2,".") -> Agencia Central de Inteligencia (CIA) | ... BI32: =IF(BI30<>".",BI2,".") -> No Gubernamental
C34: =IFERROR(HLOOKUP(C5,$C$30:$BI$32,3,0),"") -> Agencia de proyectos de investigación avanzada (ARPA) | D34: =IFERROR(HLOOKUP(D5,$C$30:$BI$32,3,0),"") -> Comisión dela Energía Atómica (AEC) | E34: =IFERROR(HLOOKUP(E5,$C$30:$BI$32,3,0),"") -> Agencia Central de Inteligencia (CIA) | F34: =IFERROR(HLOOKUP(F5,$C$30:$BI$32,3,0),"") -> Agencia Central de Inteligencia (CIA) | G34: =IFERROR(HLOOKUP(G5,$C$30:$BI$32,3,0),"") -> Agencia Central de Inteligencia (CIA) | H34: =IFERROR(HLOOKUP(H5,$C$30:$BI$32,3,0),"") -> Agencia Central de Inteligencia (CIA) | I34: =IFERROR(HLOOKUP(I5,$C$30:$BI$32,3,0),"") -> Agencia Central de Inteligencia (CIA) | J34: =IFERROR(HLOOKUP(J5,$C$30:$BI$32,3,0),"") -> Agencia Central de Inteligencia (CIA) | ... BI34: =IFERROR(HLOOKUP(BI5,$C$30:$BI$32,3,0),"")

Sheet H Generales
N1: Max | P1: Min
M2: Estabilidad | N2: =Hoja1!B11 -> 15 | P2: =Hoja1!B14 -> 8 | T2: Corrección 1/2
I3: =Hoja1!D2 -> Infante de marina | J3: =Hoja1!D4 -> Agente especial del FBI | M3: Cordura | N3: =IF(Revelación!C39=1,9,Hoja1!B12) -> 9 | P3: =Hoja1!B15 -> 8 | U3: =LARGE(S5:S27,1) -> 11 | V3: =LARGE(S5:S27,2) -> 8
B4: n Hab | C4: G Hab | D4: P Hab | F4: Base Activista/Gánster/Guerrero Tribal | G4: Base Resto | H4: Base | I4: Servicio militar | J4: Departamento | K4: Resto | L4: Suma | M4: Salud | N4: =Hoja1!B13 -> 15 | P4: =Hoja1!B16 -> 8 | R4: Corregidos | S4: Final | T4: Pos | U4: 1º | V4: 2º | X4: =VLOOKUP(0,AG5:AH20,2,0) -> 0 | Y4: Revelación | Z4: Final + Rev | AC4: =SUM(AC5:AC26)-SUM(AB5:AB26) -> 0
A5: 1 | B5: =COUNTIF($C$5:$C$27,"="&C5) -> 5 | C5: 1 | D5: 1 | E5: Armas cuerpo a cuerpo | F5: =VLOOKUP(1,'Aleatorios NoAcumulativos'!$A$112:$N$123,4,0) -> 0 | H5: =IF($J$3="Activista",F5,IF($J$3="Gánster",F5,IF($J$3="Guerrero Tribal",F5,G5))) -> 0 | I5: =HLOOKUP($I$3,'Servicio Militar'!$C$1:$Y$25,'H Generales'!$A5+2,0) -> 1 | J5: =IF($J$3="Servicio Activo",0,HLOOKUP($J$3,Departamentos!$D$3:$BJ$27,'H Generales'!$A5+2,0)) -> 0 | K5: =VLOOKUP(E5,'Random HG'!$E$3:$N$25,10,0) -> 1 | L5: =IF(SUM(H5:K5)=0,"",SUM(H5:K5)) -> 2 | R5: =IFERROR(L5-N5+O5+P5-Q5,"") -> 2 | S5: =R5 -> 2 | T5: =IFERROR(_xlfn.RANK.EQ(S5,$S$5:$S$27,0),"") -> 12 | U5: =IF(T5=1,1,"") | V5: =IF(T5=2,2,"") | W5: =SUM(U5:V5) -> 0 | X5: =IF(W5=1,VLOOKUP($X$4,$AH$5:$AJ$20,3,0),IF(W5=2,VLOOKUP($X$4,$AH$5:$AJ$20,2,0),S5)) -> 2 | Y5: =VLOOKUP(E5,Revelación!$B$2:$C$74,2,0) -> 0 | Z5: =IF(SUM(AC5:AD5)=0,"",SUM(AC5:AD5)) -> 2 | AB5: =IF(SUM(X5:Y5)=0,"",SUM(X5:Y5)) -> 2 | AC5: =IF(AB5<0,0,AB5) -> 2 | AD5: =IF(U5=1,-$AC$4,0) -> 0 | AG5: =IF(AJ5>2*AI5,1,0) -> 0 | AH5: 0 | AI5: =V3 -> 8 | AJ5: =U3 -> 11
A6: 2 | B6: =COUNTIF($C$5:$C$27,"="&C6) -> 5 | C6: 1 | D6: 2 | E6: Armas de fuego | F6: =VLOOKUP(2,'Aleatorios NoAcumulativos'!$A$112:$N$123,4,0) -> 0 | H6: =IF($J$3="Activista",F6,IF($J$3="Gánster",F6,IF($J$3="Guerrero Tribal",F6,G6))) -> 0 | I6: =HLOOKUP($I$3,'Servicio Militar'!$C$1:$Y$25,'H Generales'!$A6+2,0) -> 3 | J6: =IF($J$3="Servicio Activo",0,HLOOKUP($J$3,Departamentos!$D$3:$BJ$27,'H Generales'!$A6+2,0)) -> 4 | K6: =VLOOKUP(E6,'Random HG'!$E$3:$N$25,10,0) -> 0 | L6: =IF(SUM(H6:K6)=0,"",SUM(H6:K6)) -> 7 | R6: =IFERROR(L6-N6+O6+P6-Q6,"") -> 7 | S6: =R6 -> 7 | T6: =IFERROR(_xlfn.RANK.EQ(S6,$S$5:$S$27,0),"") -> 7 | U6: =IF(T6=1,IF(U5=0,1,""),"") | V6: =IF(T6=2,IF(V5=0,2,""),"") | W6: =SUM(U6:V6) -> 0 | X6: =IF(W6=1,VLOOKUP($X$4,$AH$5:$AJ$20,3,0),IF(W6=2,VLOOKUP($X$4,$AH$5:$AJ$20,2,0),S6)) -> 7 | Y6: =VLOOKUP(E6,Revelación!$B$2:$C$74,2,0) -> 0 | Z6: =IF(SUM(AC6:AD6)=0,"",SUM(AC6:AD6)) -> 7 | AB6: =IF(SUM(X6:Y6)=0,"",SUM(X6:Y6)) -> 7 | AC6: =IF(AB6<0,0,AB6) -> 7 | AD6: =IF(U6=1,-$AC$4,0) -> 0 | AG6: =IF(AJ6>2*AI6,1,0) -> 0 | AH6: 1 | AI6: =AH6+$AI$5 -> 9 | AJ6: =$AJ$5-AH6 -> 10
A7: 3 | B7: =COUNTIF($C$5:$C$27,"="&C7) -> 5 | C7: 1 | D7: 3 | E7: Armas pesadas | F7: =VLOOKUP(3,'Aleatorios NoAcumulativos'!$A$112:$N$123,4,0) -> 1 | H7: =IF($J$3="Activista",F7,IF($J$3="Gánster",F7,IF($J$3="Guerrero Tribal",F7,G7))) -> 0 | I7: =HLOOKUP($I$3,'Servicio Militar'!$C$1:$Y$25,'H Generales'!$A7+2,0) -> 0 | J7: =IF($J$3="Servicio Activo",0,HLOOKUP($J$3,Departamentos!$D$3:$BJ$27,'H Generales'!$A7+2,0)) -> 0 | K7: =VLOOKUP(E7,'Random HG'!$E$3:$N$25,10,0) -> 1 | L7: =IF(SUM(H7:K7)=0,"",SUM(H7:K7)) -> 1 | R7: =IFERROR(L7-N7+O7+P7-Q7,"") -> 1 | S7: =R7 -> 1 | T7: =IFERROR(_xlfn.RANK.EQ(S7,$S$5:$S$27,0),"") -> 14 | U7: =IF(T7=1,IF(SUM($U$5:U6)=0,1,""),"") | V7: =IF(T7=2,IF(SUM($V$5:V6)=0,2,""),"") | W7: =SUM(U7:V7) -> 0 | X7: =IF(W7=1,VLOOKUP($X$4,$AH$5:$AJ$20,3,0),IF(W7=2,VLOOKUP($X$4,$AH$5:$AJ$20,2,0),S7)) -> 1 | Y7: =VLOOKUP(E7,Revelación!$B$2:$C$74,2,0) -> 0 | Z7: =IF(SUM(AC7:AD7)=0,"",SUM(AC7:AD7)) -> 1 | AB7: =IF(SUM(X7:Y7)=0,"",SUM(X7:Y7)) -> 1 | AC7: =IF(AB7<0,0,AB7) -> 1 | AD7: =IF(U7=1,-$AC$4,0) -> 0 | AG7: =IF(AJ7>2*AI7,1,0) -> 0 | AH7: 2 | AI7: =AH7+$AI$5 -> 10 | AJ7: =$AJ$5-AH7 -> 9
A8: 4 | B8: =COUNTIF($C$5:$C$27,"="&C8) -> 4 | C8: 3 | D8: 1 | E8: Atletismo | F8: =2+VLOOKUP(4,'Aleatorios NoAcumulativos'!$A$112:$N$123,4,0) -> 2 | G8: 2 | H8: =IF($J$3="Activista",F8,IF($J$3="Gánster",F8,IF($J$3="Guerrero Tribal",F8,G8))) -> 2 | I8: =HLOOKUP($I$3,'Servicio Militar'!$C$1:$Y$25,'H Generales'!$A8+2,0) -> 2 | J8: =IF($J$3="Servicio Activo",0,HLOOKUP($J$3,Departamentos!$D$3:$BJ$27,'H Generales'!$A8+2,0)) -> 6 | K8: =VLOOKUP(E8,'Random HG'!$E$3:$N$25,10,0) -> 0 | L8: =IF(SUM(H8:K8)=0,"",SUM(H8:K8)) -> 10 | O8: =IF(N25>0,N25,0) -> 0 | Q8: =IF(P25>0,P25,0) -> 2 | R8: =IFERROR(L8-N8+O8+P8-Q8,"") -> 8 | S8: =R8 -> 8 | T8: =IFERROR(_xlfn.RANK.EQ(S8,$S$5:$S$27,0),"") -> 2 | U8: =IF(T8=1,IF(SUM($U$5:U7)=0,1,""),"") | V8: =IF(T8=2,IF(SUM($V$5:V7)=0,2,""),"") -> 2 | W8: =SUM(U8:V8) -> 2 | X8: =IF(W8=1,VLOOKUP($X$4,$AH$5:$AJ$20,3,0),IF(W8=2,VLOOKUP($X$4,$AH$5:$AJ$20,2,0),S8)) -> 8 | Y8: =VLOOKUP(E8,Revelación!$B$2:$C$74,2,0) -> 0 | Z8: =IF(SUM(AC8:AD8)=0,"",SUM(AC8:AD8)) -> 8 | AB8: =IF(SUM(X8:Y8)=0,"",SUM(X8:Y8)) -> 8 | AC8: =IF(AB8<0,0,AB8) -> 8 | AD8: =IF(U8=1,-$AC$4,0) -> 0 | AG8: =IF(AJ8>2*AI8,1,0) -> 0 | AH8: 3 | AI8: =AH8+$AI$5 -> 11 | AJ8: =$AJ$5-AH8 -> 8
A9: 5 | B9: =COUNTIF($C$5:$C$27,"="&C9) -> 5 | C9: 4 | D9: 1 | E9: Birlar | F9: =VLOOKUP(5,'Aleatorios NoAcumulativos'!$A$112:$N$123,4,0) -> 0 | H9: =IF($J$3="Activista",F9,IF($J$3="Gánster",F9,IF($J$3="Guerrero Tribal",F9,G9))) -> 0 | I9: =HLOOKUP($I$3,'Servicio Militar'!$C$1:$Y$25,'H Generales'!$A9+2,0) -> 0 | J9: =IF($J$3="Servicio Activo",0,HLOOKUP($J$3,Departamentos!$D$3:$BJ$27,'H Generales'!$A9+2,0)) -> 0 | K9: =VLOOKUP(E9,'Random HG'!$E$3:$N$25,10,0) -> 0 | L9: =IF(SUM(H9:K9)=0,"",SUM(H9:K9)) | R9: =IFERROR(L9-N9+O9+P9-Q9,"") | S9: =R9 | T9: =IFERROR(_xlfn.RANK.EQ(S9,$S$5:$S$27,0),"") | U9: =IF(T9=1,IF(SUM($U$5:U8)=0,1,""),"") | V9: =IF(T9=2,IF(SUM($V$5:V8)=0,2,""),"") | W9: =SUM(U9:V9) -> 0 | X9: =IF(W9=1,VLOOKUP($X$4,$AH$5:$AJ$20,3,0),IF(W9=2,VLOOKUP($X$4,$AH$5:$AJ$20,2,0),S9)) | Y9: =VLOOKUP(E9,Revelación!$B$2:$C$74,2,0) -> 0 | Z9: =IF(SUM(AC9:AD9)=0,"",SUM(AC9:AD9)) | AB9: =IF(SUM(X9:Y9)=0,"",SUM(X9:Y9)) | AC9: =IF(AB9<0,0,AB9) | AD9: =IF(U9=1,-$AC$4,0) -> 0 | AG9: =IF(AJ9>2*AI9,1,0) -> 0 | AH9: 4 | AI9: =AH9+$AI$5 -> 12 | AJ9: =$AJ$5-AH9 -> 7
A10: 6 | B10: =COUNTIF($C$5:$C$27,"="&C10) -> 4 | C10: 5 | D10: 1 | E10: Burocracia | F10: =VLOOKUP(6,'Aleatorios NoAcumulativos'!$A$112:$N$123,4,0) -> 0 | G10: 2 | H10: =IF($J$3="Activista",F10,IF($J$3="Gánster",F10,IF($J$3="Guerrero Tribal",F10,G10))) -> 2 | I10: =HLOOKUP($I$3,'Servicio Militar'!$C$1:$Y$25,'H Generales'!$A10+2,0) -> 1 | J10: =IF($J$3="Servicio Activo",0,HLOOKUP($J$3,Departamentos!$D$3:$BJ$27,'H Generales'!$A10+2,0)) -> 6 | K10: =VLOOKUP(E10,'Random HG'!$E$3:$N$25,10,0) -> 0 | L10: =IF(SUM(H10:K10)=0,"",SUM(H10:K10)) -> 9 | Q10: =IF(P14>0,P14,0) -> 1 | R10: =IFERROR(L10-N10+O10+P10-Q10,"") -> 8 | S10: =R10 -> 8 | T10: =IFERROR(_xlfn.RANK.EQ(S10,$S$5:$S$27,0),"") -> 2 | U10: =IF(T10=1,IF(SUM($U$5:U9)=0,1,""),"") | V10: =IF(T10=2,IF(SUM($V$5:V9)=0,2,""),"") | W10: =SUM(U10:V10) -> 0 | X10: =IF(W10=1,VLOOKUP($X$4,$AH$5:$AJ$20,3,0),IF(W10=2,VLOOKUP($X$4,$AH$5:$AJ$20,2,0),S10)) -> 8 | Y10: =VLOOKUP(E10,Revelación!$B$2:$C$74,2,0) -> 0 | Z10: =IF(SUM(AC10:AD10)=0,"",SUM(AC10:AD10)) -> 8 | AB10: =IF(SUM(X10:Y10)=0,"",SUM(X10:Y10)) -> 8 | AC10: =IF(AB10<0,0,AB10) -> 8 | AD10: =IF(U10=1,-$AC$4,0) -> 0 | AG10: =IF(AJ10>2*AI10,1,0) -> 0 | AH10: 5 | AI10: =AH10+$AI$5 -> 13 | AJ10: =$AJ$5-AH10 -> 6
A11: 7 | B11: =COUNTIF($C$5:$C$27,"="&C11) -> 5 | C11: 1 | D11: 4 | E11: Combate sin armas | F11: =VLOOKUP(7,'Aleatorios NoAcumulativos'!$A$112:$N$123,4,0) -> 0 | H11: =IF($J$3="Activista",F11,IF($J$3="Gánster",F11,IF($J$3="Guerrero Tribal",F11,G11))) -> 0 | I11: =HLOOKUP($I$3,'Servicio Militar'!$C$1:$Y$25,'H Generales'!$A11+2,0) -> 2 | J11: =IF($J$3="Servicio Activo",0,HLOOKUP($J$3,Departamentos!$D$3:$BJ$27,'H Generales'!$A11+2,0)) -> 4 | K11: =VLOOKUP(E11,'Random HG'!$E$3:$N$25,10,0) -> 0 | L11: =IF(SUM(H11:K11)=0,"",SUM(H11:K11)) -> 6 | R11: =IFERROR(L11-N11+O11+P11-Q11,"") -> 6 | S11: =R11 -> 6 | T11: =IFERROR(_xlfn.RANK.EQ(S11,$S$5:$S$27,0),"") -> 9 | U11: =IF(T11=1,IF(SUM($U$5:U10)=0,1,""),"") | V11: =IF(T11=2,IF(SUM($V$5:V10)=0,2,""),"") | W11: =SUM(U11:V11) -> 0 | X11: =IF(W11=1,VLOOKUP($X$4,$AH$5:$AJ$20,3,0),IF(W11=2,VLOOKUP($X$4,$AH$5:$AJ$20,2,0),S11)) -> 6 | Y11: =VLOOKUP(E11,Revelación!$B$2:$C$74,2,0) -> 0 | Z11: =IF(SUM(AC11:AD11)=0,"",SUM(AC11:AD11)) -> 6 | AB11: =IF(SUM(X11:Y11)=0,"",SUM(X11:Y11)) -> 6 | AC11: =IF(AB11<0,0,AB11) -> 6 | AD11: =IF(U11=1,-$AC$4,0) -> 0 | AG11: =IF(AJ11>2*AI11,1,0) -> 0 | AH11: 6 | AI11: =AH11+$AI$5 -> 14 | AJ11: =$AJ$5-AH11 -> 5
A12: 8 | B12: =COUNTIF($C$5:$C$27,"="&C12) -> 4 | C12: 3 | D12: 2 | E12: Conducir | F12: =VLOOKUP(8,'Aleatorios NoAcumulativos'!$A$112:$N$123,4,0) -> 0 | H12: =IF($J$3="Activista",F12,IF($J$3="Gánster",F12,IF($J$3="Guerrero Tribal",F12,G12))) -> 0 | I12: =HLOOKUP($I$3,'Servicio Militar'!$C$1:$Y$25,'H Generales'!$A12+2,0) -> 3 | J12: =IF($J$3="Servicio Activo",0,HLOOKUP($J$3,Departamentos!$D$3:$BJ$27,'H Generales'!$A12+2,0)) -> 3 | K12: =VLOOKUP(E12,'Random HG'!$E$3:$N$25,10,0) -> 1 | L12: =IF(SUM(H12:K12)=0,"",SUM(H12:K12)) -> 7 | R12: =IFERROR(L12-N12+O12+P12-Q12,"") -> 7 | S12: =R12 -> 7 | T12: =IFERROR(_xlfn.RANK.EQ(S12,$S$5:$S$27,0),"") -> 7 | U12: =IF(T12=1,IF(SUM($U$5:U11)=0,1,""),"") | V12: =IF(T12=2,IF(SUM($V$5:V11)=0,2,""),"") | W12: =SUM(U12:V12) -> 0 | X12: =IF(W12=1,VLOOKUP($X$4,$AH$5:$AJ$20,3,0),IF(W12=2,VLOOKUP($X$4,$AH$5:$AJ$20,2,0),S12)) -> 7 | Y12: =VLOOKUP(E12,Revelación!$B$2:$C$74,2,0) -> 0 | Z12: =IF(SUM(AC12:AD12)=0,"",SUM(AC12:AD12)) -> 7 | AB12: =IF(SUM(X12:Y12)=0,"",SUM(X12:Y12)) -> 7 | AC12: =IF(AB12<0,0,AB12) -> 7 | AD12: =IF(U12=1,-$AC$4,0) -> 0 | AG12: =IF(AJ12>2*AI12,1,0) -> 0 | AH12: 7 | AI12: =AH12+$AI$5 -> 15 | AJ12: =$AJ$5-AH12 -> 4
A13: 9 | B13: =COUNTIF($C$5:$C$27,"="&C13) -> 4 | C13: 5 | D13: 2 | E13: Contactos | F13: =5+VLOOKUP(9,'Aleatorios NoAcumulativos'!$A$112:$N$123,4,0) -> 5 | G13: 5 | H13: =IF($J$3="Activista",F13,IF($J$3="Gánster",F13,IF($J$3="Guerrero Tribal",F13,G13))) -> 5 | I13: =HLOOKUP($I$3,'Servicio Militar'!$C$1:$Y$25,'H Generales'!$A13+2,0) -> 0 | J13: =IF($J$3="Servicio Activo",0,HLOOKUP($J$3,Departamentos!$D$3:$BJ$27,'H Generales'!$A13+2,0)) -> 0 | K13: =VLOOKUP(E13,'Random HG'!$E$3:$N$25,10,0) -> 0 | L13: =IF(SUM(H13:K13)=0,"",SUM(H13:K13)) -> 5 | Q13: =IF(P17>0,P17,0) -> 3 | R13: =IFERROR(L13-N13+O13+P13-Q13,"") -> 2 | S13: =R13 -> 2 | T13: =IFERROR(_xlfn.RANK.EQ(S13,$S$5:$S$27,0),"") -> 12 | U13: =IF(T13=1,IF(SUM($U$5:U12)=0,1,""),"") | V13: =IF(T13=2,IF(SUM($V$5:V12)=0,2,""),"") | W13: =SUM(U13:V13) -> 0 | X13: =IF(W13=1,VLOOKUP($X$4,$AH$5:$AJ$20,3,0),IF(W13=2,VLOOKUP($X$4,$AH$5:$AJ$20,2,0),S13)) -> 2 | Y13: =VLOOKUP(E13,Revelación!$B$2:$C$74,2,0) -> 0 | Z13: =IF(SUM(AC13:AD13)=0,"",SUM(AC13:AD13)) -> 2 | AB13: =IF(SUM(X13:Y13)=0,"",SUM(X13:Y13)) -> 2 | AC13: =IF(AB13<0,0,AB13) -> 2 | AD13: =IF(U13=1,-$AC$4,0) -> 0 | AG13: =IF(AJ13>2*AI13,1,0) -> 0 | AH13: 8 | AI13: =AH13+$AI$5 -> 16 | AJ13: =$AJ$5-AH13 -> 3
A14: 10 | B14: =COUNTIF($C$5:$C$27,"="&C14) -> 3 | C14: 2 | D14: 1 | E14: Cordura | F14: =5+VLOOKUP(10,'Aleatorios NoAcumulativos'!$A$112:$N$123,4,0) -> 5 | G14: 5 | H14: =IF($J$3="Activista",F14,IF($J$3="Gánster",F14,IF($J$3="Guerrero Tribal",F14,G14))) -> 5 | I14: =HLOOKUP($I$3,'Servicio Militar'!$C$1:$Y$25,'H Generales'!$A14+2,0) -> 0 | J14: =IF($J$3="Servicio Activo",0,HLOOKUP($J$3,Departamentos!$D$3:$BJ$27,'H Generales'!$A14+2,0)) -> 0 | K14: =VLOOKUP(E14,'Random HG'!$E$3:$N$25,10,0) -> 2 | L14: =IF(SUM(H14:K14)=0,"",SUM(H14:K14)) -> 7 | N14: =IF(L14-N3<0,0,L14-N3) -> 0 | O14: =IF(N17>0,N17,0) -> 0 | P14: =IF(L14-P3>0,0,P3-L14) -> 1 | R14: =IFERROR(L14-N14+O14+P14-Q14,"") -> 8 | S14: =R14 -> 8 | T14: =IFERROR(_xlfn.RANK.EQ(S14,$S$5:$S$27,0),"") -> 2 | U14: =IF(T14=1,IF(SUM($U$5:U13)=0,1,""),"") | V14: =IF(T14=2,IF(SUM($V$5:V13)=0,2,""),"") | W14: =SUM(U14:V14) -> 0 | X14: =IF(W14=1,VLOOKUP($X$4,$AH$5:$AJ$20,3,0),IF(W14=2,VLOOKUP($X$4,$AH$5:$AJ$20,2,0),S14)) -> 8 | Y14: =VLOOKUP(E14,Revelación!$B$2:$C$74,2,0) -> -1 | Z14: =IF(SUM(AC14:AD14)=0,"",SUM(AC14:AD14)) -> 7 | AB14: =IF(SUM(X14:Y14)=0,"",SUM(X14:Y14)) -> 7 | AC14: =IF(AB14<0,0,AB14) -> 7 | AD14: =IF(U14=1,-$AC$4,0) -> 0 | AG14: =IF(AJ14>2*AI14,1,0) -> 0 | AH14: 9 | AI14: =AH14+$AI$5 -> 17 | AJ14: =$AJ$5-AH14 -> 2
A15: 11 | B15: =COUNTIF($C$5:$C$27,"="&C15) -> 5 | C15: 1 | D15: 5 | E15: Demoliciones | F15: =VLOOKUP(11,'Aleatorios NoAcumulativos'!$A$112:$N$123,4,0) -> 0 | H15: =IF($J$3="Activista",F15,IF($J$3="Gánster",F15,IF($J$3="Guerrero Tribal",F15,G15))) -> 0 | I15: =HLOOKUP($I$3,'Servicio Militar'!$C$1:$Y$25,'H Generales'!$A15+2,0) -> 0 | J15: =IF($J$3="Servicio Activo",0,HLOOKUP($J$3,Departamentos!$D$3:$BJ$27,'H Generales'!$A15+2,0)) -> 0 | K15: =VLOOKUP(E15,'Random HG'!$E$3:$N$25,10,0) -> 0 | L15: =IF(SUM(H15:K15)=0,"",SUM(H15:K15)) | R15: =IFERROR(L15-N15+O15+P15-Q15,"") | S15: =R15 | T15: =IFERROR(_xlfn.RANK.EQ(S15,$S$5:$S$27,0),"") | U15: =IF(T15=1,IF(SUM($U$5:U14)=0,1,""),"") | V15: =IF(T15=2,IF(SUM($V$5:V14)=0,2,""),"") | W15: =SUM(U15:V15) -> 0 | X15: =IF(W15=1,VLOOKUP($X$4,$AH$5:$AJ$20,3,0),IF(W15=2,VLOOKUP($X$4,$AH$5:$AJ$20,2,0),S15)) | Y15: =VLOOKUP(E15,Revelación!$B$2:$C$74,2,0) -> 0 | Z15: =IF(SUM(AC15:AD15)=0,"",SUM(AC15:AD15)) | AB15: =IF(SUM(X15:Y15)=0,"",SUM(X15:Y15)) | AC15: =IF(AB15<0,0,AB15) | AD15: =IF(U15=1,-$AC$4,0) -> 0 | AG15: =IF(AJ15>2*AI15,1,0) -> 0 | AH15: 10 | AI15: =AH15+$AI$5 -> 18 | AJ15: =$AJ$5-AH15 -> 1
A16: 12 | B16: =COUNTIF($C$5:$C$27,"="&C16) -> 5 | C16: 4 | D16: 2 | E16: Disfraz | F16: =VLOOKUP(12,'Aleatorios NoAcumulativos'!$A$112:$N$123,4,0) -> 0 | H16: =IF($J$3="Activista",F16,IF($J$3="Gánster",F16,IF($J$3="Guerrero Tribal",F16,G16))) -> 0 | I16: =HLOOKUP($I$3,'Servicio Militar'!$C$1:$Y$25,'H Generales'!$A16+2,0) -> 0 | J16: =IF($J$3="Servicio Activo",0,HLOOKUP($J$3,Departamentos!$D$3:$BJ$27,'H Generales'!$A16+2,0)) -> 0 | K16: =VLOOKUP(E16,'Random HG'!$E$3:$N$25,10,0) -> 0 | L16: =IF(SUM(H16:K16)=0,"",SUM(H16:K16)) | R16: =IFERROR(L16-N16+O16+P16-Q16,"") | S16: =R16 | T16: =IFERROR(_xlfn.RANK.EQ(S16,$S$5:$S$27,0),"") | U16: =IF(T16=1,IF(SUM($U$5:U15)=0,1,""),"") | V16: =IF(T16=2,IF(SUM($V$5:V15)=0,2,""),"") | W16: =SUM(U16:V16) -> 0 | X16: =IF(W16=1,VLOOKUP($X$4,$AH$5:$AJ$20,3,0),IF(W16=2,VLOOKUP($X$4,$AH$5:$AJ$20,2,0),S16)) | Y16: =VLOOKUP(E16,Revelación!$B$2:$C$74,2,0) -> 0 | Z16: =IF(SUM(AC16:AD16)=0,"",SUM(AC16:AD16)) | AB16: =IF(SUM(X16:Y16)=0,"",SUM(X16:Y16)) | AC16: =IF(AB16<0,0,AB16) | AD16: =IF(U16=1,-$AC$4,0) -> 0 | AG16: =IF(AJ16>2*AI16,1,0) -> 0 | AH16: 11 | AI16: =AH16+$AI$5 -> 19 | AJ16: =$AJ$5-AH16 -> 0
A17: 13 | B17: =COUNTIF($C$5:$C$27,"="&C17) -> 3 | C17: 2 | D17: 2 | E17: Estabilidad | F17: =5+VLOOKUP(1,'Aleatorios NoAcumulativos'!$A$96:$M$106,4,0) -> 5 | G17: 5 | H17: =IF($J$3="Activista",F17,IF($J$3="Gánster",F17,IF($J$3="Guerrero Tribal",F17,G17))) -> 5 | I17: =HLOOKUP($I$3,'Servicio Militar'!$C$1:$Y$25,'H Generales'!$A17+2,0) -> 0 | J17: =IF($J$3="Servicio Activo",0,HLOOKUP($J$3,Departamentos!$D$3:$BJ$27,'H Generales'!$A17+2,0)) -> 0 | K17: =VLOOKUP(E17,'Random HG'!$E$3:$N$25,10,0) -> 0 | L17: =IF(SUM(H17:K17)=0,"",SUM(H17:K17)) -> 5 | N17: =IF(L17-N2<0,0,L17-N2) -> 0 | O17: =IF(N14>0,N14,0) -> 0 | P17: =IF(L17-P2>0,0,P2-L17) -> 3 | R17: =IFERROR(L17-N17+O17+P17-Q17,"") -> 8 | S17: =R17 -> 8 | T17: =IFERROR(_xlfn.RANK.EQ(S17,$S$5:$S$27,0),"") -> 2 | U17: =IF(T17=1,IF(SUM($U$5:U16)=0,1,""),"") | V17: =IF(T17=2,IF(SUM($V$5:V16)=0,2,""),"") | W17: =SUM(U17:V17) -> 0 | X17: =IF(W17=1,VLOOKUP($X$4,$AH$5:$AJ$20,3,0),IF(W17=2,VLOOKUP($X$4,$AH$5:$AJ$20,2,0),S17)) -> 8 | Y17: =VLOOKUP(E17,Revelación!$B$2:$C$74,2,0) -> 0 | Z17: =IF(SUM(AC17:AD17)=0,"",SUM(AC17:AD17)) -> 8 | AB17: =IF(SUM(X17:Y17)=0,"",SUM(X17:Y17)) -> 8 | AC17: =IF(AB17<0,0,AB17) -> 8 | AD17: =IF(U17=1,-$AC$4,0) -> 0 | AG17: =IF(AJ17>2*AI17,1,0) -> 0 | AH17: 12 | AI17: =AH17+$AI$5 -> 20 | AJ17: =$AJ$5-AH17 -> -1
A18: 14 | B18: =COUNTIF($C$5:$C$27,"="&C18) -> 4 | C18: 5 | D18: 3 | E18: Mecánica | F18: =VLOOKUP(2,'Aleatorios NoAcumulativos'!$A$96:$M$106,4,0) -> 0 | H18: =IF($J$3="Activista",F18,IF($J$3="Gánster",F18,IF($J$3="Guerrero Tribal",F18,G18))) -> 0 | I18: =HLOOKUP($I$3,'Servicio Militar'!$C$1:$Y$25,'H Generales'!$A18+2,0) -> 0 | J18: =IF($J$3="Servicio Activo",0,HLOOKUP($J$3,Departamentos!$D$3:$BJ$27,'H Generales'!$A18+2,0)) -> 0 | K18: =VLOOKUP(E18,'Random HG'!$E$3:$N$25,10,0) -> 0 | L18: =IF(SUM(H18:K18)=0,"",SUM(H18:K18)) | R18: =IFERROR(L18-N18+O18+P18-Q18,"") | S18: =R18 | T18: =IFERROR(_xlfn.RANK.EQ(S18,$S$5:$S$27,0),"") | U18: =IF(T18=1,IF(SUM($U$5:U17)=0,1,""),"") | V18: =IF(T18=2,IF(SUM($V$5:V17)=0,2,""),"") | W18: =SUM(U18:V18) -> 0 | X18: =IF(W18=1,VLOOKUP($X$4,$AH$5:$AJ$20,3,0),IF(W18=2,VLOOKUP($X$4,$AH$5:$AJ$20,2,0),S18)) | Y18: =VLOOKUP(E18,Revelación!$B$2:$C$74,2,0) -> 0 | Z18: =IF(SUM(AC18:AD18)=0,"",SUM(AC18:AD18)) | AB18: =IF(SUM(X18:Y18)=0,"",SUM(X18:Y18)) | AC18: =IF(AB18<0,0,AB18) | AD18: =IF(U18=1,-$AC$4,0) -> 0 | AG18: =IF(AJ18>2*AI18,1,0) -> 0 | AH18: 13 | AI18: =AH18+$AI$5 -> 21 | AJ18: =$AJ$5-AH18 -> -2
A19: 15 | B19: =COUNTIF($C$5:$C$27,"="&C19) -> 4 | C19: 3 | D19: 3 | E19: Montar | F19: =VLOOKUP(3,'Aleatorios NoAcumulativos'!$A$96:$M$106,4,0) -> 0 | H19: =IF($J$3="Activista",F19,IF($J$3="Gánster",F19,IF($J$3="Guerrero Tribal",F19,G19))) -> 0 | I19: =HLOOKUP($I$3,'Servicio Militar'!$C$1:$Y$25,'H Generales'!$A19+2,0) -> 0 | J19: =IF($J$3="Servicio Activo",0,HLOOKUP($J$3,Departamentos!$D$3:$BJ$27,'H Generales'!$A19+2,0)) -> 0 | K19: =VLOOKUP(E19,'Random HG'!$E$3:$N$25,10,0) -> 1 | L19: =IF(SUM(H19:K19)=0,"",SUM(H19:K19)) -> 1 | R19: =IFERROR(L19-N19+O19+P19-Q19,"") -> 1 | S19: =R19 -> 1 | T19: =IFERROR(_xlfn.RANK.EQ(S19,$S$5:$S$27,0),"") -> 14 | U19: =IF(T19=1,IF(SUM($U$5:U18)=0,1,""),"") | V19: =IF(T19=2,IF(SUM($V$5:V18)=0,2,""),"") | W19: =SUM(U19:V19) -> 0 | X19: =IF(W19=1,VLOOKUP($X$4,$AH$5:$AJ$20,3,0),IF(W19=2,VLOOKUP($X$4,$AH$5:$AJ$20,2,0),S19)) -> 1 | Y19: =VLOOKUP(E19,Revelación!$B$2:$C$74,2,0) -> 0 | Z19: =IF(SUM(AC19:AD19)=0,"",SUM(AC19:AD19)) -> 1 | AB19: =IF(SUM(X19:Y19)=0,"",SUM(X19:Y19)) -> 1 | AC19: =IF(AB19<0,0,AB19) -> 1 | AD19: =IF(U19=1,-$AC$4,0) -> 0 | AG19: =IF(AJ19>2*AI19,1,0) -> 0 | AH19: 14 | AI19: =AH19+$AI$5 -> 22 | AJ19: =$AJ$5-AH19 -> -3
A20: 16 | B20: =COUNTIF($C$5:$C$27,"="&C20) -> 5 | C20: 4 | D20: 3 | E20: Ocultar | F20: =VLOOKUP(4,'Aleatorios NoAcumulativos'!$A$96:$M$106,4,0) -> 0 | H20: =IF($J$3="Activista",F20,IF($J$3="Gánster",F20,IF($J$3="Guerrero Tribal",F20,G20))) -> 0 | I20: =HLOOKUP($I$3,'Servicio Militar'!$C$1:$Y$25,'H Generales'!$A20+2,0) -> 0 | J20: =IF($J$3="Servicio Activo",0,HLOOKUP($J$3,Departamentos!$D$3:$BJ$27,'H Generales'!$A20+2,0)) -> 4 | K20: =VLOOKUP(E20,'Random HG'!$E$3:$N$25,10,0) -> 0 | L20: =IF(SUM(H20:K20)=0,"",SUM(H20:K20)) -> 4 | R20: =IFERROR(L20-N20+O20+P20-Q20,"") -> 4 | S20: =R20 -> 4 | T20: =IFERROR(_xlfn.RANK.EQ(S20,$S$5:$S$27,0),"") -> 11 | U20: =IF(T20=1,IF(SUM($U$5:U19)=0,1,""),"") | V20: =IF(T20=2,IF(SUM($V$5:V19)=0,2,""),"") | W20: =SUM(U20:V20) -> 0 | X20: =IF(W20=1,VLOOKUP($X$4,$AH$5:$AJ$20,3,0),IF(W20=2,VLOOKUP($X$4,$AH$5:$AJ$20,2,0),S20)) -> 4 | Y20: =VLOOKUP(E20,Revelación!$B$2:$C$74,2,0) -> 0 | Z20: =IF(SUM(AC20:AD20)=0,"",SUM(AC20:AD20)) -> 4 | AB20: =IF(SUM(X20:Y20)=0,"",SUM(X20:Y20)) -> 4 | AC20: =IF(AB20<0,0,AB20) -> 4 | AD20: =IF(U20=1,-$AC$4,0) -> 0 | AG20: =IF(AJ20>2*AI20,1,0) -> 0 | AH20: 15 | AI20: =AH20+$AI$5 -> 23 | AJ20: =$AJ$5-AH20 -> -4
A21: 17 | B21: =COUNTIF($C$5:$C$27,"="&C21) -> 4 | C21: 3 | D21: 4 | E21: Pilotar | F21: =VLOOKUP(5,'Aleatorios NoAcumulativos'!$A$96:$M$106,4,0) -> 0 | H21: =IF($J$3="Activista",F21,IF($J$3="Gánster",F21,IF($J$3="Guerrero Tribal",F21,G21))) -> 0 | I21: =HLOOKUP($I$3,'Servicio Militar'!$C$1:$Y$25,'H Generales'!$A21+2,0) -> 0 | J21: =IF($J$3="Servicio Activo",0,HLOOKUP($J$3,Departamentos!$D$3:$BJ$27,'H Generales'!$A21+2,0)) -> 0 | K21: =VLOOKUP(E21,'Random HG'!$E$3:$N$25,10,0) -> 0 | L21: =IF(SUM(H21:K21)=0,"",SUM(H21:K21)) | R21: =IFERROR(L21-N21+O21+P21-Q21,"") | S21: =R21 | T21: =IFERROR(_xlfn.RANK.EQ(S21,$S$5:$S$27,0),"") | U21: =IF(T21=1,IF(SUM($U$5:U20)=0,1,""),"") | V21: =IF(T21=2,IF(SUM($V$5:V20)=0,2,""),"") | W21: =SUM(U21:V21) -> 0 | X21: =IF(W21=1,VLOOKUP($X$4,$AH$5:$AJ$20,3,0),IF(W21=2,VLOOKUP($X$4,$AH$5:$AJ$20,2,0),S21)) | Y21: =VLOOKUP(E21,Revelación!$B$2:$C$74,2,0) -> 0 | Z21: =IF(SUM(AC21:AD21)=0,"",SUM(AC21:AD21)) | AB21: =IF(SUM(X21:Y21)=0,"",SUM(X21:Y21)) | AC21: =IF(AB21<0,0,AB21) | AD21: =IF(U21=1,-$AC$4,0) -> 0
A22: 18 | B22: =COUNTIF($C$5:$C$27,"="&C22) -> 4 | C22: 5 | D22: 4 | E22: Preparación | F22: =VLOOKUP(6,'Aleatorios NoAcumulativos'!$A$96:$M$106,4,0) -> 0 | H22: =IF($J$3="Activista",F22,IF($J$3="Gánster",F22,IF($J$3="Guerrero Tribal",F22,G22))) -> 0 | I22: =HLOOKUP($I$3,'Servicio Militar'!$C$1:$Y$25,'H Generales'!$A22+2,0) -> 0 | J22: =IF($J$3="Servicio Activo",0,HLOOKUP($J$3,Departamentos!$D$3:$BJ$27,'H Generales'!$A22+2,0)) -> 0 | K22: =VLOOKUP(E22,'Random HG'!$E$3:$N$25,10,0) -> 0 | L22: =IF(SUM(H22:K22)=0,"",SUM(H22:K22)) | R22: =IFERROR(L22-N22+O22+P22-Q22,"") | S22: =R22 | T22: =IFERROR(_xlfn.RANK.EQ(S22,$S$5:$S$27,0),"") | U22: =IF(T22=1,IF(SUM($U$5:U21)=0,1,""),"") | V22: =IF(T22=2,IF(SUM($V$5:V21)=0,2,""),"") | W22: =SUM(U22:V22) -> 0 | X22: =IF(W22=1,VLOOKUP($X$4,$AH$5:$AJ$20,3,0),IF(W22=2,VLOOKUP($X$4,$AH$5:$AJ$20,2,0),S22)) | Y22: =VLOOKUP(E22,Revelación!$B$2:$C$74,2,0) -> 0 | Z22: =IF(SUM(AC22:AD22)=0,"",SUM(AC22:AD22)) | AB22: =IF(SUM(X22:Y22)=0,"",SUM(X22:Y22)) | AC22: =IF(AB22<0,0,AB22) | AD22: =IF(U22=1,-$AC$4,0) -> 0
A23: 19 | B23: =COUNTIF($C$5:$C$27,"="&C23) -> 2 | C23: 6 | D23: 1 | E23: Primeros auxilios | F23: =VLOOKUP(7,'Aleatorios NoAcumulativos'!$A$96:$M$106,4,0) -> 0 | H23: =IF($J$3="Activista",F23,IF($J$3="Gánster",F23,IF($J$3="Guerrero Tribal",F23,G23))) -> 0 | I23: =HLOOKUP($I$3,'Servicio Militar'!$C$1:$Y$25,'H Generales'!$A23+2,0) -> 1 | J23: =IF($J$3="Servicio Activo",0,HLOOKUP($J$3,Departamentos!$D$3:$BJ$27,'H Generales'!$A23+2,0)) -> 0 | K23: =VLOOKUP(E23,'Random HG'!$E$3:$N$25,10,0) -> 0 | L23: =IF(SUM(H23:K23)=0,"",SUM(H23:K23)) -> 1 | R23: =IFERROR(L23-N23+O23+P23-Q23,"") -> 1 | S23: =R23 -> 1 | T23: =IFERROR(_xlfn.RANK.EQ(S23,$S$5:$S$27,0),"") -> 14 | U23: =IF(T23=1,IF(SUM($U$5:U22)=0,1,""),"") | V23: =IF(T23=2,IF(SUM($V$5:V22)=0,2,""),"") | W23: =SUM(U23:V23) -> 0 | X23: =IF(W23=1,VLOOKUP($X$4,$AH$5:$AJ$20,3,0),IF(W23=2,VLOOKUP($X$4,$AH$5:$AJ$20,2,0),S23)) -> 1 | Y23: =VLOOKUP(E23,Revelación!$B$2:$C$74,2,0) -> 0 | Z23: =IF(SUM(AC23:AD23)=0,"",SUM(AC23:AD23)) -> 1 | AB23: =IF(SUM(X23:Y23)=0,"",SUM(X23:Y23)) -> 1 | AC23: =IF(AB23<0,0,AB23) -> 1 | AD23: =IF(U23=1,-$AC$4,0) -> 0
A24: 20 | B24: =COUNTIF($C$5:$C$27,"="&C24) -> 2 | C24: 6 | D24: 2 | E24: Psicoterapia | F24: =VLOOKUP(8,'Aleatorios NoAcumulativos'!$A$96:$M$106,4,0) -> 0 | H24: =IF($J$3="Activista",F24,IF($J$3="Gánster",F24,IF($J$3="Guerrero Tribal",F24,G24))) -> 0 | I24: =HLOOKUP($I$3,'Servicio Militar'!$C$1:$Y$25,'H Generales'!$A24+2,0) -> 0 | J24: =IF($J$3="Servicio Activo",0,HLOOKUP($J$3,Departamentos!$D$3:$BJ$27,'H Generales'!$A24+2,0)) -> 0 | K24: =VLOOKUP(E24,'Random HG'!$E$3:$N$25,10,0) -> 0 | L24: =IF(SUM(H24:K24)=0,"",SUM(H24:K24)) | R24: =IFERROR(L24-N24+O24+P24-Q24,"") | S24: =R24 | T24: =IFERROR(_xlfn.RANK.EQ(S24,$S$5:$S$27,0),"") | U24: =IF(T24=1,IF(SUM($U$5:U23)=0,1,""),"") | V24: =IF(T24=2,IF(SUM($V$5:V23)=0,2,""),"") | W24: =SUM(U24:V24) -> 0 | X24: =IF(W24=1,VLOOKUP($X$4,$AH$5:$AJ$20,3,0),IF(W24=2,VLOOKUP($X$4,$AH$5:$AJ$20,2,0),S24)) | Y24: =VLOOKUP(E24,Revelación!$B$2:$C$74,2,0) -> 0 | Z24: =IF(SUM(AC24:AD24)=0,"",SUM(AC24:AD24)) | AB24: =IF(SUM(X24:Y24)=0,"",SUM(X24:Y24)) | AC24: =IF(AB24<0,0,AB24) | AD24: =IF(U24=1,-$AC$4,0) -> 0
A25: 21 | B25: =COUNTIF($C$5:$C$27,"="&C25) -> 3 | C25: 2 | D25: 3 | E25: Salud | F25: =4+VLOOKUP(9,'Aleatorios NoAcumulativos'!$A$96:$M$106,4,0) -> 4 | G25: 4 | H25: =IF($J$3="Activista",F25,IF($J$3="Gánster",F25,IF($J$3="Guerrero Tribal",F25,G25))) -> 4 | I25: =HLOOKUP($I$3,'Servicio Militar'!$C$1:$Y$25,'H Generales'!$A25+2,0) -> 2 | J25: =IF($J$3="Servicio Activo",0,HLOOKUP($J$3,Departamentos!$D$3:$BJ$27,'H Generales'!$A25+2,0)) -> 0 | K25: =VLOOKUP(E25,'Random HG'!$E$3:$N$25,10,0) -> 0 | L25: =IF(SUM(H25:K25)=0,"",SUM(H25:K25)) -> 6 | N25: =IF(L25-N4<0,0,L25-N4) -> 0 | P25: =IF(L25-P4>0,0,P4-L25) -> 2 | R25: =IFERROR(L25-N25+O25+P25-Q25,"") -> 8 | S25: =R25 -> 8 | T25: =IFERROR(_xlfn.RANK.EQ(S25,$S$5:$S$27,0),"") -> 2 | U25: =IF(T25=1,IF(SUM($U$5:U24)=0,1,""),"") | V25: =IF(T25=2,IF(SUM($V$5:V24)=0,2,""),"") | W25: =SUM(U25:V25) -> 0 | X25: =IF(W25=1,VLOOKUP($X$4,$AH$5:$AJ$20,3,0),IF(W25=2,VLOOKUP($X$4,$AH$5:$AJ$20,2,0),S25)) -> 8 | Y25: =VLOOKUP(E25,Revelación!$B$2:$C$74,2,0) -> 0 | Z25: =IF(SUM(AC25:AD25)=0,"",SUM(AC25:AD25)) -> 8 | AB25: =IF(SUM(X25:Y25)=0,"",SUM(X25:Y25)) -> 8 | AC25: =IF(AB25<0,0,AB25) -> 8 | AD25: =IF(U25=1,-$AC$4,0) -> 0
A26: 22 | B26: =COUNTIF($C$5:$C$27,"="&C26) -> 5 | C26: 4 | D26: 4 | E26: Sentir el peligro | F26: =VLOOKUP(10,'Aleatorios NoAcumulativos'!$A$96:$M$106,4,0) -> 0 | H26: =IF($J$3="Activista",F26,IF($J$3="Gánster",F26,IF($J$3="Guerrero Tribal",F26,G26))) -> 0 | I26: =HLOOKUP($I$3,'Servicio Militar'!$C$1:$Y$25,'H Generales'!$A26+2,0) -> 5 | J26: =IF($J$3="Servicio Activo",0,HLOOKUP($J$3,Departamentos!$D$3:$BJ$27,'H Generales'!$A26+2,0)) -> 6 | K26: =VLOOKUP(E26,'Random HG'!$E$3:$N$25,10,0) -> 0 | L26: =IF(SUM(H26:K26)=0,"",SUM(H26:K26)) -> 11 | R26: =IFERROR(L26-N26+O26+P26-Q26,"") -> 11 | S26: =R26 -> 11 | T26: =IFERROR(_xlfn.RANK.EQ(S26,$S$5:$S$27,0),"") -> 1 | U26: =IF(T26=1,IF(SUM($U$5:U25)=0,1,""),"") -> 1 | V26: =IF(T26=2,IF(SUM($V$5:V25)=0,2,""),"") | W26: =SUM(U26:V26) -> 1 | X26: =IF(W26=1,VLOOKUP($X$4,$AH$5:$AJ$20,3,0),IF(W26=2,VLOOKUP($X$4,$AH$5:$AJ$20,2,0),S26)) -> 11 | Y26: =VLOOKUP(E26,Revelación!$B$2:$C$74,2,0) -> 0 | Z26: =IF(SUM(AC26:AD26)=0,"",SUM(AC26:AD26)) -> 11 | AB26: =IF(SUM(X26:Y26)=0,"",SUM(X26:Y26)) -> 11 | AC26: =IF(AB26<0,0,AB26) -> 11 | AD26: =IF(U26=1,-$AC$4,0) -> 0
A27: 23 | B27: =COUNTIF($C$5:$C$27,"="&C27) -> 5 | C27: 4 | D27: 5 | E27: Sigilo | F27: =VLOOKUP(11,'Aleatorios NoAcumulativos'!$A$96:$M$106,4,0) -> 1 | H27: =IF($J$3="Activista",F27,IF($J$3="Gánster",F27,IF($J$3="Guerrero Tribal",F27,G27))) -> 0 | I27: =HLOOKUP($I$3,'Servicio Militar'!$C$1:$Y$25,'H Generales'!$A27+2,0) -> 0 | J27: =IF($J$3="Servicio Activo",0,HLOOKUP($J$3,Departamentos!$D$3:$BJ$27,'H Generales'!$A27+2,0)) -> 5 | K27: =VLOOKUP(E27,'Random HG'!$E$3:$N$25,10,0) -> 1 | L27: =IF(SUM(H27:K27)=0,"",SUM(H27:K27)) -> 6 | R27: =IFERROR(L27-N27+O27+P27-Q27,"") -> 6 | S27: =R27 -> 6 | T27: =IFERROR(_xlfn.RANK.EQ(S27,$S$5:$S$27,0),"") -> 9 | U27: =IF(T27=1,IF(SUM($U$5:U26)=0,1,""),"") | V27: =IF(T27=2,IF(SUM($V$5:V26)=0,2,""),"") | W27: =SUM(U27:V27) -> 0 | X27: =IF(W27=1,VLOOKUP($X$4,$AH$5:$AJ$20,3,0),IF(W27=2,VLOOKUP($X$4,$AH$5:$AJ$20,2,0),S27)) -> 6 | Y27: =VLOOKUP(E27,Revelación!$B$2:$C$74,2,0) -> 0 | Z27: =IF(SUM(AC27:AD27)=0,"",SUM(AC27:AD27)) -> 6 | AB27: =IF(SUM(X27:Y27)=0,"",SUM(X27:Y27)) -> 6 | AC27: =IF(AB27<0,0,AB27) -> 6 | AD27: =IF(U27=1,-$AC$4,0) -> 0
I29: Total Plantillas | J29: =SUM(I5:J27) -> 58 | K29: Total | L29: =SUM(L5:L27)-SUM(G5:G27) -> 65 | N29: =SUM(N5:N27) -> 0 | P29: =SUM(P5:P27) -> 6 | R29: =SUM(R5:R27)-SUM(H5:H27) -> 65 | S29: =SUM(S5:S27)-SUM(H5:H27) -> 65 | X29: =SUM(X5:X27)-SUM(H5:H27) -> 65 | Z29: =SUM(Z5:Z27)-SUM(H5:H27) -> 64

Sheet Revelación
C1: ='Tablas de Selección'!D187 -> Cosas que la humanidad no debería saber | H1: Ninguna | I1: Violencia extrema | J1: Cautiverio o encarcelamiento | K1: Experiencia dura | L1: Cosas que la humanidad no debería saber
A2: 2 | B2: Armas cuerpo a cuerpo | C2: =HLOOKUP($C$1,$H$1:$L$74,A2,0) -> 0 | D2: =RANDBETWEEN(1,20) -> 17 | E2: 1 | F2: 1 | G2: Armas cuerpo a cuerpo | K2: =IF($D$6=E2,1,0)+IF($D$5=E2,1,0)+IF($D$4=E2,1,0)+IF($D$3=E2,1,0)+IF($D$2=E2,1,0) -> 0
A3: 3 | B3: Armas de fuego | C3: =HLOOKUP($C$1,$H$1:$L$74,A3,0) -> 0 | D3: =RANDBETWEEN(1,20) -> 18 | E3: 2 | F3: 1 | G3: Armas de fuego | K3: =IF($D$6=E3,1,0)+IF($D$5=E3,1,0)+IF($D$4=E3,1,0)+IF($D$3=E3,1,0)+IF($D$2=E3,1,0) -> 0
A4: 4 | B4: Armas pesadas | C4: =HLOOKUP($C$1,$H$1:$L$74,A4,0) -> 0 | D4: =RANDBETWEEN(1,20) -> 20 | E4: 3 | F4: 1 | G4: Armas pesadas | K4: =IF($D$6=E4,1,0)+IF($D$5=E4,1,0)+IF($D$4=E4,1,0)+IF($D$3=E4,1,0)+IF($D$2=E4,1,0) -> 0
A5: 5 | B5: Atletismo | C5: =HLOOKUP($C$1,$H$1:$L$74,A5,0) -> 0 | D5: =RANDBETWEEN(1,20) -> 14 | E5: 4 | F5: 1 | G5: Atletismo | K5: =IF($D$6=E5,1,0)+IF($D$5=E5,1,0)+IF($D$4=E5,1,0)+IF($D$3=E5,1,0)+IF($D$2=E5,1,0) -> 0
A6: 6 | B6: Birlar | C6: =HLOOKUP($C$1,$H$1:$L$74,A6,0) -> 0 | D6: =RANDBETWEEN(1,20) -> 19 | E6: 5 | F6: 1 | G6: Birlar | K6: =IF($D$6=E6,1,0)+IF($D$5=E6,1,0)+IF($D$4=E6,1,0)+IF($D$3=E6,1,0)+IF($D$2=E6,1,0) -> 0
A7: 7 | B7: Burocracia | C7: =HLOOKUP($C$1,$H$1:$L$74,A7,0) -> 0 | E7: 6 | F7: 1 | G7: Burocracia | K7: =IF($D$6=E7,1,0)+IF($D$5=E7,1,0)+IF($D$4=E7,1,0)+IF($D$3=E7,1,0)+IF($D$2=E7,1,0) -> 0
A8: 8 | B8: Combate sin armas | C8: =HLOOKUP($C$1,$H$1:$L$74,A8,0) -> 0 | E8: 7 | F8: 1 | G8: Combate sin armas | K8: =IF($D$6=E8,1,0)+IF($D$5=E8,1,0)+IF($D$4=E8,1,0)+IF($D$3=E8,1,0)+IF($D$2=E8,1,0) -> 0
A9: 9 | B9: Conducir | C9: =HLOOKUP($C$1,$H$1:$L$74,A9,0) -> 0 | E9: 8 | F9: 1 | G9: Conducir | K9: =IF($D$6=E9,1,0)+IF($D$5=E9,1,0)+IF($D$4=E9,1,0)+IF($D$3=E9,1,0)+IF($D$2=E9,1,0) -> 0
A10: 10 | B10: Contactos | C10: =HLOOKUP($C$1,$H$1:$L$74,A10,0) -> 0 | E10: 9 | F10: 1 | G10: Contactos | K10: =IF($D$6=E10,1,0)+IF($D$5=E10,1,0)+IF($D$4=E10,1,0)+IF($D$3=E10,1,0)+IF($D$2=E10,1,0) -> 0
A11: 11 | B11: Cordura | C11: =HLOOKUP($C$1,$H$1:$L$74,A11,0) -> -1 | E11: 21 | F11: 0 | G11: Cordura | K11: =IF($D$6=E11,1,0)+IF($D$5=E11,1,0)+IF($D$4=E11,1,0)+IF($D$3=E11,1,0)+IF($D$2=E11,1,0) -> 0 | L11: -1
A12: 12 | B12: Demoliciones | C12: =HLOOKUP($C$1,$H$1:$L$74,A12,0) -> 0 | E12: 10 | F12: 1 | G12: Demoliciones | K12: =IF($D$6=E12,1,0)+IF($D$5=E12,1,0)+IF($D$4=E12,1,0)+IF($D$3=E12,1,0)+IF($D$2=E12,1,0) -> 0
A13: 13 | B13: Disfraz | C13: =HLOOKUP($C$1,$H$1:$L$74,A13,0) -> 0 | E13: 11 | F13: 1 | G13: Disfraz | K13: =IF($D$6=E13,1,0)+IF($D$5=E13,1,0)+IF($D$4=E13,1,0)+IF($D$3=E13,1,0)+IF($D$2=E13,1,0) -> 0
A14: 14 | B14: Estabilidad | C14: =HLOOKUP($C$1,$H$1:$L$74,A14,0) -> 0 | E14: 22 | F14: 0 | G14: Estabilidad | J14: =-VLOOKUP(2,'Aleatorios NoAcumulativos2'!$A$4:$D$5,4,0) -> 0 | K14: =-VLOOKUP(1,Aleatorios!$A$4:$E$5,5,0) -> 0
A15: 15 | B15: Mecánica | C15: =HLOOKUP($C$1,$H$1:$L$74,A15,0) -> 0 | E15: 12 | F15: 1 | G15: Mecánica | K15: =IF($D$6=E15,1,0)+IF($D$5=E15,1,0)+IF($D$4=E15,1,0)+IF($D$3=E15,1,0)+IF($D$2=E15,1,0) -> 0
A16: 16 | B16: Montar | C16: =HLOOKUP($C$1,$H$1:$L$74,A16,0) -> 0 | E16: 13 | F16: 1 | G16: Montar | K16: =IF($D$6=E16,1,0)+IF($D$5=E16,1,0)+IF($D$4=E16,1,0)+IF($D$3=E16,1,0)+IF($D$2=E16,1,0) -> 0
A17: 17 | B17: Ocultar | C17: =HLOOKUP($C$1,$H$1:$L$74,A17,0) -> 0 | E17: 14 | F17: 1 | G17: Ocultar | K17: =IF($D$6=E17,1,0)+IF($D$5=E17,1,0)+IF($D$4=E17,1,0)+IF($D$3=E17,1,0)+IF($D$2=E17,1,0) -> 1
A18: 18 | B18: Pilotar | C18: =HLOOKUP($C$1,$H$1:$L$74,A18,0) -> 0 | E18: 15 | F18: 1 | G18: Pilotar | K18: =IF($D$6=E18,1,0)+IF($D$5=E18,1,0)+IF($D$4=E18,1,0)+IF($D$3=E18,1,0)+IF($D$2=E18,1,0) -> 0
A19: 19 | B19: Preparación | C19: =HLOOKUP($C$1,$H$1:$L$74,A19,0) -> 0 | E19: 16 | F19: 1 | G19: Preparación | K19: =IF($D$6=E19,1,0)+IF($D$5=E19,1,0)+IF($D$4=E19,1,0)+IF($D$3=E19,1,0)+IF($D$2=E19,1,0) -> 0
A20: 20 | B20: Primeros auxilios | C20: =HLOOKUP($C$1,$H$1:$L$74,A20,0) -> 0 | E20: 17 | F20: 1 | G20: Primeros auxilios | K20: =IF($D$6=E20,1,0)+IF($D$5=E20,1,0)+IF($D$4=E20,1,0)+IF($D$3=E20,1,0)+IF($D$2=E20,1,0) -> 1
A21: 21 | B21: Psicoterapia | C21: =HLOOKUP($C$1,$H$1:$L$74,A21,0) -> 0 | E21: 18 | F21: 1 | G21: Psicoterapia | K21: =IF($D$6=E21,1,0)+IF($D$5=E21,1,0)+IF($D$4=E21,1,0)+IF($D$3=E21,1,0)+IF($D$2=E21,1,0) -> 1
A22: 22 | B22: Salud | C22: =HLOOKUP($C$1,$H$1:$L$74,A22,0) -> 0 | E22: 23 | F22: 0 | G22: Salud | J22: =-VLOOKUP(1,'Aleatorios NoAcumulativos2'!$A$4:$D$5,4,0) -> -1 | K22: =-VLOOKUP(2,Aleatorios!$A$4:$E$5,5,0) -> -2
A23: 23 | B23: Sentir el peligro | C23: =HLOOKUP($C$1,$H$1:$L$74,A23,0) -> 0 | E23: 19 | F23: 1 | G23: Sentir el peligro | K23: =IF($D$6=E23,1,0)+IF($D$5=E23,1,0)+IF($D$4=E23,1,0)+IF($D$3=E23,1,0)+IF($D$2=E23,1,0) -> 1
A24: 24 | B24: Sigilo | C24: =HLOOKUP($C$1,$H$1:$L$74,A24,0) -> 0 | E24: 20 | F24: 1 | G24: Sigilo | K24: =IF($D$6=E24,1,0)+IF($D$5=E24,1,0)+IF($D$4=E24,1,0)+IF($D$3=E24,1,0)+IF($D$2=E24,1,0) -> 1
A25: 25 | C25: =HLOOKUP($C$1,$H$1:$L$74,A25,0) -> 0
A26: 26 | B26: Total Generales | C26: =HLOOKUP($C$1,$H$1:$L$74,A26,0) -> 0 | G26: Total Generales
A27: 27 | C27: =HLOOKUP($C$1,$H$1:$L$74,A27,0) -> 0
A28: 28 | B28: Antropología | C28: =HLOOKUP($C$1,$H$1:$L$74,A28,0) -> 0 | G28: Antropología | H28: =VLOOKUP(G28,'H Investigación'!$C$3:$K$44,7,0) -> 1
A29: 29 | B29: Arqueología | C29: =HLOOKUP($C$1,$H$1:$L$74,A29,0) -> 0 | G29: Arqueología | H29: =VLOOKUP(G29,'H Investigación'!$C$3:$K$44,7,0) -> 0
A30: 30 | B30: Astronomía | C30: =HLOOKUP($C$1,$H$1:$L$74,A30,0) -> 0 | G30: Astronomía | H30: =VLOOKUP(G30,'H Investigación'!$C$3:$K$44,7,0) -> 0
A31: 31 | B31: Biología | C31: =HLOOKUP($C$1,$H$1:$L$74,A31,0) -> 0 | G31: Biología | H31: =VLOOKUP(G31,'H Investigación'!$C$3:$K$44,7,0) -> 1
A32: 32 | B32: Ciencia militar | C32: =HLOOKUP($C$1,$H$1:$L$74,A32,0) -> 0 | G32: Ciencia militar | H32: =VLOOKUP(G32,'H Investigación'!$C$3:$K$44,7,0) -> 1 | I32: =VLOOKUP(2,'Aleatorios NoAcumulativos'!$A$10:$E$12,4,0) -> 0
A33: 33 | B33: Ciencias Ocultas | C33: =HLOOKUP($C$1,$H$1:$L$74,A33,0) -> 0 | G33: Ciencias Ocultas | H33: =VLOOKUP(G33,'H Investigación'!$C$3:$K$44,7,0) -> 0 | I33: =VLOOKUP(1,'Aleatorios NoAcumulativos'!$A$10:$E$12,4,0) -> 1 | J33: =VLOOKUP(1,'Aleatorios NoAcumulativos'!$A$4:$D$5,4,0) -> 0 | K33: =VLOOKUP(1,'Aleatorios NoAcumulativos'!$A$4:$D$5,4,0) -> 0 | L33: =VLOOKUP(1,'Aleatorios NoAcumulativos'!$A$4:$D$5,4,0) -> 0
A34: 34 | B34: Contabilidad | C34: =HLOOKUP($C$1,$H$1:$L$74,A34,0) -> 0 | G34: Contabilidad | H34: =VLOOKUP(G34,'H Investigación'!$C$3:$K$44,7,0) -> 2
A35: 35 | B35: Criminología | C35: =HLOOKUP($C$1,$H$1:$L$74,A35,0) -> 0 | G35: Criminología | H35: =VLOOKUP(G35,'H Investigación'!$C$3:$K$44,7,0) -> 2 | I35: =VLOOKUP(3,'Aleatorios NoAcumulativos'!$A$10:$E$12,4,0) -> 0
A36: 36 | B36: Derecho | C36: =HLOOKUP($C$1,$H$1:$L$74,A36,0) -> 0 | G36: Derecho | H36: =VLOOKUP(G36,'H Investigación'!$C$3:$K$44,7,0) -> 2
A37: 37 | B37: Historia | C37: =HLOOKUP($C$1,$H$1:$L$74,A37,0) -> 0 | G37: Historia | H37: =VLOOKUP(G37,'H Investigación'!$C$3:$K$44,7,0) -> 0
A38: 38 | B38: Lengua Extranjera | C38: =HLOOKUP($C$1,$H$1:$L$74,A38,0) -> 0 | G38: Lengua Extranjera | H38: =VLOOKUP(G38,'H Investigación'!$C$3:$K$44,7,0) -> 0
A39: 39 | B39: Lo antinatural | C39: =HLOOKUP($C$1,$H$1:$L$74,A39,0) -> 1 | E39: =RANDBETWEEN(1,MAX(E41:E47,E50:E51)) -> 3 | F39: =RANDBETWEEN(1,MAX(F41:F51)) -> 3 | G39: Lo antinatural | H39: =VLOOKUP(G39,'H Investigación'!$C$3:$K$44,7,0) -> 0 | L39: 1
A40: 40 | B40: Medicina | C40: =HLOOKUP($C$1,$H$1:$L$74,A40,0) -> 0 | G40: Medicina | H40: =VLOOKUP(G40,'H Investigación'!$C$3:$K$44,7,0) -> 0
A41: 41 | B41: Adulación | C41: =HLOOKUP($C$1,$H$1:$L$74,A41,0) -> 0 | D41: 1 | E41: =IF(H41>0,1,0) -> 0 | F41: =IF(H41>0,1,0) -> 0 | G41: Adulación | H41: =VLOOKUP(G41,'H Investigación'!$C$3:$K$44,7,0) -> 0 | I41: =IF(F41=$F$39,-1,0) -> 0 | J41: =IF(E41=$E$39,-1,0) -> 0
A42: 42 | B42: Agencia | C42: =HLOOKUP($C$1,$H$1:$L$74,A42,0) -> 0 | D42: 2 | E42: =IF(H42>0,1+E41,0) -> 1 | F42: =IF(H42>0,1+F41,0) -> 1 | G42: Agencia | H42: =VLOOKUP(G42,'H Investigación'!$C$3:$K$44,7,0) -> 3 | I42: =IF(F42=$F$39,-1,0) -> 0 | J42: =IF(E42=$E$39,-1,0) -> 0
A43: 43 | B43: Bajos fondos | C43: =HLOOKUP($C$1,$H$1:$L$74,A43,0) -> 0 | D43: 3 | E43: =IF(H43>0,1+MAX($E$41:E42),0) -> 0 | F43: =IF(H43>0,1+MAX($F$41:F42),0) -> 0 | G43: Bajos fondos | H43: =VLOOKUP(G43,'H Investigación'!$C$3:$K$44,7,0) -> 0 | I43: =IF(F43=$F$39,-1,0) -> 0 | J43: =VLOOKUP(2,'Aleatorios NoAcumulativos'!$A$4:$D$5,4,0)+IF(E43=$E$39,-1,0) -> 1
A44: 44 | B44: Confortar | C44: =HLOOKUP($C$1,$H$1:$L$74,A44,0) -> 0 | D44: 4 | E44: =IF(H44>0,1+MAX($E$41:E43),0) -> 0 | F44: =IF(H44>0,1+MAX($F$41:F43),0) -> 0 | G44: Confortar | H44: =VLOOKUP(G44,'H Investigación'!$C$3:$K$44,7,0) -> 0 | I44: =IF(F44=$F$39,-1,0) -> 0 | J44: =IF(E44=$E$39,-1,0) -> 0
A45: 45 | B45: Espionaje | C45: =HLOOKUP($C$1,$H$1:$L$74,A45,0) -> 0 | D45: 5 | E45: =IF(H45>0,1+MAX($E$41:E44),0) -> 0 | F45: =IF(H45>0,1+MAX($F$41:F44),0) -> 0 | G45: Espionaje | H45: =VLOOKUP(G45,'H Investigación'!$C$3:$K$44,7,0) -> 0 | I45: =IF(F45=$F$39,-1,0) -> 0 | J45: =IF(E45=$E$39,-1,0) -> 0
A46: 46 | B46: HUMINT | C46: =HLOOKUP($C$1,$H$1:$L$74,A46,0) -> 0 | D46: 6 | E46: =IF(H46>0,1+MAX($E$41:E45),0) -> 2 | F46: =IF(H46>0,1+MAX($F$41:F45),0) -> 2 | G46: HUMINT | H46: =VLOOKUP(G46,'H Investigación'!$C$3:$K$44,7,0) -> 1 | I46: =IF(F46=$F$39,-1,0) -> 0 | J46: =IF(E46=$E$39,-1,0) -> 0
A47: 47 | B47: Inspiración | C47: =HLOOKUP($C$1,$H$1:$L$74,A47,0) -> 0 | D47: 7 | E47: =IF(H47>0,1+MAX($E$41:E46),0) -> 3 | F47: =IF(H47>0,1+MAX($F$41:F46),0) -> 3 | G47: Inspiración | H47: =VLOOKUP(G47,'H Investigación'!$C$3:$K$44,7,0) -> 1 | I47: =IF(F47=$F$39,-1,0) -> -1 | J47: =IF(E47=$E$39,-1,0) -> -1
A48: 48 | B48: Interrogatorio | C48: =HLOOKUP($C$1,$H$1:$L$74,A48,0) -> 0 | D48: 8 | E48: 1 | F48: =IF(H48>0,1+MAX($F$41:F47),0) -> 4 | G48: Interrogatorio | H48: =VLOOKUP(G48,'H Investigación'!$C$3:$K$44,7,0) -> 2 | I48: =IF(F48=$F$39,-1,0) -> 0 | J48: =VLOOKUP(E48,'Aleatorios NoAcumulativos'!$A$4:$D$5,4,0) -> 0
A49: 49 | B49: Intimidación | C49: =HLOOKUP($C$1,$H$1:$L$74,A49,0) -> 0 | D49: 9 | E49: 2 | F49: =IF(H49>0,1+MAX($F$41:F48),0) -> 5 | G49: Intimidación | H49: =VLOOKUP(G49,'H Investigación'!$C$3:$K$44,7,0) -> 3 | I49: =IF(F49=$F$39,-1,0) -> 0 | J49: =VLOOKUP(E49,'Aleatorios NoAcumulativos'!$A$4:$D$5,4,0) -> 1
A50: 50 | B50: Jerga policial | C50: =HLOOKUP($C$1,$H$1:$L$74,A50,0) -> 0 | D50: 10 | E50: =IF(H50>0,1+MAX($E$41:E47),0) -> 0 | F50: =IF(H50>0,1+MAX($F$41:F49),0) -> 0 | G50: Jerga policial | H50: =VLOOKUP(G50,'H Investigación'!$C$3:$K$44,7,0) -> 0 | I50: =IF(F50=$F$39,-1,0) -> 0 | J50: =IF(E50=$E$39,-1,0) -> 0
A51: 51 | B51: Negociar | C51: =HLOOKUP($C$1,$H$1:$L$74,A51,0) -> 0 | D51: 11 | E51: =IF(H51>0,1+MAX($E$41:E47,E50),0) -> 0 | F51: =IF(H51>0,1+MAX($F$41:F50),0) -> 0 | G51: Negociar | H51: =VLOOKUP(G51,'H Investigación'!$C$3:$K$44,7,0) -> 0 | I51: =IF(F51=$F$39,-1,0) -> 0 | J51: =IF(E51=$E$39,-1,0) -> 0
A52: 52 | B52: Análisis de tráfico | C52: =HLOOKUP($C$1,$H$1:$L$74,A52,0) -> 0 | G52: Análisis de tráfico | H52: =VLOOKUP(G52,'H Investigación'!$C$3:$K$44,7,0) -> 0
A53: 53 | B53: Arquitectura | C53: =HLOOKUP($C$1,$H$1:$L$74,A53,0) -> 0 | G53: Arquitectura | H53: =VLOOKUP(G53,'H Investigación'!$C$3:$K$44,7,0) -> 0
A54: 54 | B54: Arte | C54: =HLOOKUP($C$1,$H$1:$L$74,A54,0) -> 0 | G54: Arte | H54: =VLOOKUP(G54,'H Investigación'!$C$3:$K$44,7,0) -> 2
A55: 55 | B55: Ciencia alternativa | C55: =HLOOKUP($C$1,$H$1:$L$74,A55,0) -> 1 | G55: Ciencia alternativa | H55: =VLOOKUP(G55,'H Investigación'!$C$3:$K$44,7,0) -> 0 | K55: =VLOOKUP(2,'Aleatorios NoAcumulativos'!$A$4:$D$5,4,0) -> 1 | L55: =VLOOKUP(2,'Aleatorios NoAcumulativos'!$A$4:$D$5,4,0) -> 1
A56: 56 | B56: Criptografía | C56: =HLOOKUP($C$1,$H$1:$L$74,A56,0) -> 0 | G56: Criptografía | H56: =VLOOKUP(G56,'H Investigación'!$C$3:$K$44,7,0) -> 0
A57: 57 | B57: Farmacología | C57: =HLOOKUP($C$1,$H$1:$L$74,A57,0) -> 0 | G57: Farmacología | H57: =VLOOKUP(G57,'H Investigación'!$C$3:$K$44,7,0) -> 0
A58: 58 | B58: Física | C58: =HLOOKUP($C$1,$H$1:$L$74,A58,0) -> 0 | G58: Física | H58: =VLOOKUP(G58,'H Investigación'!$C$3:$K$44,7,0) -> 0
A59: 59 | B59: Fotografía | C59: =HLOOKUP($C$1,$H$1:$L$74,A59,0) -> 0 | G59: Fotografía | H59: =VLOOKUP(G59,'H Investigación'!$C$3:$K$44,7,0) -> 0
A60: 60 | B60: Medicina forense | C60: =HLOOKUP($C$1,$H$1:$L$74,A60,0) -> 0 | G60: Medicina forense | H60: =VLOOKUP(G60,'H Investigación'!$C$3:$K$44,7,0) -> 1
A61: 61 | B61: Observación | C61: =HLOOKUP($C$1,$H$1:$L$74,A61,0) -> 0 | G61: Observación | H61: =VLOOKUP(G61,'H Investigación'!$C$3:$K$44,7,0) -> 1
A62: 62 | B62: Química | C62: =HLOOKUP($C$1,$H$1:$L$74,A62,0) -> 0 | G62: Química | H62: =VLOOKUP(G62,'H Investigación'!$C$3:$K$44,7,0) -> 0
A63: 63 | B63: Recuperación de datos | C63: =HLOOKUP($C$1,$H$1:$L$74,A63,0) -> 0 | G63: Recuperación de datos | H63: =VLOOKUP(G63,'H Investigación'!$C$3:$K$44,7,0) -> 1
A64: 64 | B64: SIGINT | C64: =HLOOKUP($C$1,$H$1:$L$74,A64,0) -> 0 | G64: SIGINT | H64: =VLOOKUP(G64,'H Investigación'!$C$3:$K$44,7,0) -> 0
A65: 65 | B65: Supervivencia | C65: =HLOOKUP($C$1,$H$1:$L$74,A65,0) -> 0 | G65: Supervivencia | H65: =VLOOKUP(G65,'H Investigación'!$C$3:$K$44,7,0) -> 1
A66: 66 | C66: =HLOOKUP($C$1,$H$1:$L$74,A66,0) -> 0
A67: 67 | B67: Total Investigación | C67: =HLOOKUP($C$1,$H$1:$L$74,A67,0) -> 0 | G67: Total Investigación
A68: 68 | C68: =HLOOKUP($C$1,$H$1:$L$74,A68,0) -> 0
A69: 69 | B69: Viculos | C69: =HLOOKUP($C$1,$H$1:$L$74,A69,0) -> 0 | G69: Viculos | I69: -1 | K69: -1
A70: 70 | C70: =HLOOKUP($C$1,$H$1:$L$74,A70,0) -> 0
A71: 71 | B71: Violencia | C71: =HLOOKUP($C$1,$H$1:$L$74,A71,0) -> 0 | G71: Violencia | I71: 3
A72: 72 | B72: Impotencia | C72: =HLOOKUP($C$1,$H$1:$L$74,A72,0) -> 0 | G72: Impotencia | J72: 3
A73: 73 | C73: =HLOOKUP($C$1,$H$1:$L$74,A73,0) -> 0
A74: 74 | B74: Trastorno Antinatural | C74: =HLOOKUP($C$1,$H$1:$L$74,A74,0) -> Pesadillas | G74: Trastorno Antinatural | L74: =Trastornos!D1 -> Pesadillas

Sheet Trastornos
C1: Trastorno | D1: =VLOOKUP(1,A2:D7,4,0) -> Pesadillas
A2: =VLOOKUP(SMALL(B2:B7,1),B2:C7,2,0) -> 2 | B2: =RANDBETWEEN(0,100000) -> 63270 | C2: 1 | D2: Amnesia
A3: =VLOOKUP(SMALL(B2:B7,2),B2:C7,2,0) -> 6 | B3: =RANDBETWEEN(0,100000) -> 19416 | C3: 2 | D3: Megalomanía
A4: =VLOOKUP(SMALL(B2:B7,3),B2:C7,2,0) -> 4 | B4: =RANDBETWEEN(0,100000) -> 88025 | C4: 3 | D4: Personalidad múltiple
A5: =VLOOKUP(SMALL(B2:B7,4),B2:C7,2,0) -> 1 | B5: =RANDBETWEEN(0,100000) -> 59792 | C5: 4 | D5: Pesadillas
A6: =VLOOKUP(SMALL(B2:B7,5),B2:C7,2,0) -> 3 | B6: =RANDBETWEEN(0,100000) -> 89981 | C6: 5 | D6: Paranoia
A7: =VLOOKUP(SMALL(B2:B7,6),B2:C7,2,0) -> 5 | B7: =RANDBETWEEN(0,100000) -> 39669 | C7: 6 | D7: Esquizofrenia

Sheet Random HG
A2: index | B2: n Hab | C2: G Hab | D2: P Hab | E2: Hab | G2: Sigiloso | H2: Mañoso | I2: Matón | J2: Inteligente | K2: Sanitario | L2: =Hoja1!D8-'H Generales'!J29 -> 7 | M2: =Hoja1!D6 -> Mañoso | P2: 1 | Q2: =VLOOKUP(P2,Aleatorios!$A$44:$CH$50,'Random HG'!$L$2+3,0) -> 0 | R2: 1 | S2: =LARGE($Q$2:$Q$8,P2) -> 2 | V2: 1 | W2: =VLOOKUP(V2,Aleatorios!$A$34:$CH$39,5+3,0) -> 0 | X2: 1 | Y2: =LARGE($W$2:$W$7,V2) -> 2
A3: 5 | B3: =COUNTIF($C$3:$C$25,"="&C3) -> 5 | C3: 1 | D3: 1 | E3: Birlar | F3: Agilidad | G3: 1 | H3: 4 | I3: 4 | J3: 4 | K3: 6 | L3: 2 | M3: =HLOOKUP($M$2,$G$2:$K$25,L3,0) -> 4 | N3: =IF(VLOOKUP('Random HG'!M3,'Random HG'!$R$2:$S$8,2,0)=0,0,VLOOKUP(D3,Aleatorios!$A$25:$CH$29,VLOOKUP('Random HG'!M3,'Random HG'!$R$2:$S$8,2,0)+3,0)) -> 0 | P3: 2 | Q3: =VLOOKUP(P3,Aleatorios!$A$44:$CH$50,'Random HG'!$L$2+3,0) -> 2 | R3: 2 | S3: =LARGE($Q$2:$Q$8,P3) -> 2 | V3: 2 | W3: =VLOOKUP(V3,Aleatorios!$A$34:$CH$39,5+3,0) -> 2 | X3: 2 | Y3: =LARGE($W$2:$W$7,V3) -> 1
A4: 12 | B4: =COUNTIF($C$3:$C$25,"="&C4) -> 5 | C4: 1 | D4: 2 | E4: Disfraz | F4: Agilidad | G4: 1 | H4: 4 | I4: 4 | J4: 4 | K4: 6 | L4: 3 | M4: =HLOOKUP($M$2,$G$2:$K$25,L4,0) -> 4 | N4: =IF(VLOOKUP('Random HG'!M4,'Random HG'!$R$2:$S$8,2,0)=0,0,VLOOKUP(D4,Aleatorios!$A$25:$CH$29,VLOOKUP('Random HG'!M4,'Random HG'!$R$2:$S$8,2,0)+3,0)) -> 0 | P4: 3 | Q4: =VLOOKUP(P4,Aleatorios!$A$44:$CH$50,'Random HG'!$L$2+3,0) -> 0 | R4: 3 | S4: =LARGE($Q$2:$Q$8,P4) -> 2 | V4: 3 | W4: =VLOOKUP(V4,Aleatorios!$A$34:$CH$39,5+3,0) -> 0 | X4: 3 | Y4: =LARGE($W$2:$W$7,V4) -> 1
A5: 16 | B5: =COUNTIF($C$3:$C$25,"="&C5) -> 5 | C5: 1 | D5: 3 | E5: Ocultar | F5: Agilidad | G5: 1 | H5: 4 | I5: 4 | J5: 4 | K5: 6 | L5: 4 | M5: =HLOOKUP($M$2,$G$2:$K$25,L5,0) -> 4 | N5: =IF(VLOOKUP('Random HG'!M5,'Random HG'!$R$2:$S$8,2,0)=0,0,VLOOKUP(D5,Aleatorios!$A$25:$CH$29,VLOOKUP('Random HG'!M5,'Random HG'!$R$2:$S$8,2,0)+3,0)) -> 0 | P5: 4 | Q5: =VLOOKUP(P5,Aleatorios!$A$44:$CH$50,'Random HG'!$L$2+3,0) -> 2 | R5: 4 | S5: =LARGE($Q$2:$Q$8,P5) -> 1 | V5: 4 | W5: =VLOOKUP(V5,Aleatorios!$A$34:$CH$39,5+3,0) -> 1 | X5: 4 | Y5: =LARGE($W$2:$W$7,V5) -> 1
A6: 22 | B6: =COUNTIF($C$3:$C$25,"="&C6) -> 5 | C6: 1 | D6: 4 | E6: Sentir el peligro | F6: Agilidad | G6: 1 | H6: 4 | I6: 4 | J6: 4 | K6: 6 | L6: 5 | M6: =HLOOKUP($M$2,$G$2:$K$25,L6,0) -> 4 | N6: =IF(VLOOKUP('Random HG'!M6,'Random HG'!$R$2:$S$8,2,0)=0,0,VLOOKUP(D6,Aleatorios!$A$25:$CH$29,VLOOKUP('Random HG'!M6,'Random HG'!$R$2:$S$8,2,0)+3,0)) -> 0 | P6: 5 | Q6: =VLOOKUP(P6,Aleatorios!$A$44:$CH$50,'Random HG'!$L$2+3,0) -> 0 | R6: 5 | S6: =LARGE($Q$2:$Q$8,P6) -> 0 | V6: 5 | W6: =VLOOKUP(V6,Aleatorios!$A$34:$CH$39,5+3,0) -> 1 | X6: 5 | Y6: =LARGE($W$2:$W$7,V6) -> 0
A7: 23 | B7: =COUNTIF($C$3:$C$25,"="&C7) -> 5 | C7: 1 | D7: 5 | E7: Sigilo | F7: Agilidad | G7: 1 | H7: 4 | I7: 4 | J7: 4 | K7: 6 | L7: 6 | M7: =HLOOKUP($M$2,$G$2:$K$25,L7,0) -> 4 | N7: =IF(VLOOKUP('Random HG'!M7,'Random HG'!$R$2:$S$8,2,0)=0,0,VLOOKUP(D7,Aleatorios!$A$25:$CH$29,VLOOKUP('Random HG'!M7,'Random HG'!$R$2:$S$8,2,0)+3,0)) -> 1 | P7: 6 | Q7: =VLOOKUP(P7,Aleatorios!$A$44:$CH$50,'Random HG'!$L$2+3,0) -> 1 | R7: 6 | S7: =LARGE($Q$2:$Q$8,P7) -> 0 | V7: 6 | W7: =VLOOKUP(V7,Aleatorios!$A$34:$CH$39,5+3,0) -> 1 | X7: 6 | Y7: =LARGE($W$2:$W$7,V7) -> 0
A8: 8 | B8: =COUNTIF($C$3:$C$25,"="&C8) -> 5 | C8: 2 | D8: 1 | E8: Conducir | F8: Destreza | G8: 2 | H8: 1 | I8: 3 | J8: 5 | K8: 5 | L8: 7 | M8: =HLOOKUP($M$2,$G$2:$K$25,L8,0) -> 1 | N8: =IF(VLOOKUP('Random HG'!M8,'Random HG'!$R$2:$S$8,2,0)=0,0,VLOOKUP(D8,Aleatorios2!$A$25:$CH$29,VLOOKUP('Random HG'!M8,'Random HG'!$R$2:$S$8,2,0)+3,0)) -> 1 | P8: 7 | Q8: =VLOOKUP(P8,Aleatorios!$A$44:$CH$50,'Random HG'!$L$2+3,0) -> 2 | R8: 7 | S8: =LARGE($Q$2:$Q$8,P8) -> 0
A9: 15 | B9: =COUNTIF($C$3:$C$25,"="&C9) -> 5 | C9: 2 | D9: 2 | E9: Montar | F9: Destreza | G9: 2 | H9: 1 | I9: 3 | J9: 5 | K9: 5 | L9: 8 | M9: =HLOOKUP($M$2,$G$2:$K$25,L9,0) -> 1 | N9: =IF(VLOOKUP('Random HG'!M9,'Random HG'!$R$2:$S$8,2,0)=0,0,VLOOKUP(D9,Aleatorios2!$A$25:$CH$29,VLOOKUP('Random HG'!M9,'Random HG'!$R$2:$S$8,2,0)+3,0)) -> 1 | Q9: =SUM(Q2:Q8) -> 7
A10: 17 | B10: =COUNTIF($C$3:$C$25,"="&C10) -> 5 | C10: 2 | D10: 3 | E10: Pilotar | F10: Destreza | G10: 2 | H10: 1 | I10: 3 | J10: 5 | K10: 5 | L10: 9 | M10: =HLOOKUP($M$2,$G$2:$K$25,L10,0) -> 1 | N10: =IF(VLOOKUP('Random HG'!M10,'Random HG'!$R$2:$S$8,2,0)=0,0,VLOOKUP(D10,Aleatorios2!$A$25:$CH$29,VLOOKUP('Random HG'!M10,'Random HG'!$R$2:$S$8,2,0)+3,0)) -> 0
A11: 14 | B11: =COUNTIF($C$3:$C$25,"="&C11) -> 5 | C11: 2 | D11: 4 | E11: Mecánica | F11: Destreza | G11: 2 | H11: 1 | I11: 3 | J11: 5 | K11: 5 | L11: 10 | M11: =HLOOKUP($M$2,$G$2:$K$25,L11,0) -> 1 | N11: =IF(VLOOKUP('Random HG'!M11,'Random HG'!$R$2:$S$8,2,0)=0,0,VLOOKUP(D11,Aleatorios2!$A$25:$CH$29,VLOOKUP('Random HG'!M11,'Random HG'!$R$2:$S$8,2,0)+3,0)) -> 0
A12: 11 | B12: =COUNTIF($C$3:$C$25,"="&C12) -> 5 | C12: 2 | D12: 5 | E12: Demoliciones | F12: Destreza | G12: 2 | H12: 1 | I12: 3 | J12: 5 | K12: 5 | L12: 11 | M12: =HLOOKUP($M$2,$G$2:$K$25,L12,0) -> 1 | N12: =IF(VLOOKUP('Random HG'!M12,'Random HG'!$R$2:$S$8,2,0)=0,0,VLOOKUP(D12,Aleatorios2!$A$25:$CH$29,VLOOKUP('Random HG'!M12,'Random HG'!$R$2:$S$8,2,0)+3,0)) -> 0
A13: 21 | B13: =COUNTIF($C$3:$C$25,"="&C13) -> 2 | C13: 3 | D13: 1 | E13: Salud | F13: Fortaleza | G13: 3 | H13: 5 | I13: 2 | J13: 6 | K13: 4 | L13: 12 | M13: =HLOOKUP($M$2,$G$2:$K$25,L13,0) -> 5 | N13: =IF(VLOOKUP('Random HG'!M13,'Random HG'!$R$2:$S$8,2,0)=0,0,VLOOKUP(D13,Aleatorios!$A$4:$CH$5,VLOOKUP('Random HG'!M13,'Random HG'!$R$2:$S$8,2,0)+3,0)) -> 0
A14: 4 | B14: =COUNTIF($C$3:$C$25,"="&C14) -> 2 | C14: 3 | D14: 2 | E14: Atletismo | F14: Fortaleza | G14: 3 | H14: 5 | I14: 2 | J14: 6 | K14: 4 | L14: 13 | M14: =HLOOKUP($M$2,$G$2:$K$25,L14,0) -> 5 | N14: =IF(VLOOKUP('Random HG'!M14,'Random HG'!$R$2:$S$8,2,0)=0,0,VLOOKUP(D14,Aleatorios!$A$4:$CH$5,VLOOKUP('Random HG'!M14,'Random HG'!$R$2:$S$8,2,0)+3,0)) -> 0
A15: 1 | B15: =COUNTIF($C$3:$C$25,"="&C15) -> 4 | C15: 4 | D15: 1 | E15: Armas cuerpo a cuerpo | F15: Fuerza | G15: 5 | H15: 2 | I15: 1 | J15: 7 | K15: 7 | L15: 14 | M15: =HLOOKUP($M$2,$G$2:$K$25,L15,0) -> 2 | N15: =IF(VLOOKUP('Random HG'!M15,'Random HG'!$R$2:$S$8,2,0)=0,0,VLOOKUP(D15,Aleatorios!$A$17:$CH$20,VLOOKUP('Random HG'!M15,'Random HG'!$R$2:$S$8,2,0)+3,0)) -> 1
A16: 2 | B16: =COUNTIF($C$3:$C$25,"="&C16) -> 4 | C16: 4 | D16: 2 | E16: Armas de fuego | F16: Fuerza | G16: 5 | H16: 2 | I16: 1 | J16: 7 | K16: 7 | L16: 15 | M16: =HLOOKUP($M$2,$G$2:$K$25,L16,0) -> 2 | N16: =IF(VLOOKUP('Random HG'!M16,'Random HG'!$R$2:$S$8,2,0)=0,0,VLOOKUP(D16,Aleatorios!$A$17:$CH$20,VLOOKUP('Random HG'!M16,'Random HG'!$R$2:$S$8,2,0)+3,0)) -> 0
A17: 3 | B17: =COUNTIF($C$3:$C$25,"="&C17) -> 4 | C17: 4 | D17: 3 | E17: Armas pesadas | F17: Fuerza | G17: 5 | H17: 2 | I17: 1 | J17: 7 | K17: 7 | L17: 16 | M17: =HLOOKUP($M$2,$G$2:$K$25,L17,0) -> 2 | N17: =IF(VLOOKUP('Random HG'!M17,'Random HG'!$R$2:$S$8,2,0)=0,0,VLOOKUP(D17,Aleatorios!$A$17:$CH$20,VLOOKUP('Random HG'!M17,'Random HG'!$R$2:$S$8,2,0)+3,0)) -> 1
A18: 7 | B18: =COUNTIF($C$3:$C$25,"="&C18) -> 4 | C18: 4 | D18: 4 | E18: Combate sin armas | F18: Fuerza | G18: 5 | H18: 2 | I18: 1 | J18: 7 | K18: 7 | L18: 17 | M18: =HLOOKUP($M$2,$G$2:$K$25,L18,0) -> 2 | N18: =IF(VLOOKUP('Random HG'!M18,'Random HG'!$R$2:$S$8,2,0)=0,0,VLOOKUP(D18,Aleatorios!$A$17:$CH$20,VLOOKUP('Random HG'!M18,'Random HG'!$R$2:$S$8,2,0)+3,0)) -> 0
A19: 6 | B19: =COUNTIF($C$3:$C$25,"="&C19) -> 3 | C19: 5 | D19: 1 | E19: Burocracia | F19: Inteligencia | G19: 7 | H19: 6 | I19: 7 | J19: 1 | K19: 2 | L19: 18 | M19: =HLOOKUP($M$2,$G$2:$K$25,L19,0) -> 6 | N19: =IF(VLOOKUP('Random HG'!M19,'Random HG'!$R$2:$S$8,2,0)=0,0,VLOOKUP(D19,Aleatorios!$A$10:$CH$12,VLOOKUP('Random HG'!M19,'Random HG'!$R$2:$S$8,2,0)+3,0)) -> 0
A20: 9 | B20: =COUNTIF($C$3:$C$25,"="&C20) -> 3 | C20: 5 | D20: 2 | E20: Contactos | F20: Inteligencia | G20: 7 | H20: 6 | I20: 7 | J20: 1 | K20: 2 | L20: 19 | M20: =HLOOKUP($M$2,$G$2:$K$25,L20,0) -> 6 | N20: =IF(VLOOKUP('Random HG'!M20,'Random HG'!$R$2:$S$8,2,0)=0,0,VLOOKUP(D20,Aleatorios!$A$10:$CH$12,VLOOKUP('Random HG'!M20,'Random HG'!$R$2:$S$8,2,0)+3,0)) -> 0
A21: 18 | B21: =COUNTIF($C$3:$C$25,"="&C21) -> 3 | C21: 5 | D21: 3 | E21: Preparación | F21: Inteligencia | G21: 7 | H21: 6 | I21: 7 | J21: 1 | K21: 2 | L21: 20 | M21: =HLOOKUP($M$2,$G$2:$K$25,L21,0) -> 6 | N21: =IF(VLOOKUP('Random HG'!M21,'Random HG'!$R$2:$S$8,2,0)=0,0,VLOOKUP(D21,Aleatorios!$A$10:$CH$12,VLOOKUP('Random HG'!M21,'Random HG'!$R$2:$S$8,2,0)+3,0)) -> 0
A22: 19 | B22: =COUNTIF($C$3:$C$25,"="&C22) -> 2 | C22: 6 | D22: 1 | E22: Primeros auxilios | F22: Sabiduría | G22: 6 | H22: 7 | I22: 6 | J22: 3 | K22: 1 | L22: 21 | M22: =HLOOKUP($M$2,$G$2:$K$25,L22,0) -> 7 | N22: =IF(VLOOKUP('Random HG'!M22,'Random HG'!$R$2:$S$8,2,0)=0,0,VLOOKUP(D22,Aleatorios2!$A$4:$CH$5,VLOOKUP('Random HG'!M22,'Random HG'!$R$2:$S$8,2,0)+3,0)) -> 0
A23: 20 | B23: =COUNTIF($C$3:$C$25,"="&C23) -> 2 | C23: 6 | D23: 2 | E23: Psicoterapia | F23: Sabiduría | G23: 6 | H23: 7 | I23: 6 | J23: 3 | K23: 1 | L23: 22 | M23: =HLOOKUP($M$2,$G$2:$K$25,L23,0) -> 7 | N23: =IF(VLOOKUP('Random HG'!M23,'Random HG'!$R$2:$S$8,2,0)=0,0,VLOOKUP(D23,Aleatorios2!$A$4:$CH$5,VLOOKUP('Random HG'!M23,'Random HG'!$R$2:$S$8,2,0)+3,0)) -> 0
A24: 13 | B24: =COUNTIF($C$3:$C$25,"="&C24) -> 2 | C24: 7 | D24: 1 | E24: Estabilidad | F24: Voluntad | G24: 4 | H24: 3 | I24: 5 | J24: 2 | K24: 3 | L24: 23 | M24: =HLOOKUP($M$2,$G$2:$K$25,L24,0) -> 3 | N24: =IF(VLOOKUP('Random HG'!M24,'Random HG'!$R$2:$S$8,2,0)=0,0,VLOOKUP(D24,Aleatorios3!$A$4:$CH$5,VLOOKUP('Random HG'!M24,'Random HG'!$R$2:$S$8,2,0)+3,0)) -> 0
A25: 10 | B25: =COUNTIF($C$3:$C$25,"="&C25) -> 2 | C25: 7 | D25: 2 | E25: Cordura | F25: Voluntad | G25: 4 | H25: 3 | I25: 5 | J25: 2 | K25: 3 | L25: 24 | M25: =HLOOKUP($M$2,$G$2:$K$25,L25,0) -> 3 | N25: =IF(VLOOKUP('Random HG'!M25,'Random HG'!$R$2:$S$8,2,0)=0,0,VLOOKUP(D25,Aleatorios3!$A$4:$CH$5,VLOOKUP('Random HG'!M25,'Random HG'!$R$2:$S$8,2,0)+3,0)) -> 2

Sheet H Investigación
E1: =Hoja1!D2 -> Infante de marina | F1: =Hoja1!D4 -> Agente especial del FBI | H1: =SUM(D14:G14) -> 0
C2: Académicas | D2: Base | E2: Servicio militar | F2: Departamento | G2: =Hoja1!D7-'H Investigación'!F46-Hoja1!D5 -> 6 | H2: Lo antinatural | J2: Revelación | K2: Final | Q2: 1 | R2: =VLOOKUP(Q2,Aleatorios!$A$10:$CH$12,$G$2+3,0) -> 2 | S2: 1 | T2: =LARGE($R$2:$R$4,Q2) -> 3
B3: 1 | C3: Antropología | E3: =HLOOKUP($E$1,'Servicio Militar'!$C$1:$Y$68,VLOOKUP('H Investigación'!$C3,'Servicio Militar'!$A$1:$Y$68,2,0)+2,0) -> 1 | F3: =IFERROR(HLOOKUP($F$1,Departamentos!$D$3:$BJ$68,VLOOKUP('H Investigación'!$C3,Departamentos!$A$3:$BJ$68,2,0)+2,0),0) -> 0 | G3: =IF('H Investigación'!$R$2=0,0,VLOOKUP(B3,Aleatorios!$A$129:$CH$141,'H Investigación'!$R$2+3,0)) -> 0 | H3: =IF('H Investigación'!$H$1=0,0,VLOOKUP(B3,'Aleatorios NoAcumulativos'!$A$112:$N$123,3+'H Investigación'!$H$1,0)) -> 0 | I3: =IF(SUM(D3:H3)=0,0,SUM(D3:H3)) -> 1 | J3: =VLOOKUP(C3,Revelación!$B$2:$C$74,2,0) -> 0 | K3: =IF(SUM(I3:J3)=0,0,SUM(I3:J3)) -> 1 | N3: =IF('H Investigación'!$R$2=0,0,VLOOKUP(B3,Aleatorios!$A$129:$CH$141,'H Investigación'!$R$2+3,0)) -> 0 | Q3: 2 | R3: =VLOOKUP(Q3,Aleatorios!$A$10:$CH$12,$G$2+3,0) -> 1 | S3: 2 | T3: =LARGE($R$2:$R$4,Q3) -> 2
B4: 2 | C4: Arqueología | E4: =HLOOKUP($E$1,'Servicio Militar'!$C$1:$Y$68,VLOOKUP('H Investigación'!$C4,'Servicio Militar'!$A$1:$Y$68,2,0)+2,0) -> 0 | F4: =IFERROR(HLOOKUP($F$1,Departamentos!$D$3:$BJ$68,VLOOKUP('H Investigación'!$C4,Departamentos!$A$3:$BJ$68,2,0)+2,0),0) -> 0 | G4: =IF('H Investigación'!$R$2=0,0,VLOOKUP(B4,Aleatorios!$A$129:$CH$141,'H Investigación'!$R$2+3,0)) -> 0 | H4: =IF('H Investigación'!$H$1=0,0,VLOOKUP(B4,'Aleatorios NoAcumulativos'!$A$112:$N$123,3+'H Investigación'!$H$1,0)) -> 0 | I4: =IF(SUM(D4:H4)=0,0,SUM(D4:H4)) -> 0 | J4: =VLOOKUP(C4,Revelación!$B$2:$C$74,2,0) -> 0 | K4: =IF(SUM(I4:J4)=0,0,SUM(I4:J4)) -> 0 | N4: =IF('H Investigación'!$R$2=0,0,VLOOKUP(B4,Aleatorios!$A$129:$CH$141,'H Investigación'!$R$2+3,0)) -> 0 | Q4: 3 | R4: =VLOOKUP(Q4,Aleatorios!$A$10:$CH$12,$G$2+3,0) -> 3 | S4: 3 | T4: =LARGE($R$2:$R$4,Q4) -> 1
B5: 3 | C5: Astronomía | E5: =HLOOKUP($E$1,'Servicio Militar'!$C$1:$Y$68,VLOOKUP('H Investigación'!$C5,'Servicio Militar'!$A$1:$Y$68,2,0)+2,0) -> 0 | F5: =IFERROR(HLOOKUP($F$1,Departamentos!$D$3:$BJ$68,VLOOKUP('H Investigación'!$C5,Departamentos!$A$3:$BJ$68,2,0)+2,0),0) -> 0 | G5: =IF('H Investigación'!$R$2=0,0,VLOOKUP(B5,Aleatorios!$A$129:$CH$141,'H Investigación'!$R$2+3,0)) -> 0 | H5: =IF('H Investigación'!$H$1=0,0,VLOOKUP(B5,'Aleatorios NoAcumulativos'!$A$112:$N$123,3+'H Investigación'!$H$1,0)) -> 0 | I5: =IF(SUM(D5:H5)=0,0,SUM(D5:H5)) -> 0 | J5: =VLOOKUP(C5,Revelación!$B$2:$C$74,2,0) -> 0 | K5: =IF(SUM(I5:J5)=0,0,SUM(I5:J5)) -> 0 | N5: =IF('H Investigación'!$R$2=0,0,VLOOKUP(B5,Aleatorios!$A$129:$CH$141,'H Investigación'!$R$2+3,0)) -> 0 | R5: =SUM(R2:R4) -> 6
B6: 4 | C6: Biología | E6: =HLOOKUP($E$1,'Servicio Militar'!$C$1:$Y$68,VLOOKUP('H Investigación'!$C6,'Servicio Militar'!$A$1:$Y$68,2,0)+2,0) -> 0 | F6: =IFERROR(HLOOKUP($F$1,Departamentos!$D$3:$BJ$68,VLOOKUP('H Investigación'!$C6,Departamentos!$A$3:$BJ$68,2,0)+2,0),0) -> 0 | G6: =IF('H Investigación'!$R$2=0,0,VLOOKUP(B6,Aleatorios!$A$129:$CH$141,'H Investigación'!$R$2+3,0)) -> 1 | H6: =IF('H Investigación'!$H$1=0,0,VLOOKUP(B6,'Aleatorios NoAcumulativos'!$A$112:$N$123,3+'H Investigación'!$H$1,0)) -> 0 | I6: =IF(SUM(D6:H6)=0,0,SUM(D6:H6)) -> 1 | J6: =VLOOKUP(C6,Revelación!$B$2:$C$74,2,0) -> 0 | K6: =IF(SUM(I6:J6)=0,0,SUM(I6:J6)) -> 1 | N6: =IF('H Investigación'!$R$2=0,0,VLOOKUP(B6,Aleatorios!$A$129:$CH$141,'H Investigación'!$R$2+3,0)) -> 1
B7: 5 | C7: Ciencia militar | E7: =HLOOKUP($E$1,'Servicio Militar'!$C$1:$Y$68,VLOOKUP('H Investigación'!$C7,'Servicio Militar'!$A$1:$Y$68,2,0)+2,0) -> 1 | F7: =IFERROR(HLOOKUP($F$1,Departamentos!$D$3:$BJ$68,VLOOKUP('H Investigación'!$C7,Departamentos!$A$3:$BJ$68,2,0)+2,0),0) -> 0 | G7: =IF('H Investigación'!$R$2=0,0,VLOOKUP(B7,Aleatorios!$A$129:$CH$141,'H Investigación'!$R$2+3,0)) -> 0 | H7: =IF('H Investigación'!$H$1=0,0,VLOOKUP(B7,'Aleatorios NoAcumulativos'!$A$112:$N$123,3+'H Investigación'!$H$1,0)) -> 0 | I7: =IF(SUM(D7:H7)=0,0,SUM(D7:H7)) -> 1 | J7: =VLOOKUP(C7,Revelación!$B$2:$C$74,2,0) -> 0 | K7: =IF(SUM(I7:J7)=0,0,SUM(I7:J7)) -> 1 | N7: =IF('H Investigación'!$R$2=0,0,VLOOKUP(B7,Aleatorios!$A$129:$CH$141,'H Investigación'!$R$2+3,0)) -> 0
B8: 6 | C8: Ciencias Ocultas | E8: =HLOOKUP($E$1,'Servicio Militar'!$C$1:$Y$68,VLOOKUP('H Investigación'!$C8,'Servicio Militar'!$A$1:$Y$68,2,0)+2,0) -> 0 | F8: =IFERROR(HLOOKUP($F$1,Departamentos!$D$3:$BJ$68,VLOOKUP('H Investigación'!$C8,Departamentos!$A$3:$BJ$68,2,0)+2,0),0) -> 0 | G8: =IF('H Investigación'!$R$2=0,0,VLOOKUP(B8,Aleatorios!$A$129:$CH$141,'H Investigación'!$R$2+3,0)) -> 0 | H8: =IF('H Investigación'!$H$1=0,0,VLOOKUP(B8,'Aleatorios NoAcumulativos'!$A$112:$N$123,3+'H Investigación'!$H$1,0)) -> 0 | I8: =IF(SUM(D8:H8)=0,0,SUM(D8:H8)) -> 0 | J8: =VLOOKUP(C8,Revelación!$B$2:$C$74,2,0) -> 0 | K8: =IF(SUM(I8:J8)=0,0,SUM(I8:J8)) -> 0 | N8: =IF('H Investigación'!$R$2=0,0,VLOOKUP(B8,Aleatorios!$A$129:$CH$141,'H Investigación'!$R$2+3,0)) -> 0
B9: 7 | C9: Contabilidad | E9: =HLOOKUP($E$1,'Servicio Militar'!$C$1:$Y$68,VLOOKUP('H Investigación'!$C9,'Servicio Militar'!$A$1:$Y$68,2,0)+2,0) -> 0 | F9: =IFERROR(HLOOKUP($F$1,Departamentos!$D$3:$BJ$68,VLOOKUP('H Investigación'!$C9,Departamentos!$A$3:$BJ$68,2,0)+2,0),0) -> 2 | G9: =IF('H Investigación'!$R$2=0,0,VLOOKUP(B9,Aleatorios!$A$129:$CH$141,'H Investigación'!$R$2+3,0)) -> 0 | H9: =IF('H Investigación'!$H$1=0,0,VLOOKUP(B9,'Aleatorios NoAcumulativos'!$A$112:$N$123,3+'H Investigación'!$H$1,0)) -> 0 | I9: =IF(SUM(D9:H9)=0,0,SUM(D9:H9)) -> 2 | J9: =VLOOKUP(C9,Revelación!$B$2:$C$74,2,0) -> 0 | K9: =IF(SUM(I9:J9)=0,0,SUM(I9:J9)) -> 2 | N9: =IF('H Investigación'!$R$2=0,0,VLOOKUP(B9,Aleatorios!$A$129:$CH$141,'H Investigación'!$R$2+3,0)) -> 0
B10: 8 | C10: Criminología | E10: =HLOOKUP($E$1,'Servicio Militar'!$C$1:$Y$68,VLOOKUP('H Investigación'!$C10,'Servicio Militar'!$A$1:$Y$68,2,0)+2,0) -> 0 | F10: =IFERROR(HLOOKUP($F$1,Departamentos!$D$3:$BJ$68,VLOOKUP('H Investigación'!$C10,Departamentos!$A$3:$BJ$68,2,0)+2,0),0) -> 2 | G10: =IF('H Investigación'!$R$2=0,0,VLOOKUP(B10,Aleatorios!$A$129:$CH$141,'H Investigación'!$R$2+3,0)) -> 0 | H10: =IF('H Investigación'!$H$1=0,0,VLOOKUP(B10,'Aleatorios NoAcumulativos'!$A$112:$N$123,3+'H Investigación'!$H$1,0)) -> 0 | I10: =IF(SUM(D10:H10)=0,0,SUM(D10:H10)) -> 2 | J10: =VLOOKUP(C10,Revelación!$B$2:$C$74,2,0) -> 0 | K10: =IF(SUM(I10:J10)=0,0,SUM(I10:J10)) -> 2 | N10: =IF('H Investigación'!$R$2=0,0,VLOOKUP(B10,Aleatorios!$A$129:$CH$141,'H Investigación'!$R$2+3,0)) -> 0
B11: 9 | C11: Derecho | E11: =HLOOKUP($E$1,'Servicio Militar'!$C$1:$Y$68,VLOOKUP('H Investigación'!$C11,'Servicio Militar'!$A$1:$Y$68,2,0)+2,0) -> 0 | F11: =IFERROR(HLOOKUP($F$1,Departamentos!$D$3:$BJ$68,VLOOKUP('H Investigación'!$C11,Departamentos!$A$3:$BJ$68,2,0)+2,0),0) -> 1 | G11: =IF('H Investigación'!$R$2=0,0,VLOOKUP(B11,Aleatorios!$A$129:$CH$141,'H Investigación'!$R$2+3,0)) -> 1 | H11: =IF('H Investigación'!$H$1=0,0,VLOOKUP(B11,'Aleatorios NoAcumulativos'!$A$112:$N$123,3+'H Investigación'!$H$1,0)) -> 0 | I11: =IF(SUM(D11:H11)=0,0,SUM(D11:H11)) -> 2 | J11: =VLOOKUP(C11,Revelación!$B$2:$C$74,2,0) -> 0 | K11: =IF(SUM(I11:J11)=0,0,SUM(I11:J11)) -> 2 | N11: =IF('H Investigación'!$R$2=0,0,VLOOKUP(B11,Aleatorios!$A$129:$CH$141,'H Investigación'!$R$2+3,0)) -> 1
B12: 10 | C12: Historia | E12: =HLOOKUP($E$1,'Servicio Militar'!$C$1:$Y$68,VLOOKUP('H Investigación'!$C12,'Servicio Militar'!$A$1:$Y$68,2,0)+2,0) -> 0 | F12: =IFERROR(HLOOKUP($F$1,Departamentos!$D$3:$BJ$68,VLOOKUP('H Investigación'!$C12,Departamentos!$A$3:$BJ$68,2,0)+2,0),0) -> 0 | G12: =IF('H Investigación'!$R$2=0,0,VLOOKUP(B12,Aleatorios!$A$129:$CH$141,'H Investigación'!$R$2+3,0)) -> 0 | H12: =IF('H Investigación'!$H$1=0,0,VLOOKUP(B12,'Aleatorios NoAcumulativos'!$A$112:$N$123,3+'H Investigación'!$H$1,0)) -> 0 | I12: =IF(SUM(D12:H12)=0,0,SUM(D12:H12)) -> 0 | J12: =VLOOKUP(C12,Revelación!$B$2:$C$74,2,0) -> 0 | K12: =IF(SUM(I12:J12)=0,0,SUM(I12:J12)) -> 0 | N12: =IF('H Investigación'!$R$2=0,0,VLOOKUP(B12,Aleatorios!$A$129:$CH$141,'H Investigación'!$R$2+3,0)) -> 0
B13: 11 | C13: Lengua Extranjera | E13: =HLOOKUP($E$1,'Servicio Militar'!$C$1:$Y$68,VLOOKUP('H Investigación'!$C13,'Servicio Militar'!$A$1:$Y$68,2,0)+2,0) -> 0 | F13: =IFERROR(HLOOKUP($F$1,Departamentos!$D$3:$BJ$68,VLOOKUP('H Investigación'!$C13,Departamentos!$A$3:$BJ$68,2,0)+2,0),0) -> 0 | G13: =IF('H Investigación'!$R$2=0,0,VLOOKUP(B13,Aleatorios!$A$129:$CH$141,'H Investigación'!$R$2+3,0)) -> 0 | H13: =IF('H Investigación'!$H$1=0,0,VLOOKUP(B13,'Aleatorios NoAcumulativos'!$A$112:$N$123,3+'H Investigación'!$H$1,0)) -> 0 | I13: =IF(SUM(D13:H13)=0,0,SUM(D13:H13)) -> 0 | J13: =VLOOKUP(C13,Revelación!$B$2:$C$74,2,0) -> 0 | K13: =IF(SUM(I13:J13)=0,0,SUM(I13:J13)) -> 0 | N13: =IF('H Investigación'!$R$2=0,0,VLOOKUP(B13,Aleatorios!$A$129:$CH$141,'H Investigación'!$R$2+3,0)) -> 0
B14: 12 | C14: Lo antinatural | E14: =HLOOKUP($E$1,'Servicio Militar'!$C$1:$Y$68,VLOOKUP('H Investigación'!$C14,'Servicio Militar'!$A$1:$Y$68,2,0)+2,0) -> 0 | F14: =IFERROR(HLOOKUP($F$1,Departamentos!$D$3:$BJ$68,VLOOKUP('H Investigación'!$C14,Departamentos!$A$3:$BJ$68,2,0)+2,0),0) -> 0 | G14: =IF('H Investigación'!$R$2=0,0,VLOOKUP(B14,Aleatorios!$A$129:$CH$141,'H Investigación'!$R$2+3,0)) -> 0 | H14: =-H1 -> 0 | I14: =IF(SUM(D14:H14)=0,0,SUM(D14:H14)) -> 0 | J14: =VLOOKUP(C14,Revelación!$B$2:$C$74,2,0) -> 1 | K14: =IF(SUM(I14:J14)=0,0,SUM(I14:J14)) -> 1 | N14: =IF('H Investigación'!$R$2=0,0,VLOOKUP(B14,Aleatorios!$A$129:$CH$141,'H Investigación'!$R$2+3,0)) -> 0
B15: 13 | C15: Medicina | E15: =HLOOKUP($E$1,'Servicio Militar'!$C$1:$Y$68,VLOOKUP('H Investigación'!$C15,'Servicio Militar'!$A$1:$Y$68,2,0)+2,0) -> 0 | F15: =IFERROR(HLOOKUP($F$1,Departamentos!$D$3:$BJ$68,VLOOKUP('H Investigación'!$C15,Departamentos!$A$3:$BJ$68,2,0)+2,0),0) -> 0 | G15: =IF('H Investigación'!$R$2=0,0,VLOOKUP(B15,Aleatorios!$A$129:$CH$141,'H Investigación'!$R$2+3,0)) -> 0 | H15: =IF('H Investigación'!$H$1=0,0,VLOOKUP(12,'Aleatorios NoAcumulativos'!$A$112:$N$123,3+'H Investigación'!$H$1,0)) -> 0 | I15: =IF(SUM(D15:H15)=0,0,SUM(D15:H15)) -> 0 | J15: =VLOOKUP(C15,Revelación!$B$2:$C$74,2,0) -> 0 | K15: =IF(SUM(I15:J15)=0,0,SUM(I15:J15)) -> 0 | N15: =IF('H Investigación'!$R$2=0,0,VLOOKUP(B15,Aleatorios!$A$129:$CH$141,'H Investigación'!$R$2+3,0)) -> 0
C17: Interpersonales | D17: Base | E17: Servicio militar | F17: Departamento | G17: Resto | J17: Revelación | K17: Final
A18: 1 | B18: 1 | C18: Adulación | E18: =HLOOKUP($E$1,'Servicio Militar'!$C$1:$Y$68,VLOOKUP('H Investigación'!$C18,'Servicio Militar'!$A$1:$Y$68,2,0)+2,0) -> 0 | F18: =IFERROR(HLOOKUP($F$1,Departamentos!$D$3:$BJ$68,VLOOKUP('H Investigación'!$C18,Departamentos!$A$3:$BJ$68,2,0)+2,0),0) -> 0 | G18: =IF('H Investigación'!$R$3=0,0,VLOOKUP(B18,Aleatorios!$A$96:$CH$106,'H Investigación'!$R$3+3,0)) -> 0 | I18: =IF(SUM(D18:H18)=0,0,SUM(D18:H18)) -> 0 | J18: =VLOOKUP(C18,Revelación!$B$2:$C$74,2,0) -> 0 | K18: =IF(SUM(I18:J18)=0,0,SUM(I18:J18)) -> 0 | N18: =IF('H Investigación'!$R$3=0,0,VLOOKUP(B18,Aleatorios!$A$96:$CH$106,'H Investigación'!$R$3+3,0)) -> 0 | O18: =VLOOKUP('H Investigación'!A18,Aleatorios!$A$17:$CH$20,3+Hoja1!$D$5,0) -> 0
B19: 2 | C19: Agencia | D19: 2 | E19: =HLOOKUP($E$1,'Servicio Militar'!$C$1:$Y$68,VLOOKUP('H Investigación'!$C19,'Servicio Militar'!$A$1:$Y$68,2,0)+2,0) -> 0 | F19: =IFERROR(HLOOKUP($F$1,Departamentos!$D$3:$BJ$68,VLOOKUP('H Investigación'!$C19,Departamentos!$A$3:$BJ$68,2,0)+2,0),0) -> 1 | G19: =IF('H Investigación'!$R$3=0,0,VLOOKUP(B19,Aleatorios!$A$96:$CH$106,'H Investigación'!$R$3+3,0)) -> 0 | I19: =IF(SUM(D19:H19)=0,0,SUM(D19:H19)) -> 3 | J19: =VLOOKUP(C19,Revelación!$B$2:$C$74,2,0) -> 0 | K19: =IF(SUM(I19:J19)=0,0,SUM(I19:J19)) -> 3 | N19: =IF('H Investigación'!$R$3=0,0,VLOOKUP(B19,Aleatorios!$A$96:$CH$106,'H Investigación'!$R$3+3,0)) -> 0
B20: 3 | C20: Bajos fondos | E20: =HLOOKUP($E$1,'Servicio Militar'!$C$1:$Y$68,VLOOKUP('H Investigación'!$C20,'Servicio Militar'!$A$1:$Y$68,2,0)+2,0) -> 0 | F20: =IFERROR(HLOOKUP($F$1,Departamentos!$D$3:$BJ$68,VLOOKUP('H Investigación'!$C20,Departamentos!$A$3:$BJ$68,2,0)+2,0),0) -> 0 | G20: =IF('H Investigación'!$R$3=0,0,VLOOKUP(B20,Aleatorios!$A$96:$CH$106,'H Investigación'!$R$3+3,0)) -> 0 | I20: =IF(SUM(D20:H20)=0,0,SUM(D20:H20)) -> 0 | J20: =VLOOKUP(C20,Revelación!$B$2:$C$74,2,0) -> 0 | K20: =IF(SUM(I20:J20)=0,0,SUM(I20:J20)) -> 0 | N20: =IF('H Investigación'!$R$3=0,0,VLOOKUP(B20,Aleatorios!$A$96:$CH$106,'H Investigación'!$R$3+3,0)) -> 0
A21: 4 | B21: 4 | C21: Confortar | E21: =HLOOKUP($E$1,'Servicio Militar'!$C$1:$Y$68,VLOOKUP('H Investigación'!$C21,'Servicio Militar'!$A$1:$Y$68,2,0)+2,0) -> 0 | F21: =IFERROR(HLOOKUP($F$1,Departamentos!$D$3:$BJ$68,VLOOKUP('H Investigación'!$C21,Departamentos!$A$3:$BJ$68,2,0)+2,0),0) -> 0 | G21: =IF('H Investigación'!$R$3=0,0,VLOOKUP(B21,Aleatorios!$A$96:$CH$106,'H Investigación'!$R$3+3,0)) -> 0 | I21: =IF(SUM(D21:H21)=0,0,SUM(D21:H21)) -> 0 | J21: =VLOOKUP(C21,Revelación!$B$2:$C$74,2,0) -> 0 | K21: =IF(SUM(I21:J21)=0,0,SUM(I21:J21)) -> 0 | N21: =IF('H Investigación'!$R$3=0,0,VLOOKUP(B21,Aleatorios!$A$96:$CH$106,'H Investigación'!$R$3+3,0)) -> 0 | O21: =VLOOKUP('H Investigación'!A21,Aleatorios!$A$17:$CH$20,3+Hoja1!$D$5,0) -> 0
B22: 5 | C22: Espionaje | E22: =HLOOKUP($E$1,'Servicio Militar'!$C$1:$Y$68,VLOOKUP('H Investigación'!$C22,'Servicio Militar'!$A$1:$Y$68,2,0)+2,0) -> 0 | F22: =IFERROR(HLOOKUP($F$1,Departamentos!$D$3:$BJ$68,VLOOKUP('H Investigación'!$C22,Departamentos!$A$3:$BJ$68,2,0)+2,0),0) -> 0 | G22: =IF('H Investigación'!$R$3=0,0,VLOOKUP(B22,Aleatorios!$A$96:$CH$106,'H Investigación'!$R$3+3,0)) -> 0 | I22: =IF(SUM(D22:H22)=0,0,SUM(D22:H22)) -> 0 | J22: =VLOOKUP(C22,Revelación!$B$2:$C$74,2,0) -> 0 | K22: =IF(SUM(I22:J22)=0,0,SUM(I22:J22)) -> 0 | N22: =IF('H Investigación'!$R$3=0,0,VLOOKUP(B22,Aleatorios!$A$96:$CH$106,'H Investigación'!$R$3+3,0)) -> 0
B23: 6 | C23: HUMINT | E23: =HLOOKUP($E$1,'Servicio Militar'!$C$1:$Y$68,VLOOKUP('H Investigación'!$C23,'Servicio Militar'!$A$1:$Y$68,2,0)+2,0) -> 0 | F23: =IFERROR(HLOOKUP($F$1,Departamentos!$D$3:$BJ$68,VLOOKUP('H Investigación'!$C23,Departamentos!$A$3:$BJ$68,2,0)+2,0),0) -> 1 | G23: =IF('H Investigación'!$R$3=0,0,VLOOKUP(B23,Aleatorios!$A$96:$CH$106,'H Investigación'!$R$3+3,0)) -> 0 | I23: =IF(SUM(D23:H23)=0,0,SUM(D23:H23)) -> 1 | J23: =VLOOKUP(C23,Revelación!$B$2:$C$74,2,0) -> 0 | K23: =IF(SUM(I23:J23)=0,0,SUM(I23:J23)) -> 1 | N23: =IF('H Investigación'!$R$3=0,0,VLOOKUP(B23,Aleatorios!$A$96:$CH$106,'H Investigación'!$R$3+3,0)) -> 0
A24: 2 | B24: 7 | C24: Inspiración | E24: =HLOOKUP($E$1,'Servicio Militar'!$C$1:$Y$68,VLOOKUP('H Investigación'!$C24,'Servicio Militar'!$A$1:$Y$68,2,0)+2,0) -> 0 | F24: =IFERROR(HLOOKUP($F$1,Departamentos!$D$3:$BJ$68,VLOOKUP('H Investigación'!$C24,Departamentos!$A$3:$BJ$68,2,0)+2,0),0) -> 0 | G24: =IF('H Investigación'!$R$3=0,0,VLOOKUP(B24,Aleatorios!$A$96:$CH$106,'H Investigación'!$R$3+3,0)) -> 1 | I24: =IF(SUM(D24:H24)=0,0,SUM(D24:H24)) -> 1 | J24: =VLOOKUP(C24,Revelación!$B$2:$C$74,2,0) -> 0 | K24: =IF(SUM(I24:J24)=0,0,SUM(I24:J24)) -> 1 | N24: =IF('H Investigación'!$R$3=0,0,VLOOKUP(B24,Aleatorios!$A$96:$CH$106,'H Investigación'!$R$3+3,0)) -> 1 | O24: =VLOOKUP('H Investigación'!A24,Aleatorios!$A$17:$CH$20,3+Hoja1!$D$5,0) -> 0
B25: 8 | C25: Interrogatorio | E25: =HLOOKUP($E$1,'Servicio Militar'!$C$1:$Y$68,VLOOKUP('H Investigación'!$C25,'Servicio Militar'!$A$1:$Y$68,2,0)+2,0) -> 0 | F25: =IFERROR(HLOOKUP($F$1,Departamentos!$D$3:$BJ$68,VLOOKUP('H Investigación'!$C25,Departamentos!$A$3:$BJ$68,2,0)+2,0),0) -> 2 | G25: =IF('H Investigación'!$R$3=0,0,VLOOKUP(B25,Aleatorios!$A$96:$CH$106,'H Investigación'!$R$3+3,0)) -> 0 | I25: =IF(SUM(D25:H25)=0,0,SUM(D25:H25)) -> 2 | J25: =VLOOKUP(C25,Revelación!$B$2:$C$74,2,0) -> 0 | K25: =IF(SUM(I25:J25)=0,0,SUM(I25:J25)) -> 2 | N25: =IF('H Investigación'!$R$3=0,0,VLOOKUP(B25,Aleatorios!$A$96:$CH$106,'H Investigación'!$R$3+3,0)) -> 0
B26: 9 | C26: Intimidación | E26: =HLOOKUP($E$1,'Servicio Militar'!$C$1:$Y$68,VLOOKUP('H Investigación'!$C26,'Servicio Militar'!$A$1:$Y$68,2,0)+2,0) -> 1 | F26: =IFERROR(HLOOKUP($F$1,Departamentos!$D$3:$BJ$68,VLOOKUP('H Investigación'!$C26,Departamentos!$A$3:$BJ$68,2,0)+2,0),0) -> 2 | G26: =IF('H Investigación'!$R$3=0,0,VLOOKUP(B26,Aleatorios!$A$96:$CH$106,'H Investigación'!$R$3+3,0)) -> 0 | I26: =IF(SUM(D26:H26)=0,0,SUM(D26:H26)) -> 3 | J26: =VLOOKUP(C26,Revelación!$B$2:$C$74,2,0) -> 0 | K26: =IF(SUM(I26:J26)=0,0,SUM(I26:J26)) -> 3 | N26: =IF('H Investigación'!$R$3=0,0,VLOOKUP(B26,Aleatorios!$A$96:$CH$106,'H Investigación'!$R$3+3,0)) -> 0
B27: 10 | C27: Jerga policial | E27: =HLOOKUP($E$1,'Servicio Militar'!$C$1:$Y$68,VLOOKUP('H Investigación'!$C27,'Servicio Militar'!$A$1:$Y$68,2,0)+2,0) -> 0 | F27: =IFERROR(HLOOKUP($F$1,Departamentos!$D$3:$BJ$68,VLOOKUP('H Investigación'!$C27,Departamentos!$A$3:$BJ$68,2,0)+2,0),0) -> 0 | G27: =IF('H Investigación'!$R$3=0,0,VLOOKUP(B27,Aleatorios!$A$96:$CH$106,'H Investigación'!$R$3+3,0)) -> 0 | I27: =IF(SUM(D27:H27)=0,0,SUM(D27:H27)) -> 0 | J27: =VLOOKUP(C27,Revelación!$B$2:$C$74,2,0) -> 0 | K27: =IF(SUM(I27:J27)=0,0,SUM(I27:J27)) -> 0 | N27: =IF('H Investigación'!$R$3=0,0,VLOOKUP(B27,Aleatorios!$A$96:$CH$106,'H Investigación'!$R$3+3,0)) -> 0
A28: 3 | B28: 11 | C28: Negociar | E28: =HLOOKUP($E$1,'Servicio Militar'!$C$1:$Y$68,VLOOKUP('H Investigación'!$C28,'Servicio Militar'!$A$1:$Y$68,2,0)+2,0) -> 0 | F28: =IFERROR(HLOOKUP($F$1,Departamentos!$D$3:$BJ$68,VLOOKUP('H Investigación'!$C28,Departamentos!$A$3:$BJ$68,2,0)+2,0),0) -> 0 | G28: =IF('H Investigación'!$R$3=0,0,VLOOKUP(B28,Aleatorios!$A$96:$CH$106,'H Investigación'!$R$3+3,0)) -> 0 | I28: =IF(SUM(D28:H28)=0,0,SUM(D28:H28)) -> 0 | J28: =VLOOKUP(C28,Revelación!$B$2:$C$74,2,0) -> 0 | K28: =IF(SUM(I28:J28)=0,0,SUM(I28:J28)) -> 0 | N28: =IF('H Investigación'!$R$3=0,0,VLOOKUP(B28,Aleatorios!$A$96:$CH$106,'H Investigación'!$R$3+3,0)) -> 0 | O28: =VLOOKUP('H Investigación'!A28,Aleatorios!$A$17:$CH$20,3+Hoja1!$D$5,0) -> 1
C30: Técnicas | D30: Base | E30: Servicio militar | F30: Departamento | G30: Resto | J30: Revelación | K30: Final
B31: 1 | C31: Análisis de tráfico | E31: =HLOOKUP($E$1,'Servicio Militar'!$C$1:$Y$68,VLOOKUP('H Investigación'!$C31,'Servicio Militar'!$A$1:$Y$68,2,0)+2,0) -> 0 | F31: =IFERROR(HLOOKUP($F$1,Departamentos!$D$3:$BJ$68,VLOOKUP('H Investigación'!$C31,Departamentos!$A$3:$BJ$68,2,0)+2,0),0) -> 0 | G31: =IF('H Investigación'!$R$4=0,0,VLOOKUP(B31,Aleatorios!$A$147:$CH$160,'H Investigación'!$R$4+3,0)) -> 0 | I31: =IF(SUM(D31:H31)=0,0,SUM(D31:H31)) -> 0 | J31: =VLOOKUP(C31,Revelación!$B$2:$C$74,2,0) -> 0 | K31: =IF(SUM(I31:J31)=0,0,SUM(I31:J31)) -> 0 | N31: =IF('H Investigación'!$R$4=0,0,VLOOKUP(B31,Aleatorios!$A$147:$CH$160,'H Investigación'!$R$4+3,0)) -> 0
B32: 2 | C32: Arquitectura | E32: =HLOOKUP($E$1,'Servicio Militar'!$C$1:$Y$68,VLOOKUP('H Investigación'!$C32,'Servicio Militar'!$A$1:$Y$68,2,0)+2,0) -> 0 | F32: =IFERROR(HLOOKUP($F$1,Departamentos!$D$3:$BJ$68,VLOOKUP('H Investigación'!$C32,Departamentos!$A$3:$BJ$68,2,0)+2,0),0) -> 0 | G32: =IF('H Investigación'!$R$4=0,0,VLOOKUP(B32,Aleatorios!$A$147:$CH$160,'H Investigación'!$R$4+3,0)) -> 0 | I32: =IF(SUM(D32:H32)=0,0,SUM(D32:H32)) -> 0 | J32: =VLOOKUP(C32,Revelación!$B$2:$C$74,2,0) -> 0 | K32: =IF(SUM(I32:J32)=0,0,SUM(I32:J32)) -> 0 | N32: =IF('H Investigación'!$R$4=0,0,VLOOKUP(B32,Aleatorios!$A$147:$CH$160,'H Investigación'!$R$4+3,0)) -> 0
B33: 3 | C33: Arte | E33: =HLOOKUP($E$1,'Servicio Militar'!$C$1:$Y$68,VLOOKUP('H Investigación'!$C33,'Servicio Militar'!$A$1:$Y$68,2,0)+2,0) -> 0 | F33: =IFERROR(HLOOKUP($F$1,Departamentos!$D$3:$BJ$68,VLOOKUP('H Investigación'!$C33,Departamentos!$A$3:$BJ$68,2,0)+2,0),0) -> 1 | G33: =IF('H Investigación'!$R$4=0,0,VLOOKUP(B33,Aleatorios!$A$147:$CH$160,'H Investigación'!$R$4+3,0)) -> 1 | I33: =IF(SUM(D33:H33)=0,0,SUM(D33:H33)) -> 2 | J33: =VLOOKUP(C33,Revelación!$B$2:$C$74,2,0) -> 0 | K33: =IF(SUM(I33:J33)=0,0,SUM(I33:J33)) -> 2 | N33: =IF('H Investigación'!$R$4=0,0,VLOOKUP(B33,Aleatorios!$A$147:$CH$160,'H Investigación'!$R$4+3,0)) -> 1
B34: 4 | C34: Ciencia alternativa | E34: =HLOOKUP($E$1,'Servicio Militar'!$C$1:$Y$68,VLOOKUP('H Investigación'!$C34,'Servicio Militar'!$A$1:$Y$68,2,0)+2,0) -> 0 | F34: =IFERROR(HLOOKUP($F$1,Departamentos!$D$3:$BJ$68,VLOOKUP('H Investigación'!$C34,Departamentos!$A$3:$BJ$68,2,0)+2,0),0) -> 0 | G34: =IF('H Investigación'!$R$4=0,0,VLOOKUP(B34,Aleatorios!$A$147:$CH$160,'H Investigación'!$R$4+3,0)) -> 0 | I34: =IF(SUM(D34:H34)=0,0,SUM(D34:H34)) -> 0 | J34: =VLOOKUP(C34,Revelación!$B$2:$C$74,2,0) -> 1 | K34: =IF(SUM(I34:J34)=0,0,SUM(I34:J34)) -> 1 | N34: =IF('H Investigación'!$R$4=0,0,VLOOKUP(B34,Aleatorios!$A$147:$CH$160,'H Investigación'!$R$4+3,0)) -> 0
B35: 5 | C35: Criptografía | E35: =HLOOKUP($E$1,'Servicio Militar'!$C$1:$Y$68,VLOOKUP('H Investigación'!$C35,'Servicio Militar'!$A$1:$Y$68,2,0)+2,0) -> 0 | F35: =IFERROR(HLOOKUP($F$1,Departamentos!$D$3:$BJ$68,VLOOKUP('H Investigación'!$C35,Departamentos!$A$3:$BJ$68,2,0)+2,0),0) -> 0 | G35: =IF('H Investigación'!$R$4=0,0,VLOOKUP(B35,Aleatorios!$A$147:$CH$160,'H Investigación'!$R$4+3,0)) -> 0 | I35: =IF(SUM(D35:H35)=0,0,SUM(D35:H35)) -> 0 | J35: =VLOOKUP(C35,Revelación!$B$2:$C$74,2,0) -> 0 | K35: =IF(SUM(I35:J35)=0,0,SUM(I35:J35)) -> 0 | N35: =IF('H Investigación'!$R$4=0,0,VLOOKUP(B35,Aleatorios!$A$147:$CH$160,'H Investigación'!$R$4+3,0)) -> 0
B36: 6 | C36: Farmacología | E36: =HLOOKUP($E$1,'Servicio Militar'!$C$1:$Y$68,VLOOKUP('H Investigación'!$C36,'Servicio Militar'!$A$1:$Y$68,2,0)+2,0) -> 0 | F36: =IFERROR(HLOOKUP($F$1,Departamentos!$D$3:$BJ$68,VLOOKUP('H Investigación'!$C36,Departamentos!$A$3:$BJ$68,2,0)+2,0),0) -> 0 | G36: =IF('H Investigación'!$R$4=0,0,VLOOKUP(B36,Aleatorios!$A$147:$CH$160,'H Investigación'!$R$4+3,0)) -> 0 | I36: =IF(SUM(D36:H36)=0,0,SUM(D36:H36)) -> 0 | J36: =VLOOKUP(C36,Revelación!$B$2:$C$74,2,0) -> 0 | K36: =IF(SUM(I36:J36)=0,0,SUM(I36:J36)) -> 0 | N36: =IF('H Investigación'!$R$4=0,0,VLOOKUP(B36,Aleatorios!$A$147:$CH$160,'H Investigación'!$R$4+3,0)) -> 0
B37: 7 | C37: Física | E37: =HLOOKUP($E$1,'Servicio Militar'!$C$1:$Y$68,VLOOKUP('H Investigación'!$C37,'Servicio Militar'!$A$1:$Y$68,2,0)+2,0) -> 0 | F37: =IFERROR(HLOOKUP($F$1,Departamentos!$D$3:$BJ$68,VLOOKUP('H Investigación'!$C37,Departamentos!$A$3:$BJ$68,2,0)+2,0),0) -> 0 | G37: =IF('H Investigación'!$R$4=0,0,VLOOKUP(B37,Aleatorios!$A$147:$CH$160,'H Investigación'!$R$4+3,0)) -> 0 | I37: =IF(SUM(D37:H37)=0,0,SUM(D37:H37)) -> 0 | J37: =VLOOKUP(C37,Revelación!$B$2:$C$74,2,0) -> 0 | K37: =IF(SUM(I37:J37)=0,0,SUM(I37:J37)) -> 0 | N37: =IF('H Investigación'!$R$4=0,0,VLOOKUP(B37,Aleatorios!$A$147:$CH$160,'H Investigación'!$R$4+3,0)) -> 0
B38: 8 | C38: Fotografía | E38: =HLOOKUP($E$1,'Servicio Militar'!$C$1:$Y$68,VLOOKUP('H Investigación'!$C38,'Servicio Militar'!$A$1:$Y$68,2,0)+2,0) -> 0 | F38: =IFERROR(HLOOKUP($F$1,Departamentos!$D$3:$BJ$68,VLOOKUP('H Investigación'!$C38,Departamentos!$A$3:$BJ$68,2,0)+2,0),0) -> 0 | G38: =IF('H Investigación'!$R$4=0,0,VLOOKUP(B38,Aleatorios!$A$147:$CH$160,'H Investigación'!$R$4+3,0)) -> 0 | I38: =IF(SUM(D38:H38)=0,0,SUM(D38:H38)) -> 0 | J38: =VLOOKUP(C38,Revelación!$B$2:$C$74,2,0) -> 0 | K38: =IF(SUM(I38:J38)=0,0,SUM(I38:J38)) -> 0 | N38: =IF('H Investigación'!$R$4=0,0,VLOOKUP(B38,Aleatorios!$A$147:$CH$160,'H Investigación'!$R$4+3,0)) -> 0
B39: 9 | C39: Medicina forense | E39: =HLOOKUP($E$1,'Servicio Militar'!$C$1:$Y$68,VLOOKUP('H Investigación'!$C39,'Servicio Militar'!$A$1:$Y$68,2,0)+2,0) -> 0 | F39: =IFERROR(HLOOKUP($F$1,Departamentos!$D$3:$BJ$68,VLOOKUP('H Investigación'!$C39,Departamentos!$A$3:$BJ$68,2,0)+2,0),0) -> 0 | G39: =IF('H Investigación'!$R$4=0,0,VLOOKUP(B39,Aleatorios!$A$147:$CH$160,'H Investigación'!$R$4+3,0)) -> 1 | I39: =IF(SUM(D39:H39)=0,0,SUM(D39:H39)) -> 1 | J39: =VLOOKUP(C39,Revelación!$B$2:$C$74,2,0) -> 0 | K39: =IF(SUM(I39:J39)=0,0,SUM(I39:J39)) -> 1 | N39: =IF('H Investigación'!$R$4=0,0,VLOOKUP(B39,Aleatorios!$A$147:$CH$160,'H Investigación'!$R$4+3,0)) -> 1
B40: 10 | C40: Observación | E40: =HLOOKUP($E$1,'Servicio Militar'!$C$1:$Y$68,VLOOKUP('H Investigación'!$C40,'Servicio Militar'!$A$1:$Y$68,2,0)+2,0) -> 0 | F40: =IFERROR(HLOOKUP($F$1,Departamentos!$D$3:$BJ$68,VLOOKUP('H Investigación'!$C40,Departamentos!$A$3:$BJ$68,2,0)+2,0),0) -> 1 | G40: =IF('H Investigación'!$R$4=0,0,VLOOKUP(B40,Aleatorios!$A$147:$CH$160,'H Investigación'!$R$4+3,0)) -> 0 | I40: =IF(SUM(D40:H40)=0,0,SUM(D40:H40)) -> 1 | J40: =VLOOKUP(C40,Revelación!$B$2:$C$74,2,0) -> 0 | K40: =IF(SUM(I40:J40)=0,0,SUM(I40:J40)) -> 1 | N40: =IF('H Investigación'!$R$4=0,0,VLOOKUP(B40,Aleatorios!$A$147:$CH$160,'H Investigación'!$R$4+3,0)) -> 0
B41: 11 | C41: Química | E41: =HLOOKUP($E$1,'Servicio Militar'!$C$1:$Y$68,VLOOKUP('H Investigación'!$C41,'Servicio Militar'!$A$1:$Y$68,2,0)+2,0) -> 0 | F41: =IFERROR(HLOOKUP($F$1,Departamentos!$D$3:$BJ$68,VLOOKUP('H Investigación'!$C41,Departamentos!$A$3:$BJ$68,2,0)+2,0),0) -> 0 | G41: =IF('H Investigación'!$R$4=0,0,VLOOKUP(B41,Aleatorios!$A$147:$CH$160,'H Investigación'!$R$4+3,0)) -> 0 | I41: =IF(SUM(D41:H41)=0,0,SUM(D41:H41)) -> 0 | J41: =VLOOKUP(C41,Revelación!$B$2:$C$74,2,0) -> 0 | K41: =IF(SUM(I41:J41)=0,0,SUM(I41:J41)) -> 0 | N41: =IF('H Investigación'!$R$4=0,0,VLOOKUP(B41,Aleatorios!$A$147:$CH$160,'H Investigación'!$R$4+3,0)) -> 0
B42: 12 | C42: Recuperación de datos | E42: =HLOOKUP($E$1,'Servicio Militar'!$C$1:$Y$68,VLOOKUP('H Investigación'!$C42,'Servicio Militar'!$A$1:$Y$68,2,0)+2,0) -> 0 | F42: =IFERROR(HLOOKUP($F$1,Departamentos!$D$3:$BJ$68,VLOOKUP('H Investigación'!$C42,Departamentos!$A$3:$BJ$68,2,0)+2,0),0) -> 0 | G42: =IF('H Investigación'!$R$4=0,0,VLOOKUP(B42,Aleatorios!$A$147:$CH$160,'H Investigación'!$R$4+3,0)) -> 1 | I42: =IF(SUM(D42:H42)=0,0,SUM(D42:H42)) -> 1 | J42: =VLOOKUP(C42,Revelación!$B$2:$C$74,2,0) -> 0 | K42: =IF(SUM(I42:J42)=0,0,SUM(I42:J42)) -> 1 | N42: =IF('H Investigación'!$R$4=0,0,VLOOKUP(B42,Aleatorios!$A$147:$CH$160,'H Investigación'!$R$4+3,0)) -> 1
... B44: 14 | C44: Supervivencia | E44: =HLOOKUP($E$1,'Servicio Militar'!$C$1:$Y$68,VLOOKUP('H Investigación'!$C44,'Servicio Militar'!$A$1:$Y$68,2,0)+2,0) -> 1 | F44: =IFERROR(HLOOKUP($F$1,Departamentos!$D$3:$BJ$68,VLOOKUP('H Investigación'!$C44,Departamentos!$A$3:$BJ$68,2,0)+2,0),0) -> 0 | G44: =IF('H Investigación'!$R$4=0,0,VLOOKUP(B44,Aleatorios!$A$147:$CH$160,'H Investigación'!$R$4+3,0)) -> 0 | I44: =IF(SUM(D44:H44)=0,0,SUM(D44:H44)) -> 1 | J44: =VLOOKUP(C44,Revelación!$B$2:$C$74,2,0) -> 0 | K44: =IF(SUM(I44:J44)=0,0,SUM(I44:J44)) -> 1 | N44: =IF('H Investigación'!$R$4=0,0,VLOOKUP(B44,Aleatorios!$A$147:$CH$160,'H Investigación'!$R$4+3,0)) -> 0
E46: Total Plantillas | F46: =SUM(E3:F44) -> 17 | G46: Total | K46: =SUM(K3:K44)-SUM(D3:D44) -> 25

Sheet Servicio Militar
C1: Sin servicio | D1: Alistamiento en tiemposde paz | E1: Capellan | F1: Capellan en servicio activo | G1: Médico | H1: Médico en servicio activo | I1: Cuerpo médico del ejército | J1: Psiquiatra | K1: Marinero | L1: Marinero en servicio activo | M1: Piloto | N1: Piloto en servicio activo | O1: Guardia costera | P1: Guardia costera en servicio activo | Q1: Operador en USAFSS Big Eye | R1: Soldado | S1: Soldado en servicio activo | T1: Infante de marina | U1: Infante de marina en servicio activo | V1: Grupo de Operaciones Psicológicas (Ejercito de los EEUU) | W1: Grupo de Operaciones Psicológicas en servicio activo (Ejercito de los EEUU) | X1: Especialista en Inteligencia Urbana de USAIC | Y1: Fuerzas especiales
F2: 1 | H2: 1 | I2: 1 | J2: 1 | L2: 1 | N2: 1 | P2: 1 | Q2: 1 | S2: 1 | U2: 1 | W2: 1 | Y2: 1
A3: Armas cuerpo a cuerpo | B3: 1 | R3: =1+3*VLOOKUP(8,'Aleatorios NoAcumulativos'!$A$112:$N$123,5,0) -> 1 | S3: =CHOOSE(S70,2*R3,2+3*VLOOKUP(8,'Aleatorios NoAcumulativos'!$A$112:$N$123,7,0)) -> 2 | T3: =1+3*VLOOKUP(8,'Aleatorios NoAcumulativos'!$A$112:$N$123,5,0) -> 1 | U3: =CHOOSE(U70,2*T3,2+3*VLOOKUP(8,'Aleatorios NoAcumulativos'!$A$112:$N$123,7,0)) -> 2 | V3: =1+3*VLOOKUP(8,'Aleatorios NoAcumulativos'!$A$112:$N$123,5,0) -> 1 | W3: =CHOOSE(W70,2*V3,2+3*VLOOKUP(8,'Aleatorios NoAcumulativos'!$A$112:$N$123,7,0)) -> 2 | X3: =1+3*VLOOKUP(8,'Aleatorios NoAcumulativos'!$A$112:$N$123,5,0) -> 1 | Y3: =6+5*VLOOKUP(5,'Aleatorios NoAcumulativos'!$A$67:$K$75,5,0) -> 6
A4: Armas de fuego | B4: 2 | D4: 1 | G4: =3*VLOOKUP(2,Aleatorios2!$A$25:$E$29,4,0) -> 3 | H4: =3*VLOOKUP(2,Aleatorios2!$A$25:$E$29,5,0) -> 3 | I4: =3*VLOOKUP(2,Aleatorios2!$A$25:$E$29,5,0) -> 3 | J4: =3*VLOOKUP(2,Aleatorios2!$A$25:$E$29,4,0) -> 3 | K4: 1 | L4: 2 | M4: 1 | N4: 2 | O4: 1 | P4: 2 | Q4: 2 | R4: =3+3*VLOOKUP(4,'Aleatorios NoAcumulativos'!$A$112:$N$123,5,0) -> 3 | S4: =CHOOSE(S70,2*R4,6+3*VLOOKUP(4,'Aleatorios NoAcumulativos'!$A$112:$N$123,7,0)) -> 6 | T4: =3+3*VLOOKUP(4,'Aleatorios NoAcumulativos'!$A$112:$N$123,5,0) -> 3 | U4: =CHOOSE(U70,2*T4,6+3*VLOOKUP(4,'Aleatorios NoAcumulativos'!$A$112:$N$123,7,0)) -> 6 | V4: =3+3*VLOOKUP(4,'Aleatorios NoAcumulativos'!$A$112:$N$123,5,0) -> 3 | W4: =CHOOSE(W70,2*V4,6+3*VLOOKUP(4,'Aleatorios NoAcumulativos'!$A$112:$N$123,7,0)) -> 6 | X4: =3+3*VLOOKUP(4,'Aleatorios NoAcumulativos'!$A$112:$N$123,5,0) -> 3 | Y4: =6+5*VLOOKUP(3,'Aleatorios NoAcumulativos'!$A$67:$K$75,5,0) -> 6
A5: Armas pesadas | B5: 3 | K5: =3*VLOOKUP(3,Aleatorios!$A$34:$J$39,4,0) -> 0 | L5: =3*VLOOKUP(3,Aleatorios!$A$34:$J$39,5,0) -> 0 | M5: =3*VLOOKUP(3,Aleatorios!$A$34:$J$39,4,0) -> 0 | N5: =3*VLOOKUP(3,Aleatorios!$A$34:$J$39,5,0) -> 0 | O5: =3*VLOOKUP(3,Aleatorios!$A$34:$J$39,4,0) -> 0 | P5: =3*VLOOKUP(3,Aleatorios!$A$34:$J$39,5,0) -> 0 | Q5: =3*VLOOKUP(3,Aleatorios!$A$34:$J$39,5,0) -> 0 | R5: =3*VLOOKUP(6,'Aleatorios NoAcumulativos'!$A$112:$N$123,5,0) -> 0 | S5: =CHOOSE(S70,2*R5,3*VLOOKUP(6,'Aleatorios NoAcumulativos'!$A$112:$N$123,7,0)) -> 3 | T5: =3*VLOOKUP(6,'Aleatorios NoAcumulativos'!$A$112:$N$123,5,0) -> 0 | U5: =CHOOSE(U70,2*T5,3*VLOOKUP(6,'Aleatorios NoAcumulativos'!$A$112:$N$123,7,0)) -> 0 | V5: =3*VLOOKUP(6,'Aleatorios NoAcumulativos'!$A$112:$N$123,5,0) -> 0 | W5: =CHOOSE(W70,2*V5,3*VLOOKUP(6,'Aleatorios NoAcumulativos'!$A$112:$N$123,7,0)) -> 0 | X5: =3*VLOOKUP(6,'Aleatorios NoAcumulativos'!$A$112:$N$123,5,0) -> 0 | Y5: =5*VLOOKUP(4,'Aleatorios NoAcumulativos'!$A$67:$K$75,5,0) -> 0
A6: Atletismo | B6: 4 | E6: =3*VLOOKUP(1,Aleatorios!A34:D39,4,0) -> 0 | F6: =3*VLOOKUP(1,Aleatorios!A34:E39,5,0) -> 0 | G6: =3*VLOOKUP(1,Aleatorios2!$A$25:$E$29,4,0) -> 0 | H6: =3*VLOOKUP(1,Aleatorios2!$A$25:$E$29,5,0) -> 3 | I6: =3*VLOOKUP(1,Aleatorios2!$A$25:$E$29,5,0) -> 3 | J6: =3*VLOOKUP(1,Aleatorios2!$A$25:$E$29,4,0) -> 0 | K6: =1+3*VLOOKUP(1,Aleatorios!$A$34:$J$39,4,0) -> 1 | L6: =2+3*VLOOKUP(1,Aleatorios!$A$34:$J$39,5,0) -> 2 | M6: =1+3*VLOOKUP(1,Aleatorios!$A$34:$J$39,4,0) -> 1 | N6: =2+3*VLOOKUP(1,Aleatorios!$A$34:$J$39,5,0) -> 2 | O6: =1+3*VLOOKUP(1,Aleatorios!$A$34:$J$39,4,0) -> 1 | P6: =2+3*VLOOKUP(1,Aleatorios!$A$34:$J$39,5,0) -> 2 | Q6: =2+3*VLOOKUP(1,Aleatorios!$A$34:$J$39,5,0) -> 2 | R6: 2 | S6: 4 | T6: 2 | U6: 4 | V6: 2 | W6: 4 | X6: 2 | Y6: 6
A7: Birlar | B7: 5
A8: Burocracia | B8: 6 | E8: 1 | F8: 2 | G8: 1 | H8: 2 | I8: 4 | J8: 4 | K8: 1 | L8: 2 | M8: 1 | N8: 2 | O8: 1 | P8: 2 | Q8: 2 | R8: 1 | S8: 2 | T8: 1 | U8: 2 | V8: =1+3 -> 4 | W8: =2+3 -> 5 | X8: 1 | Y8: 1
A9: Combate sin armas | B9: 7 | D9: 1 | K9: 1 | L9: 2 | M9: 1 | N9: 2 | O9: 1 | P9: 2 | Q9: 2 | R9: =2+3*VLOOKUP(12,'Aleatorios NoAcumulativos'!$A$112:$N$123,5,0) -> 2 | S9: =CHOOSE(S70,2*R9,4+3*VLOOKUP(12,'Aleatorios NoAcumulativos'!$A$112:$N$123,7,0)) -> 4 | T9: =2+3*VLOOKUP(12,'Aleatorios NoAcumulativos'!$A$112:$N$123,5,0) -> 2 | U9: =CHOOSE(U70,2*T9,4+3*VLOOKUP(12,'Aleatorios NoAcumulativos'!$A$112:$N$123,7,0)) -> 4 | V9: =2+3*VLOOKUP(12,'Aleatorios NoAcumulativos'!$A$112:$N$123,5,0) -> 2 | W9: =CHOOSE(W70,2*V9,4+3*VLOOKUP(12,'Aleatorios NoAcumulativos'!$A$112:$N$123,7,0)) -> 4 | X9: =2+3*VLOOKUP(12,'Aleatorios NoAcumulativos'!$A$112:$N$123,5,0) -> 2 | Y9: =6+5*VLOOKUP(9,'Aleatorios NoAcumulativos'!$A$67:$K$75,5,0) -> 6
A10: Conducir | B10: 8 | D10: =VLOOKUP(1,Aleatorios!A4:D5,4,0) -> 1 | R10: =3*VLOOKUP(3,'Aleatorios NoAcumulativos'!$A$112:$N$123,5,0) -> 3 | S10: =CHOOSE(S70,2*R10,3*VLOOKUP(3,'Aleatorios NoAcumulativos'!$A$112:$N$123,7,0)) -> 3 | T10: =3*VLOOKUP(3,'Aleatorios NoAcumulativos'!$A$112:$N$123,5,0) -> 3 | U10: =CHOOSE(U70,2*T10,3*VLOOKUP(3,'Aleatorios NoAcumulativos'!$A$112:$N$123,7,0)) -> 6 | V10: =3*VLOOKUP(3,'Aleatorios NoAcumulativos'!$A$112:$N$123,5,0) -> 3 | W10: =CHOOSE(W70,2*V10,3*VLOOKUP(3,'Aleatorios NoAcumulativos'!$A$112:$N$123,7,0)) -> 6 | X10: =4+3*VLOOKUP(3,'Aleatorios NoAcumulativos'!$A$112:$N$123,5,0) -> 7 | Y10: =5*VLOOKUP(2,'Aleatorios NoAcumulativos'!$A$67:$K$75,5,0) -> 5
A11: Contactos | B11: 9 | E11: =3*VLOOKUP(3,Aleatorios!A34:D39,4,0) -> 0 | F11: =3*VLOOKUP(3,Aleatorios!A34:E39,5,0) -> 0
A12: Cordura | B12: 10 | E12: =3*VLOOKUP(5,Aleatorios!A34:D39,4,0) -> 0 | F12: =3*VLOOKUP(5,Aleatorios!A34:E39,5,0) -> 0
A13: Demoliciones | B13: 11 | K13: =3*VLOOKUP(2,Aleatorios!$A$34:$J$39,4,0) -> 3 | L13: =3*VLOOKUP(2,Aleatorios!$A$34:$J$39,5,0) -> 3 | M13: =3*VLOOKUP(2,Aleatorios!$A$34:$J$39,4,0) -> 3 | N13: =3*VLOOKUP(2,Aleatorios!$A$34:$J$39,5,0) -> 3 | Q13: =3*VLOOKUP(2,Aleatorios!$A$34:$J$39,5,0) -> 3 | R13: =3*VLOOKUP(2,'Aleatorios NoAcumulativos'!$A$112:$N$123,5,0) -> 0 | S13: =CHOOSE(S70,2*R13,3*VLOOKUP(2,'Aleatorios NoAcumulativos'!$A$112:$N$123,7,0)) -> 3 | T13: =3*VLOOKUP(2,'Aleatorios NoAcumulativos'!$A$112:$N$123,5,0) -> 0 | U13: =CHOOSE(U70,2*T13,3*VLOOKUP(2,'Aleatorios NoAcumulativos'!$A$112:$N$123,7,0)) -> 0 | V13: =3*VLOOKUP(2,'Aleatorios NoAcumulativos'!$A$112:$N$123,5,0) -> 0 | W13: =CHOOSE(W70,2*V13,3*VLOOKUP(2,'Aleatorios NoAcumulativos'!$A$112:$N$123,7,0)) -> 0 | X13: =3*VLOOKUP(2,'Aleatorios NoAcumulativos'!$A$112:$N$123,5,0) -> 0 | Y13: =2+5*VLOOKUP(1,'Aleatorios NoAcumulativos'!$A$67:$K$75,5,0) -> 7
A14: Disfraz | B14: 12
A15: Estabilidad | B15: 13 | E15: =3*VLOOKUP(6,Aleatorios!A34:D39,4,0) -> 0 | F15: =3*VLOOKUP(6,Aleatorios!A34:E39,5,0) -> 3
A16: Mecánica | B16: 14 | D16: =VLOOKUP(2,Aleatorios!A4:D5,4,0) -> 0 | K16: =1+3*VLOOKUP(4,Aleatorios!$A$34:$J$39,4,0) -> 1 | L16: =2+3*VLOOKUP(4,Aleatorios!$A$34:$J$39,5,0) -> 2 | M16: =1+3*VLOOKUP(4,Aleatorios!$A$34:$J$39,4,0) -> 1 | N16: =2+3*VLOOKUP(4,Aleatorios!$A$34:$J$39,5,0) -> 2 | O16: =1+3*VLOOKUP(4,Aleatorios!$A$34:$J$39,4,0) -> 1 | P16: =2+3*VLOOKUP(4,Aleatorios!$A$34:$J$39,5,0) -> 2 | Q16: =2+3*VLOOKUP(4,Aleatorios!$A$34:$J$39,5,0) -> 2 | R16: =3*VLOOKUP(7,'Aleatorios NoAcumulativos'!$A$112:$N$123,5,0) -> 0 | S16: =CHOOSE(S70,2*R16,3*VLOOKUP(7,'Aleatorios NoAcumulativos'!$A$112:$N$123,7,0)) -> 0 | T16: =3*VLOOKUP(7,'Aleatorios NoAcumulativos'!$A$112:$N$123,5,0) -> 0 | U16: =CHOOSE(U70,2*T16,3*VLOOKUP(7,'Aleatorios NoAcumulativos'!$A$112:$N$123,7,0)) -> 0 | V16: =3*VLOOKUP(7,'Aleatorios NoAcumulativos'!$A$112:$N$123,5,0) -> 0 | W16: =CHOOSE(W70,2*V16,3*VLOOKUP(7,'Aleatorios NoAcumulativos'!$A$112:$N$123,7,0)) -> 0 | X16: =3*VLOOKUP(7,'Aleatorios NoAcumulativos'!$A$112:$N$123,5,0) -> 0
A17: Montar | B17: 15
A18: Ocultar | B18: 16 | O18: =3*VLOOKUP(2,Aleatorios!$A$34:$J$39,4,0) -> 3 | P18: =3*VLOOKUP(2,Aleatorios!$A$34:$J$39,5,0) -> 3 | R18: =3*VLOOKUP(1,'Aleatorios NoAcumulativos'!$A$112:$N$123,5,0) -> 0 | S18: =CHOOSE(S70,2*R18,3*VLOOKUP(1,'Aleatorios NoAcumulativos'!$A$112:$N$123,7,0)) -> 0 | T18: =3*VLOOKUP(1,'Aleatorios NoAcumulativos'!$A$112:$N$123,5,0) -> 0 | U18: =CHOOSE(U70,2*T18,3*VLOOKUP(1,'Aleatorios NoAcumulativos'!$A$112:$N$123,7,0)) -> 0 | V18: =3*VLOOKUP(1,'Aleatorios NoAcumulativos'!$A$112:$N$123,5,0) -> 0 | W18: =CHOOSE(W70,2*V18,3*VLOOKUP(1,'Aleatorios NoAcumulativos'!$A$112:$N$123,7,0)) -> 0 | X18: =3*VLOOKUP(1,'Aleatorios NoAcumulativos'!$A$112:$N$123,5,0) -> 0 | Y18: 4
A19: Pilotar | B19: 17 | K19: =3+3*VLOOKUP(5,Aleatorios!$A$34:$J$39,4,0) -> 3 | L19: =6+3*VLOOKUP(5,Aleatorios!$A$34:$J$39,5,0) -> 6 | M19: =3+3*VLOOKUP(5,Aleatorios!$A$34:$J$39,4,0) -> 3 | N19: =6+3*VLOOKUP(5,Aleatorios!$A$34:$J$39,5,0) -> 6 | O19: =3+3*VLOOKUP(5,Aleatorios!$A$34:$J$39,4,0) -> 3 | P19: =6+3*VLOOKUP(5,Aleatorios!$A$34:$J$39,5,0) -> 6 | Q19: =6+3*VLOOKUP(5,Aleatorios!$A$34:$J$39,5,0) -> 6 | Y19: =5*VLOOKUP(6,'Aleatorios NoAcumulativos'!$A$67:$K$75,5,0) -> 0
A20: Preparación | B20: 18 | K20: =3*VLOOKUP(6,Aleatorios!$A$34:$J$39,4,0) -> 0 | L20: =3*VLOOKUP(6,Aleatorios!$A$34:$J$39,5,0) -> 3 | M20: =3*VLOOKUP(6,Aleatorios!$A$34:$J$39,4,0) -> 0 | N20: =3*VLOOKUP(6,Aleatorios!$A$34:$J$39,5,0) -> 3 | O20: =3*VLOOKUP(6,Aleatorios!$A$34:$J$39,4,0) -> 0 | P20: =3*VLOOKUP(6,Aleatorios!$A$34:$J$39,5,0) -> 3 | Q20: =3*VLOOKUP(6,Aleatorios!$A$34:$J$39,5,0) -> 3 | R20: =3*VLOOKUP(9,'Aleatorios NoAcumulativos'!$A$112:$N$123,5,0) -> 0 | S20: =CHOOSE(S70,2*R20,3*VLOOKUP(9,'Aleatorios NoAcumulativos'!$A$112:$N$123,7,0)) -> 0 | T20: =3*VLOOKUP(9,'Aleatorios NoAcumulativos'!$A$112:$N$123,5,0) -> 0 | U20: =CHOOSE(U70,2*T20,3*VLOOKUP(9,'Aleatorios NoAcumulativos'!$A$112:$N$123,7,0)) -> 0 | V20: =3*VLOOKUP(9,'Aleatorios NoAcumulativos'!$A$112:$N$123,5,0) -> 0 | W20: =CHOOSE(W70,2*V20,3*VLOOKUP(9,'Aleatorios NoAcumulativos'!$A$112:$N$123,7,0)) -> 0 | X20: =3*VLOOKUP(9,'Aleatorios NoAcumulativos'!$A$112:$N$123,5,0) -> 0 | Y20: =5*VLOOKUP(7,'Aleatorios NoAcumulativos'!$A$67:$K$75,5,0) -> 0
A21: Primeros auxilios | B21: 19 | E21: =3*VLOOKUP(2,Aleatorios!A34:D39,4,0) -> 3 | F21: =3*VLOOKUP(2,Aleatorios!A34:E39,5,0) -> 3 | G21: =4+3*VLOOKUP(3,Aleatorios2!$A$25:$E$29,4,0) -> 4 | H21: =8+3*VLOOKUP(3,Aleatorios2!$A$25:$E$29,5,0) -> 8 | I21: =8+3*VLOOKUP(3,Aleatorios2!$A$25:$E$29,5,0) -> 8 | J21: =2+3*VLOOKUP(3,Aleatorios2!$A$25:$E$29,4,0) -> 2 | K21: 1 | L21: 2 | M21: 1 | N21: 2 | O21: 1 | P21: 2 | Q21: 2 | R21: 1 | S21: 2 | T21: 1 | U21: 2 | V21: 1 | W21: 2 | X21: 1 | Y21: 3
A22: Psicoterapia | B22: 20 | E22: =4+3*VLOOKUP(4,Aleatorios!A34:D39,4,0) -> 4 | F22: =8+3*VLOOKUP(4,Aleatorios!A34:E39,5,0) -> 8 | G22: =3*VLOOKUP(4,Aleatorios2!$A$25:$E$29,4,0) -> 0 | H22: =3*VLOOKUP(4,Aleatorios2!$A$25:$E$29,5,0) -> 0 | I22: =3*VLOOKUP(4,Aleatorios2!$A$25:$E$29,5,0) -> 0 | J22: =7+3*VLOOKUP(4,Aleatorios2!$A$25:$E$29,4,0) -> 7 | V22: 3 | W22: 3
A23: Salud | B23: 21 | K23: 1 | L23: 2 | M23: 1 | N23: 2 | O23: 1 | P23: 2 | Q23: 2 | R23: =2+3*VLOOKUP(5,'Aleatorios NoAcumulativos'!$A$112:$N$123,5,0) -> 2 | S23: =CHOOSE(S70,2*R23,4+3*VLOOKUP(5,'Aleatorios NoAcumulativos'!$A$112:$N$123,7,0)) -> 4 | T23: =2+3*VLOOKUP(5,'Aleatorios NoAcumulativos'!$A$112:$N$123,5,0) -> 2 | U23: =CHOOSE(U70,2*T23,4+3*VLOOKUP(5,'Aleatorios NoAcumulativos'!$A$112:$N$123,7,0)) -> 4 | V23: =2+3*VLOOKUP(5,'Aleatorios NoAcumulativos'!$A$112:$N$123,5,0) -> 2 | W23: =CHOOSE(W70,2*V23,4+3*VLOOKUP(5,'Aleatorios NoAcumulativos'!$A$112:$N$123,7,0)) -> 4 | X23: =2+3*VLOOKUP(5,'Aleatorios NoAcumulativos'!$A$112:$N$123,5,0) -> 2 | Y23: 4
A24: Sentir el peligro | B24: 22 | G24: =3*VLOOKUP(5,Aleatorios2!$A$25:$E$29,4,0) -> 0 | H24: =3*VLOOKUP(5,Aleatorios2!$A$25:$E$29,5,0) -> 0 | I24: =3*VLOOKUP(5,Aleatorios2!$A$25:$E$29,5,0) -> 0 | J24: =3*VLOOKUP(5,Aleatorios2!$A$25:$E$29,4,0) -> 0 | K24: 2 | L24: 4 | M24: 2 | N24: 4 | O24: 2 | P24: 4 | Q24: 4 | R24: =2+3*VLOOKUP(10,'Aleatorios NoAcumulativos'!$A$112:$N$123,5,0) -> 5 | S24: =CHOOSE(S70,2*R24,4+3*VLOOKUP(10,'Aleatorios NoAcumulativos'!$A$112:$N$123,7,0)) -> 7 | T24: =2+3*VLOOKUP(10,'Aleatorios NoAcumulativos'!$A$112:$N$123,5,0) -> 5 | U24: =CHOOSE(U70,2*T24,4+3*VLOOKUP(10,'Aleatorios NoAcumulativos'!$A$112:$N$123,7,0)) -> 10 | V24: =2+3*VLOOKUP(10,'Aleatorios NoAcumulativos'!$A$112:$N$123,5,0) -> 5 | W24: =CHOOSE(W70,2*V24,4+3*VLOOKUP(10,'Aleatorios NoAcumulativos'!$A$112:$N$123,7,0)) -> 10 | X24: =3+2+3*VLOOKUP(10,'Aleatorios NoAcumulativos'!$A$112:$N$123,5,0) -> 8 | Y24: 6
A25: Sigilo | B25: 23 | R25: =3*VLOOKUP(11,'Aleatorios NoAcumulativos'!$A$112:$N$123,5,0) -> 0 | S25: =CHOOSE(S70,2*R25,3*VLOOKUP(11,'Aleatorios NoAcumulativos'!$A$112:$N$123,7,0)) -> 0 | T25: =3*VLOOKUP(11,'Aleatorios NoAcumulativos'!$A$112:$N$123,5,0) -> 0 | U25: =CHOOSE(U70,2*T25,3*VLOOKUP(11,'Aleatorios NoAcumulativos'!$A$112:$N$123,7,0)) -> 0 | V25: =4+3*VLOOKUP(11,'Aleatorios NoAcumulativos'!$A$112:$N$123,5,0) -> 4 | W25: =4+CHOOSE(W70,2*(V25-4),3*VLOOKUP(11,'Aleatorios NoAcumulativos'!$A$112:$N$123,7,0)) -> 4 | X25: =3+3*VLOOKUP(11,'Aleatorios NoAcumulativos'!$A$112:$N$123,5,0) -> 3 | Y25: =6+5*VLOOKUP(8,'Aleatorios NoAcumulativos'!$A$67:$K$75,5,0) -> 6
B26: 24
A27: Total Generales | B27: 25 | D27: =SUM(D3:D25) -> 3 | E27: =SUM(E3:E25) -> 8 | F27: =SUM(F3:F25) -> 16 | G27: =SUM(G3:G25) -> 8 | H27: =SUM(H3:H25) -> 16 | I27: =SUM(I3:I25) -> 18 | J27: =SUM(J3:J25) -> 16 | K27: =SUM(K3:K25) -> 15 | ... Y27: =SUM(Y3:Y25) -> 60
B28: 26
A29: Antropología | B29: 27 | E29: 1 | F29: 2 | R29: =VLOOKUP(1,'Aleatorios NoAcumulativos'!$A$34:$H$39,5,0) -> 1 | S29: =CHOOSE(S71,2*R29,VLOOKUP(1,'Aleatorios NoAcumulativos'!$A$34:$H$39,7,0)) -> 2 | T29: =VLOOKUP(1,'Aleatorios NoAcumulativos'!$A$34:$H$39,5,0) -> 1 | U29: =CHOOSE(U71,2*T29,VLOOKUP(1,'Aleatorios NoAcumulativos'!$A$34:$H$39,7,0)) -> 1 | V29: =2+VLOOKUP(1,'Aleatorios NoAcumulativos'!$A$34:$H$39,5,0) -> 3 | W29: =2+CHOOSE(W71,2*(V29-2),VLOOKUP(1,'Aleatorios NoAcumulativos'!$A$34:$H$39,7,0)) -> 4 | X29: =VLOOKUP(1,'Aleatorios NoAcumulativos'!$A$34:$H$39,5,0)+VLOOKUP(1,'Aleatorios NoAcumulativos'!$A$25:$G$29,4,0) -> 1 | Y29: =VLOOKUP(1,'Aleatorios NoAcumulativos'!$A$81:$L$90,6,0) -> 0
A30: Arqueología | B30: 28 | E30: =VLOOKUP(1,Aleatorios!A44:D50,4,0) -> 0 | F30: =VLOOKUP(1,Aleatorios!A44:E50,5,0) -> 0
A31: Astronomía | B31: 29 | K31: =VLOOKUP(1,Aleatorios!$A$17:$I$20,4,0) -> 0 | L31: =VLOOKUP(1,Aleatorios!$A$17:$I$20,5,0) -> 1 | M31: =VLOOKUP(1,Aleatorios!$A$17:$I$20,4,0) -> 0 | N31: =VLOOKUP(1,Aleatorios!$A$17:$I$20,5,0) -> 1 | O31: =VLOOKUP(1,Aleatorios!$A$17:$I$20,4,0) -> 0 | P31: =VLOOKUP(1,Aleatorios!$A$17:$I$20,5,0) -> 1 | Q31: =VLOOKUP(1,Aleatorios!$A$17:$I$20,5,0) -> 1
A32: Biología | B32: 30 | G32: =VLOOKUP(1,Aleatorios!$A$25:$E$29,4,0) -> 0 | H32: =VLOOKUP(1,Aleatorios!$A$25:$E$29,5,0) -> 1 | I32: =VLOOKUP(1,Aleatorios!$A$25:$E$29,5,0) -> 1 | J32: =VLOOKUP(1,Aleatorios!$A$25:$E$29,4,0) -> 0
A33: Ciencia militar | B33: 31 | D33: =VLOOKUP(3,Aleatorios!A10:D12,4,0) -> 0 | E33: =VLOOKUP(6,Aleatorios!A44:D50,4,0) -> 0 | F33: =VLOOKUP(6,Aleatorios!A44:E50,5,0) -> 0 | G33: =VLOOKUP(3,Aleatorios!$A$25:$E$29,4,0) -> 0 | H33: =VLOOKUP(3,Aleatorios!$A$25:$E$29,5,0) -> 0 | I33: =VLOOKUP(3,Aleatorios!$A$25:$E$29,5,0) -> 0 | J33: =VLOOKUP(3,Aleatorios!$A$25:$E$29,4,0) -> 0 | K33: 1 | L33: 2 | M33: 1 | N33: 2 | O33: 1 | P33: 2 | Q33: 2 | R33: 1 | S33: 2 | T33: 1 | U33: 2 | V33: 1 | W33: 2 | X33: 1 | Y33: 2
A34: Ciencias Ocultas | B34: 32 | V34: =VLOOKUP(6,'Aleatorios NoAcumulativos'!$A$55:$J$62,5,0) -> 0 | W34: =VLOOKUP(6,'Aleatorios NoAcumulativos'!$A$55:$J$62,5,0) -> 0
A35: Contabilidad | B35: 33
A36: Criminología | B36: 34
A37: Derecho | B37: 35 | X37: =VLOOKUP(3,'Aleatorios NoAcumulativos'!$A$25:$G$29,4,0) -> 1
A38: Historia | B38: 36 | E38: =VLOOKUP(3,Aleatorios!A44:D50,4,0) -> 0 | F38: =VLOOKUP(3,Aleatorios!A44:E50,5,0) -> 0 | V38: 1 | W38: 1
A39: Lengua Extranjera | B39: 37 | D39: =VLOOKUP(1,Aleatorios!A10:D12,4,0) -> 1 | E39: =2+VLOOKUP(2,Aleatorios!A44:D50,4,0) -> 2 | F39: =2+VLOOKUP(2,Aleatorios!A44:E50,5,0) -> 3 | K39: =VLOOKUP(3,Aleatorios!$A$17:$I$20,4,0) -> 1 | L39: =VLOOKUP(3,Aleatorios!$A$17:$I$20,5,0) -> 1 | M39: =VLOOKUP(3,Aleatorios!$A$17:$I$20,4,0) -> 1 | N39: =VLOOKUP(3,Aleatorios!$A$17:$I$20,5,0) -> 1 | Q39: =VLOOKUP(3,Aleatorios!$A$17:$I$20,5,0) -> 1 | R39: =VLOOKUP(4,'Aleatorios NoAcumulativos'!$A$34:$H$39,5,0) -> 0 | S39: =CHOOSE(S71,2*R39,VLOOKUP(4,'Aleatorios NoAcumulativos'!$A$34:$H$39,7,0)) -> 0 | T39: =VLOOKUP(4,'Aleatorios NoAcumulativos'!$A$34:$H$39,5,0) -> 0 | U39: =CHOOSE(U71,2*T39,VLOOKUP(4,'Aleatorios NoAcumulativos'!$A$34:$H$39,7,0)) -> 1 | V39: =VLOOKUP(2,'Aleatorios NoAcumulativos'!$A$55:$J$62,5,0)+2+VLOOKUP(4,'Aleatorios NoAcumulativos'!$A$34:$H$39,5,0) -> 2 | W39: =VLOOKUP(2,'Aleatorios NoAcumulativos'!$A$55:$J$62,5,0)+2+CHOOSE(W71,2*(V39-2-VLOOKUP(2,'Aleatorios NoAcumulativos'!$A$55:$J$62,5,0)),VLOOKUP(4,'Aleatorios NoAcumulativos'!$A$34:$H$39,7,0)) -> 2 | X39: =VLOOKUP(4,'Aleatorios NoAcumulativos'!$A$34:$H$39,5,0) -> 0 | Y39: =1+VLOOKUP(5,'Aleatorios NoAcumulativos'!$A$81:$L$90,6,0) -> 1
A40: Lo antinatural | B40: 38
A41: Medicina | B41: 39 | G41: 1 | H41: 2 | I41: 3 | J41: =1+VLOOKUP(1,Aleatorios!$A$4:$I$5,4,0) -> 2
A42: Adulación | B42: 40
A43: Agencia | B43: 41 | I43: 1 | J43: 1 | Y43: 1
A44: Bajos fondos | B44: 42 | O44: =VLOOKUP(3,Aleatorios!$A$17:$I$20,4,0) -> 1 | P44: =VLOOKUP(3,Aleatorios!$A$17:$I$20,5,0) -> 1 | X44: 1
A45: Confortar | B45: 43 | E45: 1 | F45: 2 | G45: =VLOOKUP(5,Aleatorios!$A$25:$E$29,4,0) -> 1 | H45: =VLOOKUP(5,Aleatorios!$A$25:$E$29,5,0) -> 0 | I45: =VLOOKUP(5,Aleatorios!$A$25:$E$29,5,0) -> 0 | J45: =VLOOKUP(5,Aleatorios!$A$25:$E$29,4,0) -> 1
A46: Espionaje | B46: 44
A47: HUMINT | B47: 45 | G47: =VLOOKUP(2,Aleatorios!$A$25:$E$29,4,0) -> 0 | H47: =VLOOKUP(2,Aleatorios!$A$25:$E$29,5,0) -> 1 | I47: =VLOOKUP(2,Aleatorios!$A$25:$E$29,5,0) -> 1 | J47: =1+VLOOKUP(2,Aleatorios!$A$25:$E$29,4,0) -> 1 | V47: =VLOOKUP(4,'Aleatorios NoAcumulativos'!$A$55:$J$62,5,0) -> 0 | W47: =1+VLOOKUP(4,'Aleatorios NoAcumulativos'!$A$55:$J$62,5,0) -> 1 | X47: 1
A48: Inspiración | B48: 46 | D48: =VLOOKUP(2,Aleatorios!A10:D12,4,0) -> 0 | E48: =1+VLOOKUP(4,Aleatorios!A44:D50,4,0) -> 2 | F48: =2+VLOOKUP(4,Aleatorios!A44:E50,5,0) -> 3 | J48: 1 | K48: =VLOOKUP(2,Aleatorios!$A$17:$I$20,4,0) -> 0 | L48: =VLOOKUP(2,Aleatorios!$A$17:$I$20,5,0) -> 0 | M48: =VLOOKUP(2,Aleatorios!$A$17:$I$20,4,0) -> 0 | N48: =VLOOKUP(2,Aleatorios!$A$17:$I$20,5,0) -> 0 | O48: =VLOOKUP(2,Aleatorios!$A$17:$I$20,4,0) -> 0 | P48: =VLOOKUP(2,Aleatorios!$A$17:$I$20,5,0) -> 0 | Q48: =VLOOKUP(2,Aleatorios!$A$17:$I$20,5,0) -> 0 | R48: =VLOOKUP(2,'Aleatorios NoAcumulativos'!$A$34:$H$39,5,0) -> 0 | S48: =CHOOSE(S71,2*R48,VLOOKUP(2,'Aleatorios NoAcumulativos'!$A$34:$H$39,7,0)) -> 0 | T48: =VLOOKUP(2,'Aleatorios NoAcumulativos'!$A$34:$H$39,5,0) -> 0 | U48: =CHOOSE(U71,2*T48,VLOOKUP(2,'Aleatorios NoAcumulativos'!$A$34:$H$39,7,0)) -> 1 | V48: =VLOOKUP(2,'Aleatorios NoAcumulativos'!$A$34:$H$39,5,0) -> 0 | W48: =CHOOSE(W71,2*V48,VLOOKUP(2,'Aleatorios NoAcumulativos'!$A$34:$H$39,7,0)) -> 0 | X48: =VLOOKUP(2,'Aleatorios NoAcumulativos'!$A$34:$H$39,5,0) -> 0 | Y48: =VLOOKUP(2,'Aleatorios NoAcumulativos'!$A$81:$L$90,6,0) -> 0
A49: Interrogatorio | B49: 47 | E49: =VLOOKUP(5,Aleatorios!A44:D50,4,0) -> 0 | F49: =VLOOKUP(5,Aleatorios!A44:E50,5,0) -> 0 | J49: 1 | V49: =VLOOKUP(5,'Aleatorios NoAcumulativos'!$A$55:$J$62,5,0) -> 1 | W49: =VLOOKUP(5,'Aleatorios NoAcumulativos'!$A$55:$J$62,5,0) -> 1 | X49: =VLOOKUP(2,'Aleatorios NoAcumulativos'!$A$25:$G$29,4,0) -> 0 | Y49: =VLOOKUP(3,'Aleatorios NoAcumulativos'!$A$81:$L$90,6,0) -> 0
A50: Intimidación | B50: 48 | R50: =VLOOKUP(3,'Aleatorios NoAcumulativos'!$A$34:$H$39,5,0) -> 1 | S50: =CHOOSE(S71,2*R50,VLOOKUP(3,'Aleatorios NoAcumulativos'!$A$34:$H$39,7,0)) -> 2 | T50: =VLOOKUP(3,'Aleatorios NoAcumulativos'!$A$34:$H$39,5,0) -> 1 | U50: =CHOOSE(U71,2*T50,VLOOKUP(3,'Aleatorios NoAcumulativos'!$A$34:$H$39,7,0)) -> 1 | V50: =VLOOKUP(3,'Aleatorios NoAcumulativos'!$A$34:$H$39,5,0) -> 1 | W50: =CHOOSE(W71,2*V50,VLOOKUP(3,'Aleatorios NoAcumulativos'!$A$34:$H$39,7,0)) -> 2 | X50: =VLOOKUP(3,'Aleatorios NoAcumulativos'!$A$34:$H$39,5,0) -> 1 | Y50: =VLOOKUP(4,'Aleatorios NoAcumulativos'!$A$81:$L$90,6,0) -> 0
A51: Jerga policial | B51: 49
A52: Negociar | B52: 50 | Y52: =VLOOKUP(6,'Aleatorios NoAcumulativos'!$A$81:$L$90,6,0) -> 0
A53: Análisis de tráfico | B53: 51 | V53: =VLOOKUP(8,'Aleatorios NoAcumulativos'!$A$55:$J$62,5,0) -> 1 | W53: =VLOOKUP(8,'Aleatorios NoAcumulativos'!$A$55:$J$62,5,0) -> 1 | X53: 1
A54: Arquitectura | B54: 52 | X54: 1
A55: Arte | B55: 53 | V55: =VLOOKUP(1,'Aleatorios NoAcumulativos'!$A$55:$J$62,5,0) -> 0 | W55: =VLOOKUP(1,'Aleatorios NoAcumulativos'!$A$55:$J$62,5,0) -> 0
A56: Ciencia alternativa | B56: 54 | V56: =VLOOKUP(3,'Aleatorios NoAcumulativos'!$A$55:$J$62,5,0) -> 0 | W56: =VLOOKUP(3,'Aleatorios NoAcumulativos'!$A$55:$J$62,5,0) -> 0
A57: Criptografía | B57: 55 | Q57: 1
A58: Farmacología | B58: 56 | G58: 1 | H58: 2 | I58: 2 | J58: =1+VLOOKUP(2,Aleatorios!$A$4:$I$5,4,0) -> 1
A59: Física | B59: 57
A60: Fotografía | B60: 58 | X60: =VLOOKUP(4,'Aleatorios NoAcumulativos'!$A$25:$G$29,4,0) -> 0 | Y60: =VLOOKUP(8,'Aleatorios NoAcumulativos'!$A$81:$L$90,6,0) -> 1
A61: Medicina forense | B61: 59 | G61: 1 | H61: 2 | I61: 2 | J61: 1
A62: Observación | B62: 60 | G62: =VLOOKUP(4,Aleatorios!$A$25:$E$29,4,0) -> 0 | H62: =VLOOKUP(4,Aleatorios!$A$25:$E$29,5,0) -> 0 | I62: =VLOOKUP(4,Aleatorios!$A$25:$E$29,5,0) -> 0 | J62: =VLOOKUP(4,Aleatorios!$A$25:$E$29,4,0) -> 0 | R62: =VLOOKUP(5,'Aleatorios NoAcumulativos'!$A$34:$H$39,5,0) -> 0 | S62: =CHOOSE(S71,2*R62,VLOOKUP(5,'Aleatorios NoAcumulativos'!$A$34:$H$39,7,0)) -> 0 | T62: =VLOOKUP(5,'Aleatorios NoAcumulativos'!$A$34:$H$39,5,0) -> 0 | U62: =CHOOSE(U71,2*T62,VLOOKUP(5,'Aleatorios NoAcumulativos'!$A$34:$H$39,7,0)) -> 0 | V62: =VLOOKUP(5,'Aleatorios NoAcumulativos'!$A$34:$H$39,5,0) -> 0 | W62: =CHOOSE(W71,2*V62,VLOOKUP(5,'Aleatorios NoAcumulativos'!$A$34:$H$39,7,0)) -> 0 | X62: =1+VLOOKUP(5,'Aleatorios NoAcumulativos'!$A$34:$H$39,5,0) -> 1 | Y62: =VLOOKUP(7,'Aleatorios NoAcumulativos'!$A$81:$L$90,6,0) -> 1
A63: Química | B63: 61
A64: Recuperación de datos | B64: 62 | Q64: 1
A65: SIGINT | B65: 63 | K65: =VLOOKUP(4,Aleatorios!$A$17:$I$20,4,0) -> 0 | L65: =VLOOKUP(4,Aleatorios!$A$17:$I$20,5,0) -> 0 | M65: =VLOOKUP(4,Aleatorios!$A$17:$I$20,4,0) -> 0 | N65: =VLOOKUP(4,Aleatorios!$A$17:$I$20,5,0) -> 0 | O65: =VLOOKUP(4,Aleatorios!$A$17:$I$20,4,0) -> 0 | P65: =VLOOKUP(4,Aleatorios!$A$17:$I$20,5,0) -> 0 | Q65: =2+VLOOKUP(4,Aleatorios!$A$17:$I$20,5,0) -> 2 | R65: =VLOOKUP(6,'Aleatorios NoAcumulativos'!$A$34:$H$39,5,0) -> 0 | S65: =CHOOSE(S71,2*R65,VLOOKUP(6,'Aleatorios NoAcumulativos'!$A$34:$H$39,7,0)) -> 0 | T65: =VLOOKUP(6,'Aleatorios NoAcumulativos'!$A$34:$H$39,5,0) -> 0 | U65: =CHOOSE(U71,2*T65,VLOOKUP(6,'Aleatorios NoAcumulativos'!$A$34:$H$39,7,0)) -> 0 | V65: =VLOOKUP(7,'Aleatorios NoAcumulativos'!$A$55:$J$62,5,0)+VLOOKUP(6,'Aleatorios NoAcumulativos'!$A$34:$H$39,5,0) -> 0 | W65: =VLOOKUP(7,'Aleatorios NoAcumulativos'!$A$55:$J$62,5,0)+CHOOSE(W71,2*(V65-VLOOKUP(7,'Aleatorios NoAcumulativos'!$A$55:$J$62,5,0)),VLOOKUP(6,'Aleatorios NoAcumulativos'!$A$34:$H$39,7,0)) -> 0 | X65: =VLOOKUP(6,'Aleatorios NoAcumulativos'!$A$34:$H$39,5,0)+VLOOKUP(5,'Aleatorios NoAcumulativos'!$A$25:$G$29,4,0) -> 0 | Y65: =VLOOKUP(9,'Aleatorios NoAcumulativos'!$A$81:$L$90,6,0) -> 0
A66: Supervivencia | B66: 64 | D66: 1 | E66: =VLOOKUP(7,Aleatorios!A44:D50,4,0) -> 0 | F66: =VLOOKUP(7,Aleatorios!A44:E50,5,0) -> 0 | G66: 1 | H66: 2 | I66: 2 | J66: 1 | K66: 1 | L66: 2 | M66: 1 | N66: 2 | O66: 1 | P66: 2 | Q66: 2 | R66: 1 | S66: 2 | T66: 1 | U66: 2 | V66: 1 | W66: 2 | X66: 1 | Y66: =2+VLOOKUP(10,'Aleatorios NoAcumulativos'!$A$81:$L$90,6,0) -> 3
B67: 65
A68: Total Investigación | B68: 66 | D68: =SUM(D29:D66) -> 2 | E68: =SUM(E29:E66) -> 6 | F68: =SUM(F29:F66) -> 10 | G68: =SUM(G29:G66) -> 5 | H68: =SUM(H29:H66) -> 10 | I68: =SUM(I29:I66) -> 12 | J68: =SUM(J29:J66) -> 10 | K68: =SUM(K29:K66) -> 3 | ... Y68: =SUM(Y29:Y66) -> 9
S70: =RANDBETWEEN(1,2) -> 2 | U70: =RANDBETWEEN(1,2) -> 1 | W70: =RANDBETWEEN(1,2) -> 1
S71: =RANDBETWEEN(1,2) -> 1 | U71: =RANDBETWEEN(1,2) -> 2 | W71: =RANDBETWEEN(1,2) -> 1

Sheet Departamentos
D1: EEUU | E1: EEUU | F1: EEUU | G1: EEUU | H1: EEUU | I1: MUNDO | J1: MUNDO | K1: EEUU | L1: MUNDO | M1: MUNDO | N1: MUNDO | O1: MUNDO | P1: MUNDO | Q1: EEUU | R1: EEUU | S1: MUNDO | T1: MUNDO | U1: MUNDO | V1: MUNDO | W1: MUNDO | X1: MUNDO | Y1: MUNDO | Z1: MUNDO | AA1: EEUU | AB1: EEUU | AC1: EEUU | AD1: EEUU | AE1: EEUU | AF1: EEUU | AG1: MUNDO | AH1: EEUU | AI1: EEUU | AJ1: EEUU | AK1: EEUU | AL1: EEUU | AM1: EEUU | AN1: EEUU | AO1: EEUU | AP1: EEUU | AQ1: EEUU | AR1: MUNDO | AS1: EEUU | AT1: MUNDO | AU1: MUNDO | AV1: MUNDO | AW1: MUNDO | AX1: MUNDO | AY1: MUNDO | AZ1: MUNDO | BA1: MUNDO | BB1: MUNDO | BC1: MUNDO | BD1: MUNDO | BE1: MUNDO | BF1: MUNDO | BG1: MUNDO | BH1: MUNDO | BI1: MUNDO | BJ1: MUNDO
D2: Agencia de proyectos de investigación avanzada (ARPA) | E2: Oficina de Investigaciones Especiales de la Fuerza Aérea (AFOSI) | F2: Oficina de Investigaciones Especiales de la Fuerza Aérea (AFOSI) | G2: Comisión dela Energía Atómica (AEC) | H2: Agencia Central de Inteligencia (CIA) | I2: Agencia Central de Inteligencia (CIA) | J2: Agencia Central de Inteligencia (CIA) | K2: Agencia Central de Inteligencia (CIA) | L2: Agencia Central de Inteligencia (CIA) | M2: Agencia Central de Inteligencia (CIA) | N2: Agencia Central de Inteligencia (CIA) | O2: Agencia Central de Inteligencia (CIA) | P2: Agencia Central de Inteligencia (CIA) | Q2: Centro de Enfermedades Contagiosas (CDC) | R2: Agenciade Inteligencia de Defensa (DIA) | S2: Agenciade Inteligencia de Defensa (DIA) | T2: Agenciade Inteligencia de Defensa (DIA) | U2: Agenciade Inteligencia de Defensa (DIA) | V2: Agenciade Inteligencia de Defensa (DIA) | W2: Agenciade Inteligencia de Defensa (DIA) | X2: Agenciade Inteligencia de Defensa (DIA) | Y2: Agenciade Inteligencia de Defensa (DIA) | Z2: Agenciade Inteligencia de Defensa (DIA) | AA2: División de Investigación de Defensa (DRD), Biblioteca del Congreso (LoC) | AB2: Oficina Federal de Investigación (FBI) | AC2: Oficina Federal de Investigación (FBI) | AD2: Oficina Federal de Investigación (FBI) | AE2: Oficina Federal de Investigación (FBI) | AF2: Oficina Federal de Investigación (FBI) | AG2: Oficina Federal de Narcóticos (FBN) | AH2: Administración Nacional del Aire y del Espacio (NASA) | AI2: Oficina Nacional de Reconocimiento (NRO) | AJ2: Agencia de Seguridad Nacional (NSA) | AK2: Agencia de Seguridad Nacional (NSA) | AL2: Oficina de Inteligencia Naval (ONI) | AM2: Oficina de Inteligencia Naval (ONI) | AN2: Oficina de Inteligencia Naval (ONI) | AO2: Oficina de Inteligencia Naval (ONI) | AP2: Departamento de Estado | AQ2: Departamento de Estado | AR2: Departamento de Estado | AS2: Servicio de Marshals de los Estados Unidos | AT2: No Gubernamental | AU2: No Gubernamental | AV2: No Gubernamental | AW2: No Gubernamental | AX2: No Gubernamental | AY2: No Gubernamental | AZ2: No Gubernamental | BA2: No Gubernamental | BB2: No Gubernamental | BC2: No Gubernamental | BD2: No Gubernamental | BE2: No Gubernamental | BF2: No Gubernamental | BG2: No Gubernamental | BH2: No Gubernamental | BI2: No Gubernamental | BJ2: No Gubernamental
C3: Sin Servicio | D3: Investigador ARPA | E3: Investigador AFOSI | F3: Investigador AFOSI | G3: Investigador AEC | H3: Dirección de Inteligencia analítica (CIA) | I3: Supervisor de dirección de planes (CIA) | J3: Operativo de dirección de planes (CIA) | K3: Especialista en la oficina de investigación y desarrollo (ORD) (CIA) | L3: Oficial de la división de acción política (PAD) (CIA) | M3: Agente dela división de operaciones especiales (SOD) (CIA) | N3: Agente dela división de operaciones especiales (SOD) (CIA) | O3: Especialista en allanamiento clandestino (CIA) | P3: Diseñador de la división de Servicios Técnicos (TSD) (CIA) | Q3: Investigador del CDC | R3: Analista de la DIA | S3: Agregado militar (DIA) | T3: Agregado militar (DIA) | U3: Agregado militar (DIA) | V3: Agregado militar (DIA) | W3: Agregado militar (DIA) | X3: Agregado militar (DIA) | Y3: Agregado militar (DIA) | Z3: Agregado militar (DIA) | AA3: Investigador del DRD en la LoC | AB3: Investigador de laboratorio del FBI | AC3: Agente especial del FBI | AD3: Agente encubierto del FBI | AE3: División de Inteligencia Nacional (operaciones encubiertas) (FBI) | AF3: División de Seguridad Nacional | AG3: Agente de la FBN | AH3: Ingeniero de la NASA | AI3: Ingeniero de sistemas NRO | AJ3: Analista de la NSA | AK3: Especialista de seguridad de la NSA | AL3: Analista de la ONI | AM3: Analista de la ONI | AN3: Supervisor del TF157 (ONI) | AO3: Supervisor del TF157 (ONI) | AP3: Funcionario del Ministerio de Exteriores (Departamento de Estado) | AQ3: Analista del INR (Departamento de Estado) | AR3: Agente especial de la SY (Departamento de Estado) | AS3: Marshal de los EEUU | AT3: Activista | AU3: Arqueólogo | AV3: Ingeniero | AW3: Técnico | AX3: Gánster | AY3: Médico | AZ3: Psiquiatra | BA3: Piloto | BB3: Académico Químico | BC3: Académico Biólogo | BD3: Académico Físico | BE3: Académico Arquitecto | BF3: Académico Historiador | BG3: Académico Arte | BH3: Académico Matemático | BI3: Académico Economista | BJ3: Guerrero Tribal
